Workbook
Name ContraPart1: #REF!-SUMIF(#REF!,,#REF!)
Name ContraPart1: QCI!$M$53-SUMIF(QCI!$G$13:$G$52,,QCI!$M$13:$M$52)
Name ContraPart1: #REF!-SUMIF(#REF!,,#REF!)
Name ContraPart2: MAX(QCI!$L$6-SUM(QCI!$J$13:$L$52),0)
Name ContraPart2: MAX(#REF!-SUM(#REF!),0)
Name Contrapartida: IF(SUM(QCI!$I1:$L1)=0,"",SUM(QCI!$I1:$L1)*(Cronograma!B1/100))
Name CPAutomatica: IF(QCI!$M1="","",IF(AND(QCI!$J1="",QCI!$K1="",QCI!$L1="",QCI!ContraPart1<=0),"",IF(AND(QCI!$J1="",QCI!$K1="",QCI!$L1=""),QCI!$M1/QCI!ContraPart1*QCI!ContraPart2,"")))
Name CPAuxiliar: IF(QCI!$M$53<QCI!$M$4+QCI!$M$6,QCI!$M$53*(((QCI!$M$6*100)/(QCI!$M$4+QCI!$M$6))/100),QCI!$M$53-QCI!$M$4)
Name Incidencia: IF(QCI!$M1=0,0,QCI!$M1*100/QCI!$M$53)
Name matriz: #REF!
Name matriz: #REF!
Name matriz2: #REF!
Name matriz2: #REF!
Name Parcial0: OFFSET([0]!ValorTotal0,1,0,MATCH(VLOOKUP("Macroitem",[0]!TabAux,1,FALSE),[0]!TabAux,0)-1,1)
Name Parcial0: OFFSET([0]!ValorTotal0,1,0,MATCH(VLOOKUP("Macroitem",[0]!TabAux,1,FALSE),[0]!TabAux,0)-1,1)
Name Parcial1: OFFSET([0]!ValorTotal1,1,0,MATCH(VLOOKUP("Macroitem",[0]!TabAux,1,FALSE),[0]!TabAux,0)-1,1)
Name Parcial1: OFFSET([0]!ValorTotal1,1,0,MATCH(VLOOKUP("Macroitem",[0]!TabAux,1,FALSE),[0]!TabAux,0)-1,1)
Name Parcial2: OFFSET([0]!ValorTotal2,1,0,MATCH(VLOOKUP("Macroitem",[0]!TabAux,1,FALSE),[0]!TabAux,0)-1,1)
Name Parcial2: OFFSET([0]!ValorTotal2,1,0,MATCH(VLOOKUP("Macroitem",[0]!TabAux,1,FALSE),[0]!TabAux,0)-1,1)
Name ParcialAc: OFFSET([0]!ValorTotalAc,1,0,MATCH(VLOOKUP("Macroitem",[0]!TabAux,1,FALSE),[0]!TabAux,0)-1,1)
Name ParcialAc: OFFSET([0]!ValorTotalAc,1,0,MATCH(VLOOKUP("Macroitem",[0]!TabAux,1,FALSE),[0]!TabAux,0)-1,1)
Name ParcialPer: OFFSET([0]!ValorTotalPer,1,0,MATCH(VLOOKUP("Macroitem",[0]!TabAux,1,FALSE),[0]!TabAux,0)-1,1)
Name ParcialPer: OFFSET([0]!ValorTotalPer,1,0,MATCH(VLOOKUP("Macroitem",[0]!TabAux,1,FALSE),[0]!TabAux,0)-1,1)
Name Quantidade1V: IF([0]!ValorQuantidade1="",[0]!ValorQuantidade0,[0]!ValorQuantidade1)
Name Quantidade2V: IF([0]!ValorQuantidade2<>"",[0]!ValorQuantidade2,ORÇAMENTO!Quantidade1V)
Name Quantidade2V: IF([0]!ValorQuantidade2<>"",[0]!ValorQuantidade2,ORÇAMENTO!Quantidade1V)
Name Repasse: IF(ValorRepasse=0,"",ValorRepasse*(Cronograma!C1/100))
Name RepasseQCI: QCI!ValorTotal-SUM(QCI!$I1:$L1)
Name TabCPFin: #REF!
Name TabCPFin: QCI!$I$13:$J$52
Name TabCPFin: #REF!
Name TabCronograma: Cronograma!$A$1:$IV$65536
Name TabMedicao: QCI!$O$1:$GL$65536
Name TESTE: #REF!*#REF!
Name TESTE: #REF!*#REF!
Name TotalCPFin: SUM(IF(ISNUMBER(QCI!TabCPFin),QCI!TabCPFin))
Name Unitario1V: IF([0]!ValorUnitario1="",[0]!ValorUnitario0,[0]!ValorUnitario1)
Name Unitario1V: IF([0]!ValorUnitario1="",[0]!ValorUnitario0,[0]!ValorUnitario1)
Name ValorCPFinanceira: INDEX(QCI!$H$1:$H$65536,ROW())
Name ValorCPFisica: INDEX(QCI!$K$1:$K$65536,ROW())
Name ValorCPOutra: INDEX(QCI!$L$1:$L$65536,ROW())
Name ValorRepasse: INDEX(#REF!,ROW())
Name ValorRepasse: INDEX(QCI!$F$1:$F$65536,ROW())
Name ValorRepasse: INDEX(QCI!$F$1:$F$65536,ROW())
Name ValorTotal: INDEX(QCI!$M$1:$M$65536,ROW())

Sheet ORÇAMENTO
A2: CONTRATANTE: | C2: PREFEITURA MUNICIPAL DE ARARANGUA | E2: CONVÊNIO:
A3: OBJETO: | C3: PAVIMENTAÇÃO COM CBUQ RUAS DO BAIRRO JARDIM DAS AVENIDAS - BRDE | E3: TOMADOR: | F3: PREFEITURA MUNICIPAL DE ARARANGUA
A4: LOCAL: | C4: RUA PALMAS TRECHO II | E4: PROGRAMA: | F4: AVANÇAR CIDADES
A5: DATA BASE: | C5: JANEIRO DE 2019 (Obs. Utilizado SICRO JULHO/2018 Onerado, por ausência de mais recentes, e dispensado atualização de custos para a data base considerada) | E5: BANCO: | F5: BRDE
A6: BDI: | C6: INDICADO ABAIXO
A7: LEIS SOCIAIS: | C7: OS MESMOS DO SINAPI NÃO DESONERADO
D9: ORÇAMENTO ANALÍTICO | U9: REDUTOR SINAPI | V9: REDUTOR
U10: =[1]Plan1!$H$7 -> 0.8 | V10: 1
A12: MACRO ITEM | B12: SUB ITEM | C12: DISCRIMINAÇÃO DOS SERVIÇOS | G12: PREVISTO - ORÇADO | J12: REFERÊNCIA | K12: OBSERVAÇÕES
D13: UNID | E13: QTIDADE | F13: UNITÁRIO SEM BDI | G13: BDI | H13: UNITÁRIO COM BDI | I13: PREÇO TOTAL | M13: PALMAS TRECHO II | S13: TOTAL | U13: Limite SINAPI 03/2018 Onerado SC | X13: Limite SINAPI 11/2018 Onerado SC | Y13: Limite SINAPI 01/2019 Onerado SC
B15: 1 | C15: DRENAGEM PLUVIAL | I15: =SUM(I16:I35) -> 58792.699
B16: 1.1 | C16: ESCAVAÇÃO MECANIZADA DE VALA, EM SOLO DE 1A CATEGORIA, LOCAIS COM BAIXO NÍVEL DE iNTERFERÊNCIA. | D16: M3 | E16: =S16 -> 545.84 | F16: =U16*$U$10 -> 4.456 | G16: 20 | H16: =ROUND($F16*(1+$G16/100),2) -> 5.35 | I16: =$E16*$H16 -> 2920.244 | J16: 90106 | K16: Conf. Memória de Cálculo | M16: =[2]DRENAGEM!$H$19 -> 545.84 | S16: =SUM(M16:R16) -> 545.84 | U16: =[3]ORÇAMENTO!$U$16:$U$61 -> 5.57 | W16: =E16*U16*1.2 -> 3648.3946 | X16: 5.75
B17: 1.2 | C17: REATERRO MECANIZADO DE VALA COM RETROESCAVADEIRA COM SOLO (SEM SUBSTITUIÇÃO) DE 1ª CATEGORIA EM LOCAIS COM BAIXO NÍVEL DE INTERFERÊNCIA. AF_04/2016 | D17: M3 | E17: =S17 -> 443.23927 | F17: =U17*$U$10 -> 10.44 | G17: 20 | H17: =ROUND($F17*(1+$G17/100),2) -> 12.53 | I17: =$E17*$H17 -> 5553.788 | J17: 93379 | K17: Conf. Memória de Cálculo | M17: =[2]DRENAGEM!$I$19 -> 443.23927 | S17: =SUM(M17:R17) -> 443.23927 | U17: =[3]ORÇAMENTO!$U$16:$U$61 -> 13.05 | W17: =E17*U17*1.2 -> 6941.1269 | X17: 14.17
B18: 1.3 | C18: FORNECIMENTO E ASSENTAMENTO DE BRITA 3/4 DRENOS E FILTROS - ESPESSURA DE 10 CM | D18: M3 | E18: =S18 -> 15.1 | F18: =U18*$U$10 -> 63.328 | G18: 20 | H18: =ROUND($F18*(1+$G18/100),2) -> 75.99 | I18: =$E18*$H18 -> 1147.449 | J18: 88549 | K18: Conf. Memória de Cálculo | M18: =SUM(M20:M24)*0.1*0.5 -> 15.1 | S18: =SUM(M18:R18) -> 15.1 | U18: =[3]ORÇAMENTO!$U$16:$U$61 -> 79.16 | W18: =E18*U18*1.2 -> 1434.3792 | X18: 82.14
B19: 1.4 | C19: ASSENTAMENTO DE TUBO DE CONCRETO PARA REDES COLETORAS DE ÁGUAS PLUVIAIS, DIÂMETRO DE 300 MM, JUNTA RÍGIDA, INSTALADO EM LOCAL COM BAIXO NÍVEL DE INTERFERÊNCIAS (NÃO INCLUI FORNECIMENTO). AF_12/2015 COM BIDIM | D19: M | E19: =S19 -> 100 | F19: =U19*$U$10 -> 25 | G19: 20 | H19: =ROUND($F19*(1+$G19/100),2) -> 30 | I19: =$E19*$H19 -> 3000 | J19: 92808 | K19: Conf. Memória de Cálculo | M19: =[2]DRENAGEM!$E$10 -> 100 | S19: =SUM(M19:R19) -> 100 | U19: =[3]ORÇAMENTO!$U$16:$U$61 -> 31.25 | W19: =E19*U19*1.2 -> 3750 | X19: 30.02
B20: 1.5 | C20: ASSENTAMENTO DE TUBO DE CONCRETO PARA REDES COLETORAS DE ÁGUAS PLUVIAIS, DIÂMETRO DE 400 MM, JUNTA RÍGIDA, INSTALADO EM LOCAL COM BAIXO NÍVEL DE INTERFERÊNCIAS (NÃO INCLUI FORNECIMENTO). AF_12/2015 | D20: M | E20: =S20 -> 302 | F20: =U20*$U$10 -> 32.024 | G20: 20 | H20: =ROUND($F20*(1+$G20/100),2) -> 38.43 | I20: =$E20*$H20 -> 11605.86 | J20: 92809 | K20: Conf. Memória de Cálculo | M20: =[2]DRENAGEM!$E$11 -> 302 | S20: =SUM(M20:R20) -> 302 | U20: =[3]ORÇAMENTO!$U$16:$U$61 -> 40.03 | W20: =E20*U20*1.2 -> 14506.872 | X20: 38.47
B21: 1.6 | C21: ASSENTAMENTO DE TUBO DE CONCRETO PARA REDES COLETORAS DE ÁGUAS PLUVIAIS, DIÂMETRO DE 500 MM, JUNTA RÍGIDA, INSTALADO EM LOCAL COM BAIXO NÍVEL DE INTERFERÊNCIAS (NÃO INCLUI FORNECIMENTO). AF_12/2015 COM BIDIM | D21: M | E21: =S21 -> 0 | F21: =U21*$U$10 -> 38.96 | G21: 20 | H21: =F21+F21*G21/100 -> 46.752 | I21: =$E21*$H21 -> 0 | J21: 92810 | K21: Conf. Memória de Cálculo | M21: =[2]DRENAGEM!$E$12 -> 0 | S21: =SUM(M21:R21) -> 0 | U21: =[3]ORÇAMENTO!$U$16:$U$61 -> 48.7 | W21: =E21*U21*1.2 -> 0 | X21: 46.8
B22: 1.7 | C22: ASSENTAMENTO DE TUBO DE CONCRETO PARA REDES COLETORAS DE ÁGUAS PLUVIAIS, DIÂMETRO DE 600 MM, JUNTA RÍGIDA, INSTALADO EM LOCAL COM BAIXO NÍVEL DE INTERFERÊNCIAS (NÃO INCLUI FORNECIMENTO). AF_12/2015 | D22: M | E22: =S22 -> 0 | F22: =U22*$U$10 -> 46.296 | G22: 20 | H22: =ROUND($F22*(1+$G22/100),2) -> 55.56 | I22: =$E22*$H22 -> 0 | J22: 92811 | K22: Conf. Memória de Cálculo | M22: =[2]DRENAGEM!$E$13 -> 0 | U22: =[3]ORÇAMENTO!$U$16:$U$61 -> 57.87 | W22: =E22*U22*1.2 -> 0 | X22: 55.67
B23: 1.8 | C23: ASSENTAMENTO DE TUBO DE CONCRETO PARA REDES COLETORAS DE ÁGUAS PLUVIAIS, DIÂMETRO DE 800 MM, JUNTA RÍGIDA, INSTALADO EM LOCAL COM BAIXO NÍVEL DE INTERFERÊNCIAS (NÃO INCLUI FORNECIMENTO). AF_12/2015 COM BIDIM | D23: M | E23: =S23 -> 0 | F23: =U23*$U$10 -> 61.888 | G23: 20 | H23: =ROUND($F23*(1+$G23/100),2) -> 74.27 | I23: =$E23*$H23 -> 0 | J23: 92813 | K23: Conf. Memória de Cálculo | M23: =[2]DRENAGEM!$E$14 -> 0 | U23: =[3]ORÇAMENTO!$U$16:$U$61 -> 77.36 | W23: =E23*U23*1.2 -> 0 | X23: 74.54
B24: 1.9 | C24: ASSENTAMENTO DE TUBO DE CONCRETO PARA REDES COLETORAS DE ÁGUAS PLUVIAIS, DIÂMETRO DE 1000 MM, JUNTA RÍGIDA, INSTALADO EM LOCAL COM BAIXO NÍVEL DE INTERFERÊNCIAS (NÃO INCLUI FORNECIMENTO). AF_12/2016 | D24: M | E24: =S24 -> 0 | F24: =U24*$U$10 -> 80.352 | G24: 20 | H24: =ROUND($F24*(1+$G24/100),2) -> 96.42 | I24: =$E24*$H24 -> 0 | J24: 92815 | K24: Conf. Memória de Cálculo | M24: =[2]DRENAGEM!$E$15 -> 0 | U24: =[3]ORÇAMENTO!$U$16:$U$61 -> 100.44 | X24: 97.12
B25: 1.10 | C25: TUBO DE CONCRETO SIMPLES, CLASSE- PS1, MACHO/FEMEA, DN 300 MM, PARA AGUAS PLUVIAIS (NBR 8890) | D25: M | E25: =S25 -> 100 | F25: =U25*$U$10 -> 15.2 | G25: 15 | H25: =ROUND($F25*(1+$G25/100),2) -> 17.48 | I25: =$E25*$H25 -> 1748 | J25: 37450 | K25: Conf. Memória de Cálculo | M25: =M19 -> 100 | S25: =SUM(M25:R25) -> 100 | U25: 19 | W25: =E25*U25*1.2 -> 2280 | X25: 19
B26: 1.11 | C26: TUBO DE CONCRETO SIMPLES, CLASSE- PS1, MACHO/FEMEA, DN 400 MM, PARA AGUAS PLUVIAIS (NBR 8890) | D26: M | E26: =S26 -> 302 | F26: =U26*$U$10 -> 23.28 | G26: 15 | H26: =ROUND($F26*(1+$G26/100),2) -> 26.77 | I26: =$E26*$H26 -> 8084.54 | J26: 37451 | K26: Conf. Memória de Cálculo | M26: =M20 -> 302 | S26: =SUM(M26:R26) -> 302 | U26: 29.1 | W26: =E26*U26*1.2 -> 10545.84 | X26: 29.1
B27: 1.12 | C27: TUBO DE CONCRETO SIMPLES, CLASSE- PS1, MACHO/FEMEA, DN 500 MM, PARA AGUAS PLUVIAIS (NBR 8890) | D27: M | E27: =S27 -> 0 | F27: =U27*$U$10 -> 30.88 | G27: 15 | H27: =ROUND($F27*(1+$G27/100),2) -> 35.51 | I27: =$E27*$H27 -> 0 | J27: 37452 | K27: Conf. Memória de Cálculo | M27: =M21 -> 0 | S27: =SUM(M27:R27) -> 0 | U27: 38.6 | W27: =E27*U27*1.2 -> 0 | X27: 38.6
B28: 1.13 | C28: TUBO DE CONCRETO SIMPLES, CLASSE- PS1, MACHO/FEMEA, DN 600 MM, PARA AGUAS PLUVIAIS (NBR 8890) | D28: M | E28: =S28 -> 0 | F28: =U28*$U$10 -> 38.744 | G28: 15 | H28: =ROUND($F28*(1+$G28/100),2) -> 44.56 | I28: =$E28*$H28 -> 0 | J28: 37453 | K28: Conf. Memória de Cálculo | M28: =M22 -> 0 | S28: =SUM(M28:R28) -> 0 | U28: 48.43 | W28: =E28*U28*1.2 -> 0 | X28: 48.43
B29: 1.14 | C29: TUBO CONCRETO ARMADO, CLASSE PA-1, PB, DN 800 MM, PARA AGUAS PLUVIAIS (NBR 8890) | D29: M | E29: =S29 -> 0 | F29: =U29*$U$10 -> 104.416 | G29: 15 | H29: =ROUND($F29*(1+$G29/100),2) -> 120.08 | I29: =$E29*$H29 -> 0 | J29: 7750 | K29: Conf. Memória de Cálculo | M29: =M23 -> 0 | S29: =SUM(M29:R29) -> 0 | U29: =[3]ORÇAMENTO!$U$16:$U$61 -> 130.52 | W29: =E29*U29*1.2 -> 0 | X29: 149.22
B30: 1.15 | C30: TUBO CONCRETO ARMADO, CLASSE PA-1, PB, DN 1000 MM, PARA AGUAS PLUVIAIS (NBR 8890) | D30: M | E30: =S30 -> 0 | F30: =U30*$U$10 -> 143.32 | G30: 15 | H30: =ROUND($F30*(1+$G30/100),2) -> 164.82 | I30: =$E30*$H30 -> 0 | J30: 7753 | K30: Conf. Memória de Cálculo | M30: =M24 -> 0 | S30: =SUM(M30:R30) -> 0 | U30: =[3]ORÇAMENTO!$U$16:$U$61 -> 179.15 | X30: 204.83
B31: 1.16 | C31: BOCA DE LOBO EM ALVENARIA (BLOCO DE CONCRETO MACICO), REVESTIDA C/ ARGAMASSA DE CIMENTO E AREIA 1:3, SOBRE LASTRO DE CONCRETO 10CM E TAMPA DE CONCRETO ARMADO - CONF. PROJETO | D31: UNID | E31: =S31 -> 20 | F31: =U31*$U$10 -> 621.888 | G31: 20 | H31: =ROUND($F31*(1+$G31/100),2) -> 746.27 | I31: =$E31*$H31 -> 14925.4 | J31: 83659 | M31: =[2]DRENAGEM!$E$4 -> 20 | S31: =SUM(M31:R31) -> 20 | U31: =[3]ORÇAMENTO!$U$16:$U$61 -> 777.36 | W31: =E31*U31*1.2 -> 18656.64 | X31: 792.62
B32: 1.17 | C32: CAIXA DE LIGAÇÃO COM FUNDO E TAMPA DE CONCRETO E PAREDES EM ALVENARIA, CONF. PROJETO | D32: UNID | E32: =S32 -> 11 | F32: =U32*$U$10 -> 648.296 | G32: 20 | H32: =ROUND($F32*(1+$G32/100),2) -> 777.96 | I32: =$E32*$H32 -> 8557.56 | J32: 74206/002 | M32: =[2]DRENAGEM!$E$5 -> 11 | S32: =SUM(M32:R32) -> 11 | U32: =[3]ORÇAMENTO!$U$16:$U$61 -> 810.37 | W32: =E32*U32*1.2 -> 10696.884 | X32: 824.21
B33: 1.18 | C33: BIDIM - FORNECIMENTO E INSTALACAO DE MANTA BIDIM RT - 14 40CM LARGURA | D33: M² | E33: =S33 -> 239.896 | F33: =U33*$U$10 -> 4.344 | G33: 20 | H33: =ROUND($F33*(1+$G33/100),2) -> 5.21 | I33: =$E33*$H33 -> 1249.8582 | J33: 83665 | K33: 40 cm de largura x circunferência do tubo + 25% de transpasse | M33: =0.4*(M19*1.256+M20*1.57+M21*1.96+M22*2.35+M23*3.14+3.93*M24) -> 239.896 | S33: =SUM(M33:R33) -> 239.896 | U33: =[3]ORÇAMENTO!$U$16:$U$61 -> 5.43 | W33: =E33*U33*1.2 -> 1563.1623 | X33: 5.39
B34: 1.19 | C34: CAIXA DE LIGAÇÃO COM FUNDO E TAMPA DE CONCRETO E PAREDES EM ALVENARIA, CONF. PROJETO - TUBOS => 80CM - LINHA DUPLA | D34: UNID | E34: =S34 -> 0 | F34: =U34*$U$10 -> 1146.416 | G34: 20 | H34: =ROUND($F34*(1+$G34/100),2) -> 1375.7 | I34: =$E34*$H34 -> 0 | J34: 74206/001 Adequado | M34: 0 | P34: =SUM(M34:O34) -> 0 | R34: 0 | S34: =SUM(M34:R34) -> 0 | T34: =E34*R34*1.2 -> 0 | U34: =[3]ORÇAMENTO!$U$16:$U$61 -> 1433.02 | X34: 1455.08
B35: 1.20 | C35: CAIXA COLETORA, 1,20X1,20X1,50M, COM FUNDO E TAMPA DE CONCRETO E PAREDES EM ALVENARIA | D35: UNID | E35: =S35 -> 0 | F35: =U35*$U$10 -> 1146.416 | G35: 20 | H35: =ROUND($F35*(1+$G35/100),2) -> 1375.7 | I35: =$E35*$H35 -> 0 | J35: 74206/001 | M35: 0 | P35: =SUM(M35:O35) -> 0 | R35: 0 | S35: =SUM(M35:R35) -> 0 | U35: =[3]ORÇAMENTO!$U$16:$U$61 -> 1433.02 | X35: 1455.08
E36: =S36 -> 0 | F36: =U36*$U$10 -> 0 | U36: =[3]ORÇAMENTO!$U$16:$U$61 -> 0 | W36: =E36*U36*1.2 -> 0
B37: 2 | C37: PAVIMENTAÇÂO | I37: =SUM(I38:I49) -> 217136.98 | U37: =[3]ORÇAMENTO!$U$16:$U$61 -> 0 | W37: =E37*U37*1.2 -> 0
B38: 2.1 | C38: REGULARIZAÇÃO E COMPACTAÇÃO DO SUB-LEITO ATÉ 20 CM | D38: M2 | E38: =S38 -> 2767.8547 | F38: =U38*$U$10 -> 0.976 | G38: 20 | H38: =ROUND($F38*(1+$G38/100),2) -> 1.17 | I38: =E38*H38 -> 3238.39 | J38: 72961 | M38: =[2]PAVIMENTAÇÃO!$G$19 -> 2767.8547 | S38: =SUM(M38:R38) -> 2767.8547 | U38: 1.22 | X38: 1.25
B39: 2.2 | C39: EXECUÇÃO E COMPACTAÇÃO DE BASE E OU SUB BASE COM MACADAME SECO - EXCLUSIVE ESCAVAÇÃO, CARGA E TRANSPORTE. AF_09/2017 - ESPE. = 13 CM | D39: M3 | E39: =S39 -> 358.63115 | F39: =U39*$V$10 -> 97.67 | G39: 20 | H39: =ROUND($F39*(1+$G39/100),2) -> 117.2 | I39: =E39*H39 -> 42031.571 | J39: 96400 | M39: =[2]PAVIMENTAÇÃO!$G$14 -> 358.63115 | S39: =SUM(M39:R39) -> 358.63115 | U39: 97.67 | X39: 99.2 | Y39: 97.67
B40: 2.3 | C40: MACADAME - TRANSPORTE 20 KM | D40: M3XKM | E40: =S40 -> 7172.623 | F40: =U40*$V$10 -> 0.74 | G40: 15 | H40: =ROUND($F40*(1+$G40/100),2) -> 0.85 | I40: =E40*H40 -> 6096.7295 | J40: 83356 | K40: vol*dmt | M40: =M39*20 -> 7172.623 | S40: =SUM(M40:R40) -> 7172.623 | U40: 0.74 | X40: 0.77 | Y40: 0.74
B41: 2.4 | C41: EXECUÇÃO E COMPACTAÇÃO DE BASE E OU SUB BASE COM BRITA GRADUADA SIMPLES - EXCLUSIVE CARGA E TRANSPORTE. AF_09/2017 | D41: M3 | E41: =S41 -> 266.51845 | F41: =U41*$V$10 -> 108.35 | G41: 20 | H41: =ROUND($F41*(1+$G41/100),2) -> 130.02 | I41: =E41*H41 -> 34652.729 | J41: 96396 | M41: =[2]PAVIMENTAÇÃO!$G$12 -> 266.51845 | S41: =M41+N41+O41+P41+Q41+R41 -> 266.51845 | U41: 108.35 | X41: 110 | Y41: 108.35
B42: 2.5 | C42: BRITA GRADUADA- TRANSPORTE 20 KM | D42: M3XKM | E42: =S42 -> 5330.369 | F42: =U42*$V$10 -> 0.74 | G42: 20 | H42: =ROUND($F42*(1+$G42/100),2) -> 0.89 | I42: =$E42*$H42 -> 4744.0284 | J42: 83356 | K42: vol*dmt | M42: =M41*20 -> 5330.369 | S42: =R42+Q42+P42+O42+N42+M42 -> 5330.369 | U42: 0.74 | X42: 0.77 | Y42: 0.74
B43: 2.6 | C43: EXECUÇÃO DE IMPRIMAÇÃO COM ASFALTO DILUÍDO CM-30. TAXA 1,0 L/M2 | D43: M2 | E43: =S43 -> 2548.69 | F43: =U43*$U$10 -> 5.048 | G43: 20 | H43: =ROUND($F43*(1+$G43/100),2) -> 6.06 | I43: =$E43*$H43 -> 15445.061 | J43: 96401 | M43: =[2]PAVIMENTAÇÃO!$G$17 -> 2548.69 | S43: =SUM(M43:R43) -> 2548.69 | U43: 6.31 | W43: =E43*U43*1.2 -> 19298.681 | X43: 5.44 | Y43: 6.31
B44: 2.7 | C44: PINTURA DE LIGAÇÃO EXECUÇÃO DE LIGANTE COM EMULSÃO ASFÁLTICA RR-2C. RR-2C APLICAÇÃO TX 0,5L/m2 | D44: M2 | E44: =S44 -> 2548.69 | F44: =U44*$U$10 -> 1.008 | G44: 20 | H44: =ROUND($F44*(1+$G44/100),2) -> 1.21 | I44: =$E44*$H44 -> 3083.9149 | J44: 96402 | M44: =[2]PAVIMENTAÇÃO!$G$16 -> 2548.69 | S44: =SUM(M44:R44) -> 2548.69 | U44: 1.26 | W44: =E44*U44*1.2 -> 3853.6193 | X44: 1.15 | Y44: 1.26
B45: 2.8 | C45: FORNECIMENTO DE CIMENTO ASFALTICO DE PETROLEO A GRANEL (CAP) 50/70 (COLETADO CAIXA NA ANP ACRESCIDO DE ICMS) TEOR DE 5,75% | D45: T | E45: =S45 -> 14.654968 | F45: =U45*$V$10 -> 2926.69 | G45: 15 | H45: =ROUND($F45*(1+$G45/100),2) -> 3365.69 | I45: =$E45*$H45 -> 49324.078 | J45: INS41899 | M45: =[2]PAVIMENTAÇÃO!$G$10 -> 14.654968 | S45: =SUM(M45:R45) -> 14.654968 | U45: 2926.69 | X45: 2576.5 | Y45: 2926.69
B46: 2.9 | C46: FORNECIMENTO CONCRETO ASFÁLTICO COM ASFALTO POLÍMERO - FAIXA C - AREIA E BRITA COMERCIAIS (CBUQ) EXCLUSIVE CAP E TRANSPORTE | D46: T | E46: =S46 -> 254.869 | F46: =U46*$V$10 -> 108.19 | G46: 20 | H46: =ROUND($F46*(1+$G46/100),2) -> 129.83 | I46: =$E46*$H46 -> 33089.642 | J46: 4011466 | M46: =[2]PAVIMENTAÇÃO!$G$8 -> 254.869 | S46: =SUM(M46:R46) -> 254.869 | U46: 108.19 | W46: =E46*U46*1.2 -> 33089.133 | X46: 108.19 | Y46: 108.19
B47: 2.10 | C47: TRANSPORTE COM CAMINHÃO BASCULANTE DE 10 M3, EM VIA URBANA PAVIMENTADA, DMT ATÉ 30 KM (UNIDADE: TXKM). AF_12/20166 | D47: TxKM | E47: =S47 -> 5097.38 | F47: =U47*$V$10 -> 0.69 | G47: 15 | H47: =ROUND($F47*(1+$G47/100),2) -> 0.79 | I47: =$E47*$H47 -> 4026.9302 | J47: SINAPI 95878 | M47: =M46*20 -> 5097.38 | S47: =SUM(M47:R47) -> 5097.38 | U47: 0.69 | X47: 0.73 | Y47: 0.69
B48: 2.11 | C48: FORNECIMENTO ASSENTAMENTO DE MEIO FIO PRÉ-MOLDADO 15X12X30X100 CM | D48: M | E48: =S48 -> 661.84 | F48: =U48*$U$10 -> 26.952 | G48: 20 | H48: =ROUND($F48*(1+$G48/100),2) -> 32.34 | I48: =$E48*$H48 -> 21403.906 | J48: 94273 | K48: Conf. Prancha | M48: =[2]PAVIMENTAÇÃO!$G$11 -> 661.84 | S48: =SUM(M48:R48) -> 661.84 | U48: 33.69 | W48: =E48*U48*1.2 -> 26756.868 | X48: 35.85
B49: 2.12 | C49: FORNECIMENTO E ASSETAMENTO DE MEIO FIO PRÉ MODADDO DE TRAVAMENTO 10X20X10X100CM | D49: M | E49: =S49 -> 0 | F49: =U49*$U$10 -> 24.8 | G49: 20 | H49: =ROUND($F49*(1+$G49/100),2) -> 29.76 | I49: =$E49*$H49 -> 0 | J49: 94273 | M49: 0 | S49: =SUM(M49:R49) -> 0 | U49: 31 | X49: 35.85
F50: =U50*$U$10 -> 0
B51: 3 | C51: SINALIZAÇÃO VIARIA | I51: =SUM(I52:I58) -> 8616.3863 | W51: =E51*#REF!*1.2 -> #REF!
B52: 3.1 | C52: FORNECIMENTO E IMPLANTAÇÃO DE PLACA DE REGULAMENTAÇÃO EM AÇO, R1 LADO 0,248 M - PELÍCULA RETRORREFLETIVA TIPO I E SI - EXCLUSO TUBO DE SUPORTE (PARE) | D52: UNID | E52: =S52 -> 10 | F52: =U52*$U$10 -> 198.872 | G52: 20 | H52: =ROUND($F52*(1+$G52/100),2) -> 238.65 | I52: =$E52*$H52 -> 2386.5 | J52: SICRO 5213444 adequado para 50 cm | K52: Prancha | M52: =[2]SINALIZAÇÃO!$G$17 -> 10 | S52: =SUM(M52:R52) -> 10 | U52: 248.59 | W52: =E52*#REF!*1.2 -> #REF! | X52: 248.59
B53: 3.2 | C53: FORNECIMENTO E IMPLANTAÇÃO DE PLACA DE A-32b - ADVERTÊNCIA EM AÇO D = 0,50 M - PELÍCULA RETRORREFLETIVA TIPO I E SI - EXCLUSO TUBO DE SUPORTE (sinalização pedestre) | D53: UNID | E53: =S53 -> 2 | F53: =U53*$U$10 -> 234.352 | G53: 20 | H53: =ROUND($F53*(1+$G53/100),2) -> 281.22 | I53: =$E53*$H53 -> 562.44 | J53: 5213464 adequado para 50 cm | K53: Prancha | M53: =[2]SINALIZAÇÃO!$G$16 -> 2 | S53: =SUM(M53:R53) -> 2 | U53: 292.94 | W53: =E53*U51*1.2 -> 0 | X53: 292.94
B54: 3.3 | C54: FORNECIMENTO E IMPLANTAÇÃO DE PLACA DE R-19 - REGULAMENTAÇÃO EM AÇO D = 0,50 M - PELÍCULA RETRORREFLETIVA TIPO I E SI - EXCLUSO TUBO DE SUPORTE (velocidade máxima) | D54: UNID | E54: =S54 -> 2 | F54: =U54*$U$10 -> 187.52 | G54: 20 | H54: =ROUND($F54*(1+$G54/100),2) -> 225.02 | I54: =$E54*$H54 -> 450.04 | J54: SICRO 5213452 adequado para 50cm | K54: Prancha | M54: =[2]SINALIZAÇÃO!$G$19 -> 2 | S54: =SUM(M54:R54) -> 2 | U54: 234.4 | W54: =E54*U52*1.2 -> 596.616 | X54: 234.4
B55: 3.4 | C55: PLACA ESMALTADA PARA IDENTIFICAÇÃO NR DE RUA, DIMENSÕES 50X25CM - INCLUSO TUBO DE SUPORTE | D55: UNID | E55: =S55 -> 1 | F55: =U55*$U$10 -> 71.144 | G55: 20 | H55: =ROUND($F55*(1+$G55/100),2) -> 85.37 | I55: =$E55*$H55 -> 85.37 | J55: 73916/002 adequado 50x25cm | K55: Prancha | M55: =[2]SINALIZAÇÃO!$G$18 -> 1 | S55: =SUM(M55:R55) -> 1 | U55: 88.93 | W55: =E55*U53*1.2 -> 351.528 | X55: 86.6
B56: 3.5 | C56: PLACA DE OBRA EM CHAPA DE ACO GALVANIZADO- 2,00X1,25m - PADRÃO CAIXA | D56: M2 | E56: =S56 -> 2.5 | F56: =U56*$U$10 -> 256.648 | G56: 20 | H56: =ROUND($F56*(1+$G56/100),2) -> 307.98 | I56: =$E56*$H56 -> 769.95 | J56: 74209/001 | K56: Prancha | M56: 2.5 | S56: =SUM(M56:R56) -> 2.5 | U56: 320.81 | W56: =E56*U54*1.2 -> 703.2 | X56: 317.75
B57: 3.6 | C57: TUBO ACO GALVANIZADO COM COSTURA, CLASSE LEVE, DN 50 MM ( 2"), E = 3,00 MM, *4,40 KG/M (NBR 5580) - SUPORTE PARA AS PLACAS DE SINALIZAÇÃO VERTICAL - COMPRIMENTO TOTAL MÍNIMO DE 3,00M | D57: UNID | E57: =S57 -> 14 | F57: =U57*$U$10 -> 192.968 | G57: 20 | H57: =ROUND($F57*(1+$G57/100),2) -> 231.56 | I57: =$E57*$H57 -> 3241.84 | J57: 5213863 | K57: Prancha | M57: =(M54+M53+M52) -> 14 | S57: =SUM(M57:R57) -> 14 | U57: 241.21 | W57: =E57*U55*1.2 -> 1494.024 | X57: 241.21
B58: 3.7 | C58: SINALIZACAO HORIZONTAL COM TINTA RETRORREFLETIVA A BASE DE RESINA ACRILICA COM MICROESFERAS DE VIDRO | D58: m² | E58: =S58 -> 57.389667 | F58: =U58*$U$10 -> 16.264 | G58: 20 | H58: =ROUND($F58*(1+$G58/100),2) -> 19.52 | I58: =$E58*$H58 -> 1120.2463 | J58: 72947 | K58: prancha | M58: =[2]SINALIZAÇÃO!$G$15 -> 57.389667 | S58: =SUM(M58:R58) -> 57.389667 | U58: 20.33 | W58: =E58*U56*1.2 -> 22093.415 | X58: 23.86
B59: 4 | C59: CALÇADAS E RAMPA DE ACESSIBILIDADE E GARAGEM | I59: =SUM(I60:I64) -> 70279.466 | W59: =E59*U57*1.2 -> 0
B60: 4.1 | C60: REGULARIZACAO DE SUPERFICIES EM TERRA COM MOTONIVELADORA | D60: M2 | E60: =S60 -> 1188.73 | F60: =U60*$U$10 -> 0.352 | G60: 20 | H60: =ROUND($F60*(1+$G60/100),2) -> 0.42 | I60: =$E60*$H60 -> 499.2666 | J60: 79472 | K60: Ext. da Via x (Largura do passeio ambos os lados) | M60: 1188.73 | S60: =SUM(M60:R60) -> 1188.73 | U60: 0.44 | W60: =E60*U58*1.2 -> 29000.257 | X60: 0.44
B61: 4.2 | C61: COLOCAÇÃO MANUAL DE AREIA E COMPACTAÇÃO MECANIZADA, SUB BASE PASSEIO - 4cm | D61: M3 | E61: =S61 -> 47.5492 | F61: =U61*$U$10 -> 80.296 | G61: 20 | H61: =ROUND($F61*(1+$G61/100),2) -> 96.36 | I61: =$E61*$H61 -> 4581.8409 | J61: 94342 | K61: área do passeio x 0,04 | M61: =M60*0.04 -> 47.5492 | S61: =SUM(M61:R61) -> 47.5492 | U61: 100.37 | W61: =E61*U59*1.2 -> 0 | X61: 103.75
B62: 4.3 | C62: TRANSPORTE COM CAMINHÃO BASCULANE, EM VIA URBANA PAVIMENTADA - AREIA DMT =20Km | D62: M3XKM | E62: =S62 -> 950.984 | F62: =U62*$U$10 -> 1.16 | G62: 20 | H62: =ROUND($F62*(1+$G62/100),2) -> 1.39 | I62: =$E62*$H62 -> 1321.8678 | J62: 97914 | K62: VOL. AREIA x DMT | M62: =M61*20 -> 950.984 | S62: =SUM(M62:R62) -> 950.984 | U62: 1.45 | W62: =E62*U60*1.2 -> 502.11955 | X62: 1.54
B63: 4.4 | C63: FORNECIMENTO E EXECUÇÃO DE: A) PASSEIO EM PISO INTERTRAVADO, COM BLOCO RETANGULAR COR NATURAL DE 20 X 10 CM, ESPESSURA 6 CM; B) CAMADA DE ASSENTAMENTO EM PÓ DE PEDRA, ESPESSURA MÍN. DE 4Cm; COM MATERIAL DE REJUNTE PÓ DE PEDRA | D63: M2 | E63: =S63 -> 937.16 | F63: =U63*$U$10 -> 44.64 | G63: 20 | H63: =ROUND($F63*(1+$G63/100),2) -> 53.57 | I63: =$E63*$H63 -> 50203.661 | J63: 92396 ajuste para 4 cm pó de pedra | K63: Área de passeio, descontado podotáil | M63: 937.16 | S63: =SUM(M63:R63) -> 937.16 | U63: 55.8 | W63: =E63*U61*1.2 -> 112875.3 | X63: 55.42
B64: 4.5 | C64: FORNECIMENTO E EXECUÇÃO DE: A) PASSEIO EM PISO INTERTRAVADO PODOTÁTIL - ALERTA E GUIA, COM BLOCO RETANGULAR COR NATURAL DE 20 X 20 X 10 CM, ESPESSURA 6 CM; B) CAMADA DE ASSENTAMENTO EM PÓ DE PEDRA, ESPESSURA MÍN. DE 5C; C0 MATERIAL DE REJUNTE | D64: M2 | E64: =S64 -> 251.57 | F64: =U64*$U$10 -> 45.288 | G64: 20 | H64: =ROUND($F64*(1+$G64/100),2) -> 54.35 | I64: =$E64*$H64 -> 13672.829 | J64: 92396 ADEQUADA PARA TÁTIL | K64: área de podotátil | M64: 251.57 | S64: =SUM(M64:R64) -> 251.57 | U64: 56.61 | W64: =E64*U62*1.2 -> 437.7318 | X64: 55.42
W65: =E65*U65*1.2 -> 0
W66: =E66*U66*1.2 -> 0
C67: TOTAL DA OBRA: | I67: =SUM(I59,I51,I37,I15) -> 354825.53 | W67: =E67*U67*1.2 -> 0
W68: =E68*U68*1.2 -> 0
A70: LOCAL E DATA: Ararangua, 11 de Março de 2019.
N71: =I67/E38 -> 128.19514
C74: Engenheiro Civil Cristiano Coral CREA SC 99479-8 | F74: Mariano Mazzuco Neto | O74: =(I46+I45+I47)/E46 -> 339.15717
C75: Responsável Técnico | F75: Prefeito Municipal de Araranguá
C76: Orçamento
C79: PROPRIETÁRIOS ITEM 2 e 3 e 4 | D79: =I79/I67 -> 0.83430533 | I79: =I59+I51+I37 -> 296032.83
C80: PREFEITURA - DRENAGEM ITEM 1 | D80: =I80/I67 -> 0.16569467 | I80: =I15 -> 58792.699
I82: =I80+I79 -> 354825.53

Sheet QCI
C1: Agente Promotor | F1: Número do Contrato
C2: Prefeitura Municipal de Araranguá | K2: .
A3: Logotipo Pref. | C3: Empreendimento | L3: Total Contratado | M3: Repasse
C4: PAVIMENTAÇÃO COM LAJOTAS SEXTAVADAS RUA PALMAS TRECHO II | K4: . | L4: =$M$4+$M$6 -> 0
C5: Localização | F5: Programa | L5: Auxiliar | M5: C.P. Mínima
C6: JARDIM DAS AVENIDAS | K6: . | L6: =CPAuxiliar -> 354825.53
C8: QCI | D8: QUADRO DE COMPOSIÇÃO DO INVESTIMENTO
C10: QCI VIGENTE
A11: Executora | B11: ITEM | C11: Descrição dos Itens de Investimento | D11: UNID | E11: QTIDADE | F11: Repasse | H11: C.P Financeira | I11: C.P. Financeira | J11: C.P. Contrapartida | M11: Total | N11: Inc.
J12: Financeira | K12: Física | L12: Outras Fontes
C13: PAVIMENTAÇÃO COM LAJOTAS | F13: =RepasseQCI -> 0 | G13: =IF(OR($J13<>"",$K13<>"",$L13<>""),) -> FALSE | H13: =SUM($I13:$J13) -> 0 | I13: =CPAutomatica | N13: =Incidencia -> 0
F14: =RepasseQCI -> 0 | G14: =IF(OR($J14<>"",$K14<>"",$L14<>""),) -> FALSE | H14: =SUM($I14:$J14) -> 0 | I14: =CPAutomatica | N14: =Incidencia -> 0
B15: =ORÇAMENTO!B15 -> 1 | C15: =ORÇAMENTO!C15 -> DRENAGEM PLUVIAL | F15: =RepasseQCI -> 0 | G15: =IF(OR($J15<>"",$K15<>"",$L15<>""),) -> FALSE | H15: =SUM($I15:$J15) -> 58792.699 | I15: =CPAutomatica -> 58792.699 | M15: =ORÇAMENTO!I15 -> 58792.699 | N15: =Incidencia -> 16.569467
B16: =ORÇAMENTO!B37 -> 2 | C16: =ORÇAMENTO!C37 -> PAVIMENTAÇÂO | F16: =RepasseQCI -> 0 | G16: =IF(OR($J16<>"",$K16<>"",$L16<>""),) -> FALSE | H16: =SUM($I16:$J16) -> 217136.98 | I16: =CPAutomatica -> 217136.98 | M16: =ORÇAMENTO!I37 -> 217136.98 | N16: =Incidencia -> 61.195422
B17: =ORÇAMENTO!B51 -> 3 | C17: =ORÇAMENTO!C51 -> SINALIZAÇÃO VIARIA | F17: =RepasseQCI -> 0 | G17: =IF(OR($J17<>"",$K17<>"",$L17<>""),) -> FALSE | H17: =SUM($I17:$J17) -> 8616.3863 | I17: =CPAutomatica -> 8616.3863 | M17: =ORÇAMENTO!I51 -> 8616.3863 | N17: =Incidencia -> 2.4283445
B18: =ORÇAMENTO!B59 -> 4 | C18: =ORÇAMENTO!C59 -> CALÇADAS E RAMPA DE ACESSIBILIDADE E GARAGEM | F18: =RepasseQCI -> 0 | G18: =IF(OR($J18<>"",$K18<>"",$L18<>""),) -> FALSE | H18: =SUM($I18:$J18) -> 70279.466 | I18: =CPAutomatica -> 70279.466 | M18: =ORÇAMENTO!I59 -> 70279.466 | N18: =Incidencia -> 19.806767
F19: =RepasseQCI -> 0 | G19: =IF(OR($J19<>"",$K19<>"",$L19<>""),) -> FALSE | H19: =SUM($I19:$J19) -> 0 | I19: =CPAutomatica | N19: =Incidencia -> 0
F20: =RepasseQCI -> 0 | G20: =IF(OR($J20<>"",$K20<>"",$L20<>""),) -> FALSE | H20: =SUM($I20:$J20) -> 0 | I20: =CPAutomatica | N20: =Incidencia -> 0
F21: =RepasseQCI -> 0 | G21: =IF(OR($J21<>"",$K21<>"",$L21<>""),) -> FALSE | H21: =SUM($I21:$J21) -> 0 | I21: =CPAutomatica | N21: =Incidencia -> 0
F22: =RepasseQCI -> 0 | G22: =IF(OR($J22<>"",$K22<>"",$L22<>""),) -> FALSE | H22: =SUM($I22:$J22) -> 0 | I22: =CPAutomatica | N22: =Incidencia -> 0
F23: =RepasseQCI -> 0 | G23: =IF(OR($J23<>"",$K23<>"",$L23<>""),) -> FALSE | H23: =SUM($I23:$J23) -> 0 | I23: =CPAutomatica | N23: =Incidencia -> 0
F24: =RepasseQCI -> 0 | G24: =IF(OR($J24<>"",$K24<>"",$L24<>""),) -> FALSE | H24: =SUM($I24:$J24) -> 0 | I24: =CPAutomatica | N24: =Incidencia -> 0
F25: =RepasseQCI -> 0 | G25: =IF(OR($J25<>"",$K25<>"",$L25<>""),) -> FALSE | H25: =SUM($I25:$J25) -> 0 | I25: =CPAutomatica | N25: =Incidencia -> 0
F26: =RepasseQCI -> 0 | G26: =IF(OR($J26<>"",$K26<>"",$L26<>""),) -> FALSE | H26: =SUM($I26:$J26) -> 0 | I26: =CPAutomatica | N26: =Incidencia -> 0
F27: =RepasseQCI -> 0 | G27: =IF(OR($J27<>"",$K27<>"",$L27<>""),) -> FALSE | H27: =SUM($I27:$J27) -> 0 | I27: =CPAutomatica | N27: =Incidencia -> 0
F28: =RepasseQCI -> 0 | G28: =IF(OR($J28<>"",$K28<>"",$L28<>""),) -> FALSE | H28: =SUM($I28:$J28) -> 0 | I28: =CPAutomatica | N28: =Incidencia -> 0
F29: =RepasseQCI -> 0 | G29: =IF(OR($J29<>"",$K29<>"",$L29<>""),) -> FALSE | H29: =SUM($I29:$J29) -> 0 | I29: =CPAutomatica | N29: =Incidencia -> 0
F30: =RepasseQCI -> 0 | G30: =IF(OR($J30<>"",$K30<>"",$L30<>""),) -> FALSE | H30: =SUM($I30:$J30) -> 0 | I30: =CPAutomatica | N30: =Incidencia -> 0
... F52: =RepasseQCI -> 0 | G52: =IF(OR($J52<>"",$K52<>"",$L52<>""),) -> FALSE | H52: =SUM($I52:$J52) -> 0 | I52: =CPAutomatica | N52: =Incidencia -> 0
A53: =SUM($L$13:$L$52) -> 0 | C53: TOTAL | F53: =SUM($F$13:$F$52) -> 0 | J53: =TotalCPFin -> 354825.53 | K53: =SUM($K$13:$K$52) -> 0 | L53: =SUM($L$13:$L$52) -> 0 | M53: =SUM($M$13:$M$52) -> 354825.53 | N53: =SUM($N$13:$N$52) -> 100
B59: _____________________________________________
B60: Prefeito | F60: Responsável Técnico | M60: 43257
B61: Nome: | F61: Nome: | M61: Data
B62: CPF | F62: Registro:

Sheet Cronograma
A1: Agente Promotor | I1: Data Início de Obras
A2: =QCI!$C$2 -> Prefeitura Municipal de Araranguá
A3: Número do Contrato
A4: =QCI!$F$2 -> 0
A5: Programa | I5: Prazo de Execução
A6: =QCI!$F$6 -> 0 | I6: 4 | J6: =IF(I6=1,"mês","meses") -> meses
H8: CRONOGRAMA FÍSICO-FINANCEIRO | W8: CRONOGRAMA FÍSICO-FINANCEIRO | AL8: CRONOGRAMA FÍSICO-FINANCEIRO | BA8: CRONOGRAMA FÍSICO-FINANCEIRO | BP8: CRONOGRAMA FÍSICO-FINANCEIRO | CE8: CRONOGRAMA FÍSICO-FINANCEIRO | CT8: CRONOGRAMA FÍSICO-FINANCEIRO | DI8: CRONOGRAMA FÍSICO-FINANCEIRO | DX8: CRONOGRAMA FÍSICO-FINANCEIRO | EM8: CRONOGRAMA FÍSICO-FINANCEIRO | FB8: CRONOGRAMA FÍSICO-FINANCEIRO | FQ8: CRONOGRAMA FÍSICO-FINANCEIRO | GF8: CRONOGRAMA FÍSICO-FINANCEIRO | GU8: CRONOGRAMA FÍSICO-FINANCEIRO | HJ8: CRONOGRAMA FÍSICO-FINANCEIRO | HY8: CRONOGRAMA FÍSICO-FINANCEIRO
B10: Total | C10: Inc. | D10: Acum | E10: Mês 01 | H10: Mês 02 | K10: Mês 03 | N10: Mês 04 | Q10: Mês 05 | T10: Mês 06 | W10: Mês 07 | Z10: Mês 08 | AC10: Mês 09 | AF10: Mês 10 | AI10: Mês 11 | AL10: Mês 12 | AO10: Mês 13 | AR10: Mês 14 | AU10: Mês 15 | AX10: Mês 16 | BA10: Mês 17 | BD10: Mês 18 | BG10: Mês 19 | BJ10: Mês 20 | BM10: Mês 21 | BP10: Mês 22 | BS10: Mês 23 | BV10: Mês 24 | BY10: Mês 25 | CB10: Mês 26 | CE10: Mês 27 | CH10: Mês 28 | CK10: Mês 29 | CN10: Mês 30 | CQ10: Mês 31 | CT10: Mês 32 | CW10: Mês 33 | CZ10: Mês 34 | DC10: Mês 35 | DF10: Mês 36 | DI10: Mês 37 | DL10: Mês 38 | DO10: Mês 39 | DR10: Mês 40 | DU10: Mês 41 | DX10: Mês 42 | EA10: Mês 43 | ED10: Mês 44 | EG10: Mês 45 | EJ10: Mês 46 | EM10: Mês 47 | EP10: Mês 48 | ES10: Mês 49 | EV10: Mês 50 | EY10: Mês 51 | FB10: Mês 52 | FE10: Mês 53 | FH10: Mês 54 | FK10: Mês 55 | FN10: Mês 56 | FQ10: Mês 57 | FT10: Mês 58 | FW10: Mês 59 | FZ10: Mês 60 | GC10: Mês 61 | GF10: Mês 62 | GI10: Mês 63 | GL10: Mês 64 | GO10: Mês 65 | GR10: Mês 66 | GU10: Mês 67 | GX10: Mês 68 | HA10: Mês 69 | HD10: Mês 70 | HG10: Mês 71 | HJ10: Mês 72 | HM10: Mês 73 | HP10: Mês 74 | HS10: Mês 75 | HV10: Mês 76 | HY10: Mês 77 | IB10: Mês 78 | IE10: Mês 79 | IH10: Mês 80 | IK10: Mês 81 | IN10: Mês 82 | IQ10: Mês 83 | IT10: Mês 84
A11: Item | E11: Repasse | F11: Contrapartida R$ | G11: Percent. | H11: Repasse | I11: Contrapartida R$ | J11: Percent. | K11: Repasse | L11: Contrapartida R$ | M11: Percent. | N11: Repasse | O11: Contrapartida R$ | P11: Percent. | Q11: Repasse | R11: Contrapartida R$ | S11: Percent. | T11: Repasse | U11: Contrapartida R$ | V11: Percent. | W11: Repasse | X11: Contrapartida R$ | Y11: Percent. | Z11: Repasse | AA11: Contrapartida R$ | AB11: Percent. | AC11: Repasse | AD11: Contrapartida R$ | AE11: Percent. | AF11: Repasse | AG11: Contrapartida R$ | AH11: Percent. | AI11: Repasse | AJ11: Contrapartida R$ | AK11: Percent. | AL11: Repasse | AM11: Contrapartida R$ | AN11: Percent. | AO11: Repasse | AP11: Contrapartida R$ | AQ11: Percent. | AR11: Repasse | AS11: Contrapartida R$ | AT11: Percent. | AU11: Repasse | AV11: Contrapartida R$ | AW11: Percent. | AX11: Repasse | AY11: Contrapartida R$ | AZ11: Percent. | BA11: Repasse | BB11: Contrapartida R$ | BC11: Percent. | BD11: Repasse | BE11: Contrapartida R$ | BF11: Percent. | BG11: Repasse | BH11: Contrapartida R$ | BI11: Percent. | BJ11: Repasse | BK11: Contrapartida R$ | BL11: Percent. | BM11: Repasse | BN11: Contrapartida R$ | BO11: Percent. | BP11: Repasse | BQ11: Contrapartida R$ | BR11: Percent. | BS11: Repasse | BT11: Contrapartida R$ | BU11: Percent. | BV11: Repasse | BW11: Contrapartida R$ | BX11: Percent. | BY11: Repasse | BZ11: Contrapartida R$ | CA11: Percent. | CB11: Repasse | CC11: Contrapartida R$ | CD11: Percent. | CE11: Repasse | CF11: Contrapartida R$ | CG11: Percent. | CH11: Repasse | CI11: Contrapartida R$ | CJ11: Percent. | CK11: Repasse | CL11: Contrapartida R$ | CM11: Percent. | CN11: Repasse | CO11: Contrapartida R$ | CP11: Percent. | CQ11: Repasse | CR11: Contrapartida R$ | CS11: Percent. | CT11: Repasse | CU11: Contrapartida R$ | CV11: Percent. | CW11: Repasse | CX11: Contrapartida R$ | CY11: Percent. | CZ11: Repasse | DA11: Contrapartida R$ | DB11: Percent. | DC11: Repasse | DD11: Contrapartida R$ | DE11: Percent. | DF11: Repasse | DG11: Contrapartida R$ | DH11: Percent. | DI11: Repasse | DJ11: Contrapartida R$ | DK11: Percent. | DL11: Repasse | DM11: Contrapartida R$ | DN11: Percent. | DO11: Repasse | DP11: Contrapartida R$ | DQ11: Percent. | DR11: Repasse | DS11: Contrapartida R$ | DT11: Percent. | DU11: Repasse | DV11: Contrapartida R$ | DW11: Percent. | DX11: Repasse | DY11: Contrapartida R$ | DZ11: Percent. | EA11: Repasse | EB11: Contrapartida R$ | EC11: Percent. | ED11: Repasse | EE11: Contrapartida R$ | EF11: Percent. | EG11: Repasse | EH11: Contrapartida R$ | EI11: Percent. | EJ11: Repasse | EK11: Contrapartida R$ | EL11: Percent. | EM11: Repasse | EN11: Contrapartida R$ | EO11: Percent. | EP11: Repasse | EQ11: Contrapartida R$ | ER11: Percent. | ES11: Repasse | ET11: Contrapartida R$ | EU11: Percent. | EV11: Repasse | EW11: Contrapartida R$ | EX11: Percent. | EY11: Repasse | EZ11: Contrapartida R$ | FA11: Percent. | FB11: Repasse | FC11: Contrapartida R$ | FD11: Percent. | FE11: Repasse | FF11: Contrapartida R$ | FG11: Percent. | FH11: Repasse | FI11: Contrapartida R$ | FJ11: Percent. | FK11: Repasse | FL11: Contrapartida R$ | FM11: Percent. | FN11: Repasse | FO11: Contrapartida R$ | FP11: Percent. | FQ11: Repasse | FR11: Contrapartida R$ | FS11: Percent. | FT11: Repasse | FU11: Contrapartida R$ | FV11: Percent. | FW11: Repasse | FX11: Contrapartida R$ | FY11: Percent. | FZ11: Repasse | GA11: Contrapartida R$ | GB11: Percent. | GC11: Repasse | GD11: Contrapartida R$ | GE11: Percent. | GF11: Repasse | GG11: Contrapartida R$ | GH11: Percent. | GI11: Repasse | GJ11: Contrapartida R$ | GK11: Percent. | GL11: Repasse | GM11: Contrapartida R$ | GN11: Percent. | GO11: Repasse | GP11: Contrapartida R$ | GQ11: Percent. | GR11: Repasse | GS11: Contrapartida R$ | GT11: Percent. | GU11: Repasse | GV11: Contrapartida R$ | GW11: Percent. | GX11: Repasse | GY11: Contrapartida R$ | GZ11: Percent. | HA11: Repasse | HB11: Contrapartida R$ | HC11: Percent. | HD11: Repasse | HE11: Contrapartida R$ | HF11: Percent. | HG11: Repasse | HH11: Contrapartida R$ | HI11: Percent. | HJ11: Repasse | HK11: Contrapartida R$ | HL11: Percent. | HM11: Repasse | HN11: Contrapartida R$ | HO11: Percent. | HP11: Repasse | HQ11: Contrapartida R$ | HR11: Percent. | HS11: Repasse | HT11: Contrapartida R$ | HU11: Percent. | HV11: Repasse | HW11: Contrapartida R$ | HX11: Percent. | HY11: Repasse | HZ11: Contrapartida R$ | IA11: Percent. | IB11: Repasse | IC11: Contrapartida R$ | ID11: Percent. | IE11: Repasse | IF11: Contrapartida R$ | IG11: Percent. | IH11: Repasse | II11: Contrapartida R$ | IJ11: Percent. | IK11: Repasse | IL11: Contrapartida R$ | IM11: Percent. | IN11: Repasse | IO11: Contrapartida R$ | IP11: Percent. | IQ11: Repasse | IR11: Contrapartida R$ | IS11: Percent. | IT11: Repasse | IU11: Contrapartida R$ | IV11: Percent.
B12: (R$) | C12: (%) | D12: (%) | E12: (R$) | F12: (R$) | G12: (%) | H12: (R$) | I12: (R$) | J12: (%) | K12: (R$) | L12: (R$) | M12: (%) | N12: (R$) | O12: (R$) | P12: (%) | Q12: (R$) | R12: (R$) | S12: (%) | T12: (R$) | U12: (R$) | V12: (%) | W12: (R$) | X12: (R$) | Y12: (%) | Z12: (R$) | AA12: (R$) | AB12: (%) | AC12: (R$) | AD12: (R$) | AE12: (%) | AF12: (R$) | AG12: (R$) | AH12: (%) | AI12: (R$) | AJ12: (R$) | AK12: (%) | AL12: (R$) | AM12: (R$) | AN12: (%) | AO12: (R$) | AP12: (R$) | AQ12: (%) | AR12: (R$) | AS12: (R$) | AT12: (%) | AU12: (R$) | AV12: (R$) | AW12: (%) | AX12: (R$) | AY12: (R$) | AZ12: (%) | BA12: (R$) | BB12: (R$) | BC12: (%) | BD12: (R$) | BE12: (R$) | BF12: (%) | BG12: (R$) | BH12: (R$) | BI12: (%) | BJ12: (R$) | BK12: (R$) | BL12: (%) | BM12: (R$) | BN12: (R$) | BO12: (%) | BP12: (R$) | BQ12: (R$) | BR12: (%) | BS12: (R$) | BT12: (R$) | BU12: (%) | BV12: (R$) | BW12: (R$) | BX12: (%) | BY12: (R$) | BZ12: (R$) | CA12: (%) | CB12: (R$) | CC12: (R$) | CD12: (%) | CE12: (R$) | CF12: (R$) | CG12: (%) | CH12: (R$) | CI12: (R$) | CJ12: (%) | CK12: (R$) | CL12: (R$) | CM12: (%) | CN12: (R$) | CO12: (R$) | CP12: (%) | CQ12: (R$) | CR12: (R$) | CS12: (%) | CT12: (R$) | CU12: (R$) | CV12: (%) | CW12: (R$) | CX12: (R$) | CY12: (%) | CZ12: (R$) | DA12: (R$) | DB12: (%) | DC12: (R$) | DD12: (R$) | DE12: (%) | DF12: (R$) | DG12: (R$) | DH12: (%) | DI12: (R$) | DJ12: (R$) | DK12: (%) | DL12: (R$) | DM12: (R$) | DN12: (%) | DO12: (R$) | DP12: (R$) | DQ12: (%) | DR12: (R$) | DS12: (R$) | DT12: (%) | DU12: (R$) | DV12: (R$) | DW12: (%) | DX12: (R$) | DY12: (R$) | DZ12: (%) | EA12: (R$) | EB12: (R$) | EC12: (%) | ED12: (R$) | EE12: (R$) | EF12: (%) | EG12: (R$) | EH12: (R$) | EI12: (%) | EJ12: (R$) | EK12: (R$) | EL12: (%) | EM12: (R$) | EN12: (R$) | EO12: (%) | EP12: (R$) | EQ12: (R$) | ER12: (%) | ES12: (R$) | ET12: (R$) | EU12: (%) | EV12: (R$) | EW12: (R$) | EX12: (%) | EY12: (R$) | EZ12: (R$) | FA12: (%) | FB12: (R$) | FC12: (R$) | FD12: (%) | FE12: (R$) | FF12: (R$) | FG12: (%) | FH12: (R$) | FI12: (R$) | FJ12: (%) | FK12: (R$) | FL12: (R$) | FM12: (%) | FN12: (R$) | FO12: (R$) | FP12: (%) | FQ12: (R$) | FR12: (R$) | FS12: (%) | FT12: (R$) | FU12: (R$) | FV12: (%) | FW12: (R$) | FX12: (R$) | FY12: (%) | FZ12: (R$) | GA12: (R$) | GB12: (%) | GC12: (R$) | GD12: (R$) | GE12: (%) | GF12: (R$) | GG12: (R$) | GH12: (%) | GI12: (R$) | GJ12: (R$) | GK12: (%) | GL12: (R$) | GM12: (R$) | GN12: (%) | GO12: (R$) | GP12: (R$) | GQ12: (%) | GR12: (R$) | GS12: (R$) | GT12: (%) | GU12: (R$) | GV12: (R$) | GW12: (%) | GX12: (R$) | GY12: (R$) | GZ12: (%) | HA12: (R$) | HB12: (R$) | HC12: (%) | HD12: (R$) | HE12: (R$) | HF12: (%) | HG12: (R$) | HH12: (R$) | HI12: (%) | HJ12: (R$) | HK12: (R$) | HL12: (%) | HM12: (R$) | HN12: (R$) | HO12: (%) | HP12: (R$) | HQ12: (R$) | HR12: (%) | HS12: (R$) | HT12: (R$) | HU12: (%) | HV12: (R$) | HW12: (R$) | HX12: (%) | HY12: (R$) | HZ12: (R$) | IA12: (%) | IB12: (R$) | IC12: (R$) | ID12: (%) | IE12: (R$) | IF12: (R$) | IG12: (%) | IH12: (R$) | II12: (R$) | IJ12: (%) | IK12: (R$) | IL12: (R$) | IM12: (%) | IN12: (R$) | IO12: (R$) | IP12: (%) | IQ12: (R$) | IR12: (R$) | IS12: (%) | IT12: (R$) | IU12: (R$) | IV12: (%)
A13: =QCI!$B13 -> 0 | B13: =QCI!$M13 -> 0 | C13: =IF($B13=0,"",$B13/$B$53*100) | D13: =G13+J13+M13+P13+S13+V13+Y13+AB13+AE13+AH13+AK13+AN13+AQ13+AT13+AW13+AZ13+BC13+BF13+BI13+BL13+BO13+BR13+BU13+BX13+CA13+CD13+CG13+CJ13+CM13+CP13+CS13+CV13+CY13+DB13+DE13+DH13+DK13+DN13+DQ13+DT13+DW13+DZ13+EC13+EF13+EI13+EL13+EO13+ER13+EU13+EX13+FA13+FD13+FG13+FJ13+FM13+FP13+FS13+FV13+FY13+GB13+GE13+GH13+GK13+GN13+GQ13+GT13+GW13+GZ13+HC13+HF13+HI13+HL13+HO13+HR13+HU13+HX13+IA13+ID13+IG13+IJ13+IM13+IP13+IS13+IV13 -> 0 | E13: =Repasse | F13: =Contrapartida | H13: =Repasse | I13: =Contrapartida | K13: =Repasse | L13: =Contrapartida | N13: =Repasse | O13: =Contrapartida | Q13: =Repasse | R13: =Contrapartida | T13: =Repasse | U13: =Contrapartida | W13: =Repasse | X13: =Contrapartida | Z13: =Repasse | AA13: =Contrapartida | AC13: =Repasse | AD13: =Contrapartida | AF13: =Repasse | AG13: =Contrapartida | AI13: =Repasse | AJ13: =Contrapartida | AL13: =Repasse | AM13: =Contrapartida | AO13: =Repasse | AP13: =Contrapartida | AR13: =Repasse | AS13: =Contrapartida | AU13: =Repasse | AV13: =Contrapartida | AX13: =Repasse | AY13: =Contrapartida | BA13: =Repasse | BB13: =Contrapartida | BD13: =Repasse | BE13: =Contrapartida | BG13: =Repasse | BH13: =Contrapartida | BJ13: =Repasse | BK13: =Contrapartida | BM13: =Repasse | BN13: =Contrapartida | BP13: =Repasse | BQ13: =Contrapartida | BS13: =Repasse | BT13: =Contrapartida | BV13: =Repasse | BW13: =Contrapartida | BY13: =Repasse | BZ13: =Contrapartida | CB13: =Repasse | CC13: =Contrapartida | CE13: =Repasse | CF13: =Contrapartida | CH13: =Repasse | CI13: =Contrapartida | CK13: =Repasse | CL13: =Contrapartida | CN13: =Repasse | CO13: =Contrapartida | CQ13: =Repasse | CR13: =Contrapartida | CT13: =Repasse | CU13: =Contrapartida | CW13: =Repasse | CX13: =Contrapartida | CZ13: =Repasse | DA13: =Contrapartida | DC13: =Repasse | DD13: =Contrapartida | DF13: =Repasse | DG13: =Contrapartida | DI13: =Repasse | DJ13: =Contrapartida | DL13: =Repasse | DM13: =Contrapartida | DO13: =Repasse | DP13: =Contrapartida | DR13: =Repasse | DS13: =Contrapartida | DU13: =Repasse | DV13: =Contrapartida | DX13: =Repasse | DY13: =Contrapartida | EA13: =Repasse | EB13: =Contrapartida | ED13: =Repasse | EE13: =Contrapartida | EG13: =Repasse | EH13: =Contrapartida | EJ13: =Repasse | EK13: =Contrapartida | EM13: =Repasse | EN13: =Contrapartida | EP13: =Repasse | EQ13: =Contrapartida | ES13: =Repasse | ET13: =Contrapartida | EV13: =Repasse | EW13: =Contrapartida | EY13: =Repasse | EZ13: =Contrapartida | FB13: =Repasse | FC13: =Contrapartida | FE13: =Repasse | FF13: =Contrapartida | FH13: =Repasse | FI13: =Contrapartida | FK13: =Repasse | FL13: =Contrapartida | FN13: =Repasse | FO13: =Contrapartida | FQ13: =Repasse | FR13: =Contrapartida | FT13: =Repasse | FU13: =Contrapartida | FW13: =Repasse | FX13: =Contrapartida | FZ13: =Repasse | GA13: =Contrapartida | GC13: =Repasse | GD13: =Contrapartida | GF13: =Repasse | GG13: =Contrapartida | GI13: =Repasse | GJ13: =Contrapartida | GL13: =Repasse | GM13: =Contrapartida | GO13: =Repasse | GP13: =Contrapartida | GR13: =Repasse | GS13: =Contrapartida | GU13: =Repasse | GV13: =Contrapartida | GX13: =Repasse | GY13: =Contrapartida | HA13: =Repasse | HB13: =Contrapartida | HD13: =Repasse | HE13: =Contrapartida | HG13: =Repasse | HH13: =Contrapartida | HJ13: =Repasse | HK13: =Contrapartida | HM13: =Repasse | HN13: =Contrapartida | HP13: =Repasse | HQ13: =Contrapartida | HS13: =Repasse | HT13: =Contrapartida | HV13: =Repasse | HW13: =Contrapartida | HY13: =Repasse | HZ13: =Contrapartida | IB13: =Repasse | IC13: =Contrapartida | IE13: =Repasse | IF13: =Contrapartida | IH13: =Repasse | II13: =Contrapartida | IK13: =Repasse | IL13: =Contrapartida | IN13: =Repasse | IO13: =Contrapartida | IQ13: =Repasse | IR13: =Contrapartida | IT13: =Repasse | IU13: =Contrapartida
A14: =QCI!$B14 -> 0 | B14: =QCI!$M14 -> 0 | C14: =IF($B14=0,"",$B14/$B$53*100) | D14: =G14+J14+M14+P14+S14+V14+Y14+AB14+AE14+AH14+AK14+AN14+AQ14+AT14+AW14+AZ14+BC14+BF14+BI14+BL14+BO14+BR14+BU14+BX14+CA14+CD14+CG14+CJ14+CM14+CP14+CS14+CV14+CY14+DB14+DE14+DH14+DK14+DN14+DQ14+DT14+DW14+DZ14+EC14+EF14+EI14+EL14+EO14+ER14+EU14+EX14+FA14+FD14+FG14+FJ14+FM14+FP14+FS14+FV14+FY14+GB14+GE14+GH14+GK14+GN14+GQ14+GT14+GW14+GZ14+HC14+HF14+HI14+HL14+HO14+HR14+HU14+HX14+IA14+ID14+IG14+IJ14+IM14+IP14+IS14+IV14 -> 0 | E14: =Repasse | F14: =Contrapartida | H14: =Repasse | I14: =Contrapartida | K14: =Repasse | L14: =Contrapartida | N14: =Repasse | O14: =Contrapartida | Q14: =Repasse | R14: =Contrapartida | T14: =Repasse | U14: =Contrapartida | W14: =Repasse | X14: =Contrapartida | Z14: =Repasse | AA14: =Contrapartida | AC14: =Repasse | AD14: =Contrapartida | AF14: =Repasse | AG14: =Contrapartida | AI14: =Repasse | AJ14: =Contrapartida | AL14: =Repasse | AM14: =Contrapartida | AO14: =Repasse | AP14: =Contrapartida | AR14: =Repasse | AS14: =Contrapartida | AU14: =Repasse | AV14: =Contrapartida | AX14: =Repasse | AY14: =Contrapartida | BA14: =Repasse | BB14: =Contrapartida | BD14: =Repasse | BE14: =Contrapartida | BG14: =Repasse | BH14: =Contrapartida | BJ14: =Repasse | BK14: =Contrapartida | BM14: =Repasse | BN14: =Contrapartida | BP14: =Repasse | BQ14: =Contrapartida | BS14: =Repasse | BT14: =Contrapartida | BV14: =Repasse | BW14: =Contrapartida | BY14: =Repasse | BZ14: =Contrapartida | CB14: =Repasse | CC14: =Contrapartida | CE14: =Repasse | CF14: =Contrapartida | CH14: =Repasse | CI14: =Contrapartida | CK14: =Repasse | CL14: =Contrapartida | CN14: =Repasse | CO14: =Contrapartida | CQ14: =Repasse | CR14: =Contrapartida | CT14: =Repasse | CU14: =Contrapartida | CW14: =Repasse | CX14: =Contrapartida | CZ14: =Repasse | DA14: =Contrapartida | DC14: =Repasse | DD14: =Contrapartida | DF14: =Repasse | DG14: =Contrapartida | DI14: =Repasse | DJ14: =Contrapartida | DL14: =Repasse | DM14: =Contrapartida | DO14: =Repasse | DP14: =Contrapartida | DR14: =Repasse | DS14: =Contrapartida | DU14: =Repasse | DV14: =Contrapartida | DX14: =Repasse | DY14: =Contrapartida | EA14: =Repasse | EB14: =Contrapartida | ED14: =Repasse | EE14: =Contrapartida | EG14: =Repasse | EH14: =Contrapartida | EJ14: =Repasse | EK14: =Contrapartida | EM14: =Repasse | EN14: =Contrapartida | EP14: =Repasse | EQ14: =Contrapartida | ES14: =Repasse | ET14: =Contrapartida | EV14: =Repasse | EW14: =Contrapartida | EY14: =Repasse | EZ14: =Contrapartida | FB14: =Repasse | FC14: =Contrapartida | FE14: =Repasse | FF14: =Contrapartida | FH14: =Repasse | FI14: =Contrapartida | FK14: =Repasse | FL14: =Contrapartida | FN14: =Repasse | FO14: =Contrapartida | FQ14: =Repasse | FR14: =Contrapartida | FT14: =Repasse | FU14: =Contrapartida | FW14: =Repasse | FX14: =Contrapartida | FZ14: =Repasse | GA14: =Contrapartida | GC14: =Repasse | GD14: =Contrapartida | GF14: =Repasse | GG14: =Contrapartida | GI14: =Repasse | GJ14: =Contrapartida | GL14: =Repasse | GM14: =Contrapartida | GO14: =Repasse | GP14: =Contrapartida | GR14: =Repasse | GS14: =Contrapartida | GU14: =Repasse | GV14: =Contrapartida | GX14: =Repasse | GY14: =Contrapartida | HA14: =Repasse | HB14: =Contrapartida | HD14: =Repasse | HE14: =Contrapartida | HG14: =Repasse | HH14: =Contrapartida | HJ14: =Repasse | HK14: =Contrapartida | HM14: =Repasse | HN14: =Contrapartida | HP14: =Repasse | HQ14: =Contrapartida | HS14: =Repasse | HT14: =Contrapartida | HV14: =Repasse | HW14: =Contrapartida | HY14: =Repasse | HZ14: =Contrapartida | IB14: =Repasse | IC14: =Contrapartida | IE14: =Repasse | IF14: =Contrapartida | IH14: =Repasse | II14: =Contrapartida | IK14: =Repasse | IL14: =Contrapartida | IN14: =Repasse | IO14: =Contrapartida | IQ14: =Repasse | IR14: =Contrapartida | IT14: =Repasse | IU14: =Contrapartida
A15: =QCI!$B15 -> 1 | B15: =QCI!$M15 -> 58792.699 | C15: =IF($B15=0,"",$B15/$B$53*100) -> 16.569467 | D15: =G15+J15+M15+P15+S15+V15+Y15+AB15+AE15+AH15+AK15+AN15+AQ15+AT15+AW15+AZ15+BC15+BF15+BI15+BL15+BO15+BR15+BU15+BX15+CA15+CD15+CG15+CJ15+CM15+CP15+CS15+CV15+CY15+DB15+DE15+DH15+DK15+DN15+DQ15+DT15+DW15+DZ15+EC15+EF15+EI15+EL15+EO15+ER15+EU15+EX15+FA15+FD15+FG15+FJ15+FM15+FP15+FS15+FV15+FY15+GB15+GE15+GH15+GK15+GN15+GQ15+GT15+GW15+GZ15+HC15+HF15+HI15+HL15+HO15+HR15+HU15+HX15+IA15+ID15+IG15+IJ15+IM15+IP15+IS15+IV15 -> 100 | E15: =Repasse | F15: =Contrapartida -> 17637.81 | G15: 30 | H15: =Repasse | I15: =Contrapartida -> 17637.81 | J15: 30 | K15: =Repasse | L15: =Contrapartida -> 17637.81 | M15: 30 | N15: =Repasse | O15: =Contrapartida -> 5879.2699 | P15: 10 | Q15: =Repasse | R15: =Contrapartida -> 0 | T15: =Repasse | U15: =Contrapartida -> 0 | W15: =Repasse | X15: =Contrapartida -> 0 | Z15: =Repasse | AA15: =Contrapartida -> 0 | AC15: =Repasse | AD15: =Contrapartida -> 0 | AF15: =Repasse | AG15: =Contrapartida -> 0 | AI15: =Repasse | AJ15: =Contrapartida -> 0 | AL15: =Repasse | AM15: =Contrapartida -> 0 | AO15: =Repasse | AP15: =Contrapartida -> 0 | AR15: =Repasse | AS15: =Contrapartida -> 0 | AU15: =Repasse | AV15: =Contrapartida -> 0 | AX15: =Repasse | AY15: =Contrapartida -> 0 | BA15: =Repasse | BB15: =Contrapartida -> 0 | BD15: =Repasse | BE15: =Contrapartida -> 0 | BG15: =Repasse | BH15: =Contrapartida -> 0 | BJ15: =Repasse | BK15: =Contrapartida -> 0 | BM15: =Repasse | BN15: =Contrapartida -> 0 | BP15: =Repasse | BQ15: =Contrapartida -> 0 | BS15: =Repasse | BT15: =Contrapartida -> 0 | BV15: =Repasse | BW15: =Contrapartida -> 0 | BY15: =Repasse | BZ15: =Contrapartida -> 0 | CB15: =Repasse | CC15: =Contrapartida -> 0 | CE15: =Repasse | CF15: =Contrapartida -> 0 | CH15: =Repasse | CI15: =Contrapartida -> 0 | CK15: =Repasse | CL15: =Contrapartida -> 0 | CN15: =Repasse | CO15: =Contrapartida -> 0 | CQ15: =Repasse | CR15: =Contrapartida -> 0 | CT15: =Repasse | CU15: =Contrapartida -> 0 | CW15: =Repasse | CX15: =Contrapartida -> 0 | CZ15: =Repasse | DA15: =Contrapartida -> 0 | DC15: =Repasse | DD15: =Contrapartida -> 0 | DF15: =Repasse | DG15: =Contrapartida -> 0 | DI15: =Repasse | DJ15: =Contrapartida -> 0 | DL15: =Repasse | DM15: =Contrapartida -> 0 | DO15: =Repasse | DP15: =Contrapartida -> 0 | DR15: =Repasse | DS15: =Contrapartida -> 0 | DU15: =Repasse | DV15: =Contrapartida -> 0 | DX15: =Repasse | DY15: =Contrapartida -> 0 | EA15: =Repasse | EB15: =Contrapartida -> 0 | ED15: =Repasse | EE15: =Contrapartida -> 0 | EG15: =Repasse | EH15: =Contrapartida -> 0 | EJ15: =Repasse | EK15: =Contrapartida -> 0 | EM15: =Repasse | EN15: =Contrapartida -> 0 | EP15: =Repasse | EQ15: =Contrapartida -> 0 | ES15: =Repasse | ET15: =Contrapartida -> 0 | EV15: =Repasse | EW15: =Contrapartida -> 0 | EY15: =Repasse | EZ15: =Contrapartida -> 0 | FB15: =Repasse | FC15: =Contrapartida -> 0 | FE15: =Repasse | FF15: =Contrapartida -> 0 | FH15: =Repasse | FI15: =Contrapartida -> 0 | FK15: =Repasse | FL15: =Contrapartida -> 0 | FN15: =Repasse | FO15: =Contrapartida -> 0 | FQ15: =Repasse | FR15: =Contrapartida -> 0 | FT15: =Repasse | FU15: =Contrapartida -> 0 | FW15: =Repasse | FX15: =Contrapartida -> 0 | FZ15: =Repasse | GA15: =Contrapartida -> 0 | GC15: =Repasse | GD15: =Contrapartida -> 0 | GF15: =Repasse | GG15: =Contrapartida -> 0 | GI15: =Repasse | GJ15: =Contrapartida -> 0 | GL15: =Repasse | GM15: =Contrapartida -> 0 | GO15: =Repasse | GP15: =Contrapartida -> 0 | GR15: =Repasse | GS15: =Contrapartida -> 0 | GU15: =Repasse | GV15: =Contrapartida -> 0 | GX15: =Repasse | GY15: =Contrapartida -> 0 | HA15: =Repasse | HB15: =Contrapartida -> 0 | HD15: =Repasse | HE15: =Contrapartida -> 0 | HG15: =Repasse | HH15: =Contrapartida -> 0 | HJ15: =Repasse | HK15: =Contrapartida -> 0 | HM15: =Repasse | HN15: =Contrapartida -> 0 | HP15: =Repasse | HQ15: =Contrapartida -> 0 | HS15: =Repasse | HT15: =Contrapartida -> 0 | HV15: =Repasse | HW15: =Contrapartida -> 0 | HY15: =Repasse | HZ15: =Contrapartida -> 0 | IB15: =Repasse | IC15: =Contrapartida -> 0 | IE15: =Repasse | IF15: =Contrapartida -> 0 | IH15: =Repasse | II15: =Contrapartida -> 0 | IK15: =Repasse | IL15: =Contrapartida -> 0 | IN15: =Repasse | IO15: =Contrapartida -> 0 | IQ15: =Repasse | IR15: =Contrapartida -> 0 | IT15: =Repasse | IU15: =Contrapartida -> 0
A16: =QCI!$B16 -> 2 | B16: =QCI!$M16 -> 217136.98 | C16: =IF($B16=0,"",$B16/$B$53*100) -> 61.195422 | D16: =G16+J16+M16+P16+S16+V16+Y16+AB16+AE16+AH16+AK16+AN16+AQ16+AT16+AW16+AZ16+BC16+BF16+BI16+BL16+BO16+BR16+BU16+BX16+CA16+CD16+CG16+CJ16+CM16+CP16+CS16+CV16+CY16+DB16+DE16+DH16+DK16+DN16+DQ16+DT16+DW16+DZ16+EC16+EF16+EI16+EL16+EO16+ER16+EU16+EX16+FA16+FD16+FG16+FJ16+FM16+FP16+FS16+FV16+FY16+GB16+GE16+GH16+GK16+GN16+GQ16+GT16+GW16+GZ16+HC16+HF16+HI16+HL16+HO16+HR16+HU16+HX16+IA16+ID16+IG16+IJ16+IM16+IP16+IS16+IV16 -> 100 | E16: =Repasse | F16: =Contrapartida -> 65141.094 | G16: 30 | H16: =Repasse | I16: =Contrapartida -> 65141.094 | J16: 30 | K16: =Repasse | L16: =Contrapartida -> 65141.094 | M16: 30 | N16: =Repasse | O16: =Contrapartida -> 21713.698 | P16: 10 | Q16: =Repasse | R16: =Contrapartida -> 0 | T16: =Repasse | U16: =Contrapartida -> 0 | W16: =Repasse | X16: =Contrapartida -> 0 | Z16: =Repasse | AA16: =Contrapartida -> 0 | AC16: =Repasse | AD16: =Contrapartida -> 0 | AF16: =Repasse | AG16: =Contrapartida -> 0 | AI16: =Repasse | AJ16: =Contrapartida -> 0 | AL16: =Repasse | AM16: =Contrapartida -> 0 | AO16: =Repasse | AP16: =Contrapartida -> 0 | AR16: =Repasse | AS16: =Contrapartida -> 0 | AU16: =Repasse | AV16: =Contrapartida -> 0 | AX16: =Repasse | AY16: =Contrapartida -> 0 | BA16: =Repasse | BB16: =Contrapartida -> 0 | BD16: =Repasse | BE16: =Contrapartida -> 0 | BG16: =Repasse | BH16: =Contrapartida -> 0 | BJ16: =Repasse | BK16: =Contrapartida -> 0 | BM16: =Repasse | BN16: =Contrapartida -> 0 | BP16: =Repasse | BQ16: =Contrapartida -> 0 | BS16: =Repasse | BT16: =Contrapartida -> 0 | BV16: =Repasse | BW16: =Contrapartida -> 0 | BY16: =Repasse | BZ16: =Contrapartida -> 0 | CB16: =Repasse | CC16: =Contrapartida -> 0 | CE16: =Repasse | CF16: =Contrapartida -> 0 | CH16: =Repasse | CI16: =Contrapartida -> 0 | CK16: =Repasse | CL16: =Contrapartida -> 0 | CN16: =Repasse | CO16: =Contrapartida -> 0 | CQ16: =Repasse | CR16: =Contrapartida -> 0 | CT16: =Repasse | CU16: =Contrapartida -> 0 | CW16: =Repasse | CX16: =Contrapartida -> 0 | CZ16: =Repasse | DA16: =Contrapartida -> 0 | DC16: =Repasse | DD16: =Contrapartida -> 0 | DF16: =Repasse | DG16: =Contrapartida -> 0 | DI16: =Repasse | DJ16: =Contrapartida -> 0 | DL16: =Repasse | DM16: =Contrapartida -> 0 | DO16: =Repasse | DP16: =Contrapartida -> 0 | DR16: =Repasse | DS16: =Contrapartida -> 0 | DU16: =Repasse | DV16: =Contrapartida -> 0 | DX16: =Repasse | DY16: =Contrapartida -> 0 | EA16: =Repasse | EB16: =Contrapartida -> 0 | ED16: =Repasse | EE16: =Contrapartida -> 0 | EG16: =Repasse | EH16: =Contrapartida -> 0 | EJ16: =Repasse | EK16: =Contrapartida -> 0 | EM16: =Repasse | EN16: =Contrapartida -> 0 | EP16: =Repasse | EQ16: =Contrapartida -> 0 | ES16: =Repasse | ET16: =Contrapartida -> 0 | EV16: =Repasse | EW16: =Contrapartida -> 0 | EY16: =Repasse | EZ16: =Contrapartida -> 0 | FB16: =Repasse | FC16: =Contrapartida -> 0 | FE16: =Repasse | FF16: =Contrapartida -> 0 | FH16: =Repasse | FI16: =Contrapartida -> 0 | FK16: =Repasse | FL16: =Contrapartida -> 0 | FN16: =Repasse | FO16: =Contrapartida -> 0 | FQ16: =Repasse | FR16: =Contrapartida -> 0 | FT16: =Repasse | FU16: =Contrapartida -> 0 | FW16: =Repasse | FX16: =Contrapartida -> 0 | FZ16: =Repasse | GA16: =Contrapartida -> 0 | GC16: =Repasse | GD16: =Contrapartida -> 0 | GF16: =Repasse | GG16: =Contrapartida -> 0 | GI16: =Repasse | GJ16: =Contrapartida -> 0 | GL16: =Repasse | GM16: =Contrapartida -> 0 | GO16: =Repasse | GP16: =Contrapartida -> 0 | GR16: =Repasse | GS16: =Contrapartida -> 0 | GU16: =Repasse | GV16: =Contrapartida -> 0 | GX16: =Repasse | GY16: =Contrapartida -> 0 | HA16: =Repasse | HB16: =Contrapartida -> 0 | HD16: =Repasse | HE16: =Contrapartida -> 0 | HG16: =Repasse | HH16: =Contrapartida -> 0 | HJ16: =Repasse | HK16: =Contrapartida -> 0 | HM16: =Repasse | HN16: =Contrapartida -> 0 | HP16: =Repasse | HQ16: =Contrapartida -> 0 | HS16: =Repasse | HT16: =Contrapartida -> 0 | HV16: =Repasse | HW16: =Contrapartida -> 0 | HY16: =Repasse | HZ16: =Contrapartida -> 0 | IB16: =Repasse | IC16: =Contrapartida -> 0 | IE16: =Repasse | IF16: =Contrapartida -> 0 | IH16: =Repasse | II16: =Contrapartida -> 0 | IK16: =Repasse | IL16: =Contrapartida -> 0 | IN16: =Repasse | IO16: =Contrapartida -> 0 | IQ16: =Repasse | IR16: =Contrapartida -> 0 | IT16: =Repasse | IU16: =Contrapartida -> 0
A17: =QCI!$B17 -> 3 | B17: =QCI!$M17 -> 8616.3863 | C17: =IF($B17=0,"",$B17/$B$53*100) -> 2.4283445 | D17: =G17+J17+M17+P17+S17+V17+Y17+AB17+AE17+AH17+AK17+AN17+AQ17+AT17+AW17+AZ17+BC17+BF17+BI17+BL17+BO17+BR17+BU17+BX17+CA17+CD17+CG17+CJ17+CM17+CP17+CS17+CV17+CY17+DB17+DE17+DH17+DK17+DN17+DQ17+DT17+DW17+DZ17+EC17+EF17+EI17+EL17+EO17+ER17+EU17+EX17+FA17+FD17+FG17+FJ17+FM17+FP17+FS17+FV17+FY17+GB17+GE17+GH17+GK17+GN17+GQ17+GT17+GW17+GZ17+HC17+HF17+HI17+HL17+HO17+HR17+HU17+HX17+IA17+ID17+IG17+IJ17+IM17+IP17+IS17+IV17 -> 100 | E17: =Repasse | F17: =Contrapartida -> 0 | H17: =Repasse | I17: =Contrapartida -> 0 | K17: =Repasse | L17: =Contrapartida -> 0 | N17: =Repasse | O17: =Contrapartida -> 8616.3863 | P17: 100 | Q17: =Repasse | R17: =Contrapartida -> 0 | T17: =Repasse | U17: =Contrapartida -> 0 | W17: =Repasse | X17: =Contrapartida -> 0 | Z17: =Repasse | AA17: =Contrapartida -> 0 | AC17: =Repasse | AD17: =Contrapartida -> 0 | AF17: =Repasse | AG17: =Contrapartida -> 0 | AI17: =Repasse | AJ17: =Contrapartida -> 0 | AL17: =Repasse | AM17: =Contrapartida -> 0 | AO17: =Repasse | AP17: =Contrapartida -> 0 | AR17: =Repasse | AS17: =Contrapartida -> 0 | AU17: =Repasse | AV17: =Contrapartida -> 0 | AX17: =Repasse | AY17: =Contrapartida -> 0 | BA17: =Repasse | BB17: =Contrapartida -> 0 | BD17: =Repasse | BE17: =Contrapartida -> 0 | BG17: =Repasse | BH17: =Contrapartida -> 0 | BJ17: =Repasse | BK17: =Contrapartida -> 0 | BM17: =Repasse | BN17: =Contrapartida -> 0 | BP17: =Repasse | BQ17: =Contrapartida -> 0 | BS17: =Repasse | BT17: =Contrapartida -> 0 | BV17: =Repasse | BW17: =Contrapartida -> 0 | BY17: =Repasse | BZ17: =Contrapartida -> 0 | CB17: =Repasse | CC17: =Contrapartida -> 0 | CE17: =Repasse | CF17: =Contrapartida -> 0 | CH17: =Repasse | CI17: =Contrapartida -> 0 | CK17: =Repasse | CL17: =Contrapartida -> 0 | CN17: =Repasse | CO17: =Contrapartida -> 0 | CQ17: =Repasse | CR17: =Contrapartida -> 0 | CT17: =Repasse | CU17: =Contrapartida -> 0 | CW17: =Repasse | CX17: =Contrapartida -> 0 | CZ17: =Repasse | DA17: =Contrapartida -> 0 | DC17: =Repasse | DD17: =Contrapartida -> 0 | DF17: =Repasse | DG17: =Contrapartida -> 0 | DI17: =Repasse | DJ17: =Contrapartida -> 0 | DL17: =Repasse | DM17: =Contrapartida -> 0 | DO17: =Repasse | DP17: =Contrapartida -> 0 | DR17: =Repasse | DS17: =Contrapartida -> 0 | DU17: =Repasse | DV17: =Contrapartida -> 0 | DX17: =Repasse | DY17: =Contrapartida -> 0 | EA17: =Repasse | EB17: =Contrapartida -> 0 | ED17: =Repasse | EE17: =Contrapartida -> 0 | EG17: =Repasse | EH17: =Contrapartida -> 0 | EJ17: =Repasse | EK17: =Contrapartida -> 0 | EM17: =Repasse | EN17: =Contrapartida -> 0 | EP17: =Repasse | EQ17: =Contrapartida -> 0 | ES17: =Repasse | ET17: =Contrapartida -> 0 | EV17: =Repasse | EW17: =Contrapartida -> 0 | EY17: =Repasse | EZ17: =Contrapartida -> 0 | FB17: =Repasse | FC17: =Contrapartida -> 0 | FE17: =Repasse | FF17: =Contrapartida -> 0 | FH17: =Repasse | FI17: =Contrapartida -> 0 | FK17: =Repasse | FL17: =Contrapartida -> 0 | FN17: =Repasse | FO17: =Contrapartida -> 0 | FQ17: =Repasse | FR17: =Contrapartida -> 0 | FT17: =Repasse | FU17: =Contrapartida -> 0 | FW17: =Repasse | FX17: =Contrapartida -> 0 | FZ17: =Repasse | GA17: =Contrapartida -> 0 | GC17: =Repasse | GD17: =Contrapartida -> 0 | GF17: =Repasse | GG17: =Contrapartida -> 0 | GI17: =Repasse | GJ17: =Contrapartida -> 0 | GL17: =Repasse | GM17: =Contrapartida -> 0 | GO17: =Repasse | GP17: =Contrapartida -> 0 | GR17: =Repasse | GS17: =Contrapartida -> 0 | GU17: =Repasse | GV17: =Contrapartida -> 0 | GX17: =Repasse | GY17: =Contrapartida -> 0 | HA17: =Repasse | HB17: =Contrapartida -> 0 | HD17: =Repasse | HE17: =Contrapartida -> 0 | HG17: =Repasse | HH17: =Contrapartida -> 0 | HJ17: =Repasse | HK17: =Contrapartida -> 0 | HM17: =Repasse | HN17: =Contrapartida -> 0 | HP17: =Repasse | HQ17: =Contrapartida -> 0 | HS17: =Repasse | HT17: =Contrapartida -> 0 | HV17: =Repasse | HW17: =Contrapartida -> 0 | HY17: =Repasse | HZ17: =Contrapartida -> 0 | IB17: =Repasse | IC17: =Contrapartida -> 0 | IE17: =Repasse | IF17: =Contrapartida -> 0 | IH17: =Repasse | II17: =Contrapartida -> 0 | IK17: =Repasse | IL17: =Contrapartida -> 0 | IN17: =Repasse | IO17: =Contrapartida -> 0 | IQ17: =Repasse | IR17: =Contrapartida -> 0 | IT17: =Repasse | IU17: =Contrapartida -> 0
A18: =QCI!$B18 -> 4 | B18: =QCI!$M18 -> 70279.466 | C18: =IF($B18=0,"",$B18/$B$53*100) -> 19.806767 | D18: =G18+J18+M18+P18+S18+V18+Y18+AB18+AE18+AH18+AK18+AN18+AQ18+AT18+AW18+AZ18+BC18+BF18+BI18+BL18+BO18+BR18+BU18+BX18+CA18+CD18+CG18+CJ18+CM18+CP18+CS18+CV18+CY18+DB18+DE18+DH18+DK18+DN18+DQ18+DT18+DW18+DZ18+EC18+EF18+EI18+EL18+EO18+ER18+EU18+EX18+FA18+FD18+FG18+FJ18+FM18+FP18+FS18+FV18+FY18+GB18+GE18+GH18+GK18+GN18+GQ18+GT18+GW18+GZ18+HC18+HF18+HI18+HL18+HO18+HR18+HU18+HX18+IA18+ID18+IG18+IJ18+IM18+IP18+IS18+IV18 -> 100 | E18: =Repasse | F18: =Contrapartida -> 0 | G18: 0 | H18: =Repasse | I18: =Contrapartida -> 21083.84 | J18: 30 | K18: =Repasse | L18: =Contrapartida -> 21083.84 | M18: 30 | N18: =Repasse | O18: =Contrapartida -> 28111.786 | P18: 40 | Q18: =Repasse | R18: =Contrapartida -> 0 | T18: =Repasse | U18: =Contrapartida -> 0 | W18: =Repasse | X18: =Contrapartida -> 0 | Z18: =Repasse | AA18: =Contrapartida -> 0 | AC18: =Repasse | AD18: =Contrapartida -> 0 | AF18: =Repasse | AG18: =Contrapartida -> 0 | AI18: =Repasse | AJ18: =Contrapartida -> 0 | AL18: =Repasse | AM18: =Contrapartida -> 0 | AO18: =Repasse | AP18: =Contrapartida -> 0 | AR18: =Repasse | AS18: =Contrapartida -> 0 | AU18: =Repasse | AV18: =Contrapartida -> 0 | AX18: =Repasse | AY18: =Contrapartida -> 0 | BA18: =Repasse | BB18: =Contrapartida -> 0 | BD18: =Repasse | BE18: =Contrapartida -> 0 | BG18: =Repasse | BH18: =Contrapartida -> 0 | BJ18: =Repasse | BK18: =Contrapartida -> 0 | BM18: =Repasse | BN18: =Contrapartida -> 0 | BP18: =Repasse | BQ18: =Contrapartida -> 0 | BS18: =Repasse | BT18: =Contrapartida -> 0 | BV18: =Repasse | BW18: =Contrapartida -> 0 | BY18: =Repasse | BZ18: =Contrapartida -> 0 | CB18: =Repasse | CC18: =Contrapartida -> 0 | CE18: =Repasse | CF18: =Contrapartida -> 0 | CH18: =Repasse | CI18: =Contrapartida -> 0 | CK18: =Repasse | CL18: =Contrapartida -> 0 | CN18: =Repasse | CO18: =Contrapartida -> 0 | CQ18: =Repasse | CR18: =Contrapartida -> 0 | CT18: =Repasse | CU18: =Contrapartida -> 0 | CW18: =Repasse | CX18: =Contrapartida -> 0 | CZ18: =Repasse | DA18: =Contrapartida -> 0 | DC18: =Repasse | DD18: =Contrapartida -> 0 | DF18: =Repasse | DG18: =Contrapartida -> 0 | DI18: =Repasse | DJ18: =Contrapartida -> 0 | DL18: =Repasse | DM18: =Contrapartida -> 0 | DO18: =Repasse | DP18: =Contrapartida -> 0 | DR18: =Repasse | DS18: =Contrapartida -> 0 | DU18: =Repasse | DV18: =Contrapartida -> 0 | DX18: =Repasse | DY18: =Contrapartida -> 0 | EA18: =Repasse | EB18: =Contrapartida -> 0 | ED18: =Repasse | EE18: =Contrapartida -> 0 | EG18: =Repasse | EH18: =Contrapartida -> 0 | EJ18: =Repasse | EK18: =Contrapartida -> 0 | EM18: =Repasse | EN18: =Contrapartida -> 0 | EP18: =Repasse | EQ18: =Contrapartida -> 0 | ES18: =Repasse | ET18: =Contrapartida -> 0 | EV18: =Repasse | EW18: =Contrapartida -> 0 | EY18: =Repasse | EZ18: =Contrapartida -> 0 | FB18: =Repasse | FC18: =Contrapartida -> 0 | FE18: =Repasse | FF18: =Contrapartida -> 0 | FH18: =Repasse | FI18: =Contrapartida -> 0 | FK18: =Repasse | FL18: =Contrapartida -> 0 | FN18: =Repasse | FO18: =Contrapartida -> 0 | FQ18: =Repasse | FR18: =Contrapartida -> 0 | FT18: =Repasse | FU18: =Contrapartida -> 0 | FW18: =Repasse | FX18: =Contrapartida -> 0 | FZ18: =Repasse | GA18: =Contrapartida -> 0 | GC18: =Repasse | GD18: =Contrapartida -> 0 | GF18: =Repasse | GG18: =Contrapartida -> 0 | GI18: =Repasse | GJ18: =Contrapartida -> 0 | GL18: =Repasse | GM18: =Contrapartida -> 0 | GO18: =Repasse | GP18: =Contrapartida -> 0 | GR18: =Repasse | GS18: =Contrapartida -> 0 | GU18: =Repasse | GV18: =Contrapartida -> 0 | GX18: =Repasse | GY18: =Contrapartida -> 0 | HA18: =Repasse | HB18: =Contrapartida -> 0 | HD18: =Repasse | HE18: =Contrapartida -> 0 | HG18: =Repasse | HH18: =Contrapartida -> 0 | HJ18: =Repasse | HK18: =Contrapartida -> 0 | HM18: =Repasse | HN18: =Contrapartida -> 0 | HP18: =Repasse | HQ18: =Contrapartida -> 0 | HS18: =Repasse | HT18: =Contrapartida -> 0 | HV18: =Repasse | HW18: =Contrapartida -> 0 | HY18: =Repasse | HZ18: =Contrapartida -> 0 | IB18: =Repasse | IC18: =Contrapartida -> 0 | IE18: =Repasse | IF18: =Contrapartida -> 0 | IH18: =Repasse | II18: =Contrapartida -> 0 | IK18: =Repasse | IL18: =Contrapartida -> 0 | IN18: =Repasse | IO18: =Contrapartida -> 0 | IQ18: =Repasse | IR18: =Contrapartida -> 0 | IT18: =Repasse | IU18: =Contrapartida -> 0
A19: =QCI!$B19 -> 0 | B19: =QCI!$M19 -> 0 | C19: =IF($B19=0,"",$B19/$B$53*100) | D19: =G19+J19+M19+P19+S19+V19+Y19+AB19+AE19+AH19+AK19+AN19+AQ19+AT19+AW19+AZ19+BC19+BF19+BI19+BL19+BO19+BR19+BU19+BX19+CA19+CD19+CG19+CJ19+CM19+CP19+CS19+CV19+CY19+DB19+DE19+DH19+DK19+DN19+DQ19+DT19+DW19+DZ19+EC19+EF19+EI19+EL19+EO19+ER19+EU19+EX19+FA19+FD19+FG19+FJ19+FM19+FP19+FS19+FV19+FY19+GB19+GE19+GH19+GK19+GN19+GQ19+GT19+GW19+GZ19+HC19+HF19+HI19+HL19+HO19+HR19+HU19+HX19+IA19+ID19+IG19+IJ19+IM19+IP19+IS19+IV19 -> 0 | E19: =Repasse | F19: =Contrapartida | H19: =Repasse | I19: =Contrapartida | K19: =Repasse | L19: =Contrapartida | N19: =Repasse | O19: =Contrapartida | Q19: =Repasse | R19: =Contrapartida | T19: =Repasse | U19: =Contrapartida | W19: =Repasse | X19: =Contrapartida | Z19: =Repasse | AA19: =Contrapartida | AC19: =Repasse | AD19: =Contrapartida | AF19: =Repasse | AG19: =Contrapartida | AI19: =Repasse | AJ19: =Contrapartida | AL19: =Repasse | AM19: =Contrapartida | AO19: =Repasse | AP19: =Contrapartida | AR19: =Repasse | AS19: =Contrapartida | AU19: =Repasse | AV19: =Contrapartida | AX19: =Repasse | AY19: =Contrapartida | BA19: =Repasse | BB19: =Contrapartida | BD19: =Repasse | BE19: =Contrapartida | BG19: =Repasse | BH19: =Contrapartida | BJ19: =Repasse | BK19: =Contrapartida | BM19: =Repasse | BN19: =Contrapartida | BP19: =Repasse | BQ19: =Contrapartida | BS19: =Repasse | BT19: =Contrapartida | BV19: =Repasse | BW19: =Contrapartida | BY19: =Repasse | BZ19: =Contrapartida | CB19: =Repasse | CC19: =Contrapartida | CE19: =Repasse | CF19: =Contrapartida | CH19: =Repasse | CI19: =Contrapartida | CK19: =Repasse | CL19: =Contrapartida | CN19: =Repasse | CO19: =Contrapartida | CQ19: =Repasse | CR19: =Contrapartida | CT19: =Repasse | CU19: =Contrapartida | CW19: =Repasse | CX19: =Contrapartida | CZ19: =Repasse | DA19: =Contrapartida | DC19: =Repasse | DD19: =Contrapartida | DF19: =Repasse | DG19: =Contrapartida | DI19: =Repasse | DJ19: =Contrapartida | DL19: =Repasse | DM19: =Contrapartida | DO19: =Repasse | DP19: =Contrapartida | DR19: =Repasse | DS19: =Contrapartida | DU19: =Repasse | DV19: =Contrapartida | DX19: =Repasse | DY19: =Contrapartida | EA19: =Repasse | EB19: =Contrapartida | ED19: =Repasse | EE19: =Contrapartida | EG19: =Repasse | EH19: =Contrapartida | EJ19: =Repasse | EK19: =Contrapartida | EM19: =Repasse | EN19: =Contrapartida | EP19: =Repasse | EQ19: =Contrapartida | ES19: =Repasse | ET19: =Contrapartida | EV19: =Repasse | EW19: =Contrapartida | EY19: =Repasse | EZ19: =Contrapartida | FB19: =Repasse | FC19: =Contrapartida | FE19: =Repasse | FF19: =Contrapartida | FH19: =Repasse | FI19: =Contrapartida | FK19: =Repasse | FL19: =Contrapartida | FN19: =Repasse | FO19: =Contrapartida | FQ19: =Repasse | FR19: =Contrapartida | FT19: =Repasse | FU19: =Contrapartida | FW19: =Repasse | FX19: =Contrapartida | FZ19: =Repasse | GA19: =Contrapartida | GC19: =Repasse | GD19: =Contrapartida | GF19: =Repasse | GG19: =Contrapartida | GI19: =Repasse | GJ19: =Contrapartida | GL19: =Repasse | GM19: =Contrapartida | GO19: =Repasse | GP19: =Contrapartida | GR19: =Repasse | GS19: =Contrapartida | GU19: =Repasse | GV19: =Contrapartida | GX19: =Repasse | GY19: =Contrapartida | HA19: =Repasse | HB19: =Contrapartida | HD19: =Repasse | HE19: =Contrapartida | HG19: =Repasse | HH19: =Contrapartida | HJ19: =Repasse | HK19: =Contrapartida | HM19: =Repasse | HN19: =Contrapartida | HP19: =Repasse | HQ19: =Contrapartida | HS19: =Repasse | HT19: =Contrapartida | HV19: =Repasse | HW19: =Contrapartida | HY19: =Repasse | HZ19: =Contrapartida | IB19: =Repasse | IC19: =Contrapartida | IE19: =Repasse | IF19: =Contrapartida | IH19: =Repasse | II19: =Contrapartida | IK19: =Repasse | IL19: =Contrapartida | IN19: =Repasse | IO19: =Contrapartida | IQ19: =Repasse | IR19: =Contrapartida | IT19: =Repasse | IU19: =Contrapartida
A20: =QCI!$B20 -> 0 | B20: =QCI!$M20 -> 0 | C20: =IF($B20=0,"",$B20/$B$53*100) | D20: =G20+J20+M20+P20+S20+V20+Y20+AB20+AE20+AH20+AK20+AN20+AQ20+AT20+AW20+AZ20+BC20+BF20+BI20+BL20+BO20+BR20+BU20+BX20+CA20+CD20+CG20+CJ20+CM20+CP20+CS20+CV20+CY20+DB20+DE20+DH20+DK20+DN20+DQ20+DT20+DW20+DZ20+EC20+EF20+EI20+EL20+EO20+ER20+EU20+EX20+FA20+FD20+FG20+FJ20+FM20+FP20+FS20+FV20+FY20+GB20+GE20+GH20+GK20+GN20+GQ20+GT20+GW20+GZ20+HC20+HF20+HI20+HL20+HO20+HR20+HU20+HX20+IA20+ID20+IG20+IJ20+IM20+IP20+IS20+IV20 -> 0 | E20: =Repasse | F20: =Contrapartida | H20: =Repasse | I20: =Contrapartida | K20: =Repasse | L20: =Contrapartida | N20: =Repasse | O20: =Contrapartida | Q20: =Repasse | R20: =Contrapartida | T20: =Repasse | U20: =Contrapartida | W20: =Repasse | X20: =Contrapartida | Z20: =Repasse | AA20: =Contrapartida | AC20: =Repasse | AD20: =Contrapartida | AF20: =Repasse | AG20: =Contrapartida | AI20: =Repasse | AJ20: =Contrapartida | AL20: =Repasse | AM20: =Contrapartida | AO20: =Repasse | AP20: =Contrapartida | AR20: =Repasse | AS20: =Contrapartida | AU20: =Repasse | AV20: =Contrapartida | AX20: =Repasse | AY20: =Contrapartida | BA20: =Repasse | BB20: =Contrapartida | BD20: =Repasse | BE20: =Contrapartida | BG20: =Repasse | BH20: =Contrapartida | BJ20: =Repasse | BK20: =Contrapartida | BM20: =Repasse | BN20: =Contrapartida | BP20: =Repasse | BQ20: =Contrapartida | BS20: =Repasse | BT20: =Contrapartida | BV20: =Repasse | BW20: =Contrapartida | BY20: =Repasse | BZ20: =Contrapartida | CB20: =Repasse | CC20: =Contrapartida | CE20: =Repasse | CF20: =Contrapartida | CH20: =Repasse | CI20: =Contrapartida | CK20: =Repasse | CL20: =Contrapartida | CN20: =Repasse | CO20: =Contrapartida | CQ20: =Repasse | CR20: =Contrapartida | CT20: =Repasse | CU20: =Contrapartida | CW20: =Repasse | CX20: =Contrapartida | CZ20: =Repasse | DA20: =Contrapartida | DC20: =Repasse | DD20: =Contrapartida | DF20: =Repasse | DG20: =Contrapartida | DI20: =Repasse | DJ20: =Contrapartida | DL20: =Repasse | DM20: =Contrapartida | DO20: =Repasse | DP20: =Contrapartida | DR20: =Repasse | DS20: =Contrapartida | DU20: =Repasse | DV20: =Contrapartida | DX20: =Repasse | DY20: =Contrapartida | EA20: =Repasse | EB20: =Contrapartida | ED20: =Repasse | EE20: =Contrapartida | EG20: =Repasse | EH20: =Contrapartida | EJ20: =Repasse | EK20: =Contrapartida | EM20: =Repasse | EN20: =Contrapartida | EP20: =Repasse | EQ20: =Contrapartida | ES20: =Repasse | ET20: =Contrapartida | EV20: =Repasse | EW20: =Contrapartida | EY20: =Repasse | EZ20: =Contrapartida | FB20: =Repasse | FC20: =Contrapartida | FE20: =Repasse | FF20: =Contrapartida | FH20: =Repasse | FI20: =Contrapartida | FK20: =Repasse | FL20: =Contrapartida | FN20: =Repasse | FO20: =Contrapartida | FQ20: =Repasse | FR20: =Contrapartida | FT20: =Repasse | FU20: =Contrapartida | FW20: =Repasse | FX20: =Contrapartida | FZ20: =Repasse | GA20: =Contrapartida | GC20: =Repasse | GD20: =Contrapartida | GF20: =Repasse | GG20: =Contrapartida | GI20: =Repasse | GJ20: =Contrapartida | GL20: =Repasse | GM20: =Contrapartida | GO20: =Repasse | GP20: =Contrapartida | GR20: =Repasse | GS20: =Contrapartida | GU20: =Repasse | GV20: =Contrapartida | GX20: =Repasse | GY20: =Contrapartida | HA20: =Repasse | HB20: =Contrapartida | HD20: =Repasse | HE20: =Contrapartida | HG20: =Repasse | HH20: =Contrapartida | HJ20: =Repasse | HK20: =Contrapartida | HM20: =Repasse | HN20: =Contrapartida | HP20: =Repasse | HQ20: =Contrapartida | HS20: =Repasse | HT20: =Contrapartida | HV20: =Repasse | HW20: =Contrapartida | HY20: =Repasse | HZ20: =Contrapartida | IB20: =Repasse | IC20: =Contrapartida | IE20: =Repasse | IF20: =Contrapartida | IH20: =Repasse | II20: =Contrapartida | IK20: =Repasse | IL20: =Contrapartida | IN20: =Repasse | IO20: =Contrapartida | IQ20: =Repasse | IR20: =Contrapartida | IT20: =Repasse | IU20: =Contrapartida
A21: =QCI!$B21 -> 0 | B21: =QCI!$M21 -> 0 | C21: =IF($B21=0,"",$B21/$B$53*100) | D21: =G21+J21+M21+P21+S21+V21+Y21+AB21+AE21+AH21+AK21+AN21+AQ21+AT21+AW21+AZ21+BC21+BF21+BI21+BL21+BO21+BR21+BU21+BX21+CA21+CD21+CG21+CJ21+CM21+CP21+CS21+CV21+CY21+DB21+DE21+DH21+DK21+DN21+DQ21+DT21+DW21+DZ21+EC21+EF21+EI21+EL21+EO21+ER21+EU21+EX21+FA21+FD21+FG21+FJ21+FM21+FP21+FS21+FV21+FY21+GB21+GE21+GH21+GK21+GN21+GQ21+GT21+GW21+GZ21+HC21+HF21+HI21+HL21+HO21+HR21+HU21+HX21+IA21+ID21+IG21+IJ21+IM21+IP21+IS21+IV21 -> 0 | E21: =Repasse | F21: =Contrapartida | H21: =Repasse | I21: =Contrapartida | K21: =Repasse | L21: =Contrapartida | N21: =Repasse | O21: =Contrapartida | Q21: =Repasse | R21: =Contrapartida | T21: =Repasse | U21: =Contrapartida | W21: =Repasse | X21: =Contrapartida | Z21: =Repasse | AA21: =Contrapartida | AC21: =Repasse | AD21: =Contrapartida | AF21: =Repasse | AG21: =Contrapartida | AI21: =Repasse | AJ21: =Contrapartida | AL21: =Repasse | AM21: =Contrapartida | AO21: =Repasse | AP21: =Contrapartida | AR21: =Repasse | AS21: =Contrapartida | AU21: =Repasse | AV21: =Contrapartida | AX21: =Repasse | AY21: =Contrapartida | BA21: =Repasse | BB21: =Contrapartida | BD21: =Repasse | BE21: =Contrapartida | BG21: =Repasse | BH21: =Contrapartida | BJ21: =Repasse | BK21: =Contrapartida | BM21: =Repasse | BN21: =Contrapartida | BP21: =Repasse | BQ21: =Contrapartida | BS21: =Repasse | BT21: =Contrapartida | BV21: =Repasse | BW21: =Contrapartida | BY21: =Repasse | BZ21: =Contrapartida | CB21: =Repasse | CC21: =Contrapartida | CE21: =Repasse | CF21: =Contrapartida | CH21: =Repasse | CI21: =Contrapartida | CK21: =Repasse | CL21: =Contrapartida | CN21: =Repasse | CO21: =Contrapartida | CQ21: =Repasse | CR21: =Contrapartida | CT21: =Repasse | CU21: =Contrapartida | CW21: =Repasse | CX21: =Contrapartida | CZ21: =Repasse | DA21: =Contrapartida | DC21: =Repasse | DD21: =Contrapartida | DF21: =Repasse | DG21: =Contrapartida | DI21: =Repasse | DJ21: =Contrapartida | DL21: =Repasse | DM21: =Contrapartida | DO21: =Repasse | DP21: =Contrapartida | DR21: =Repasse | DS21: =Contrapartida | DU21: =Repasse | DV21: =Contrapartida | DX21: =Repasse | DY21: =Contrapartida | EA21: =Repasse | EB21: =Contrapartida | ED21: =Repasse | EE21: =Contrapartida | EG21: =Repasse | EH21: =Contrapartida | EJ21: =Repasse | EK21: =Contrapartida | EM21: =Repasse | EN21: =Contrapartida | EP21: =Repasse | EQ21: =Contrapartida | ES21: =Repasse | ET21: =Contrapartida | EV21: =Repasse | EW21: =Contrapartida | EY21: =Repasse | EZ21: =Contrapartida | FB21: =Repasse | FC21: =Contrapartida | FE21: =Repasse | FF21: =Contrapartida | FH21: =Repasse | FI21: =Contrapartida | FK21: =Repasse | FL21: =Contrapartida | FN21: =Repasse | FO21: =Contrapartida | FQ21: =Repasse | FR21: =Contrapartida | FT21: =Repasse | FU21: =Contrapartida | FW21: =Repasse | FX21: =Contrapartida | FZ21: =Repasse | GA21: =Contrapartida | GC21: =Repasse | GD21: =Contrapartida | GF21: =Repasse | GG21: =Contrapartida | GI21: =Repasse | GJ21: =Contrapartida | GL21: =Repasse | GM21: =Contrapartida | GO21: =Repasse | GP21: =Contrapartida | GR21: =Repasse | GS21: =Contrapartida | GU21: =Repasse | GV21: =Contrapartida | GX21: =Repasse | GY21: =Contrapartida | HA21: =Repasse | HB21: =Contrapartida | HD21: =Repasse | HE21: =Contrapartida | HG21: =Repasse | HH21: =Contrapartida | HJ21: =Repasse | HK21: =Contrapartida | HM21: =Repasse | HN21: =Contrapartida | HP21: =Repasse | HQ21: =Contrapartida | HS21: =Repasse | HT21: =Contrapartida | HV21: =Repasse | HW21: =Contrapartida | HY21: =Repasse | HZ21: =Contrapartida | IB21: =Repasse | IC21: =Contrapartida | IE21: =Repasse | IF21: =Contrapartida | IH21: =Repasse | II21: =Contrapartida | IK21: =Repasse | IL21: =Contrapartida | IN21: =Repasse | IO21: =Contrapartida | IQ21: =Repasse | IR21: =Contrapartida | IT21: =Repasse | IU21: =Contrapartida
A22: =QCI!$B22 -> 0 | B22: =QCI!$M22 -> 0 | C22: =IF($B22=0,"",$B22/$B$53*100) | D22: =G22+J22+M22+P22+S22+V22+Y22+AB22+AE22+AH22+AK22+AN22+AQ22+AT22+AW22+AZ22+BC22+BF22+BI22+BL22+BO22+BR22+BU22+BX22+CA22+CD22+CG22+CJ22+CM22+CP22+CS22+CV22+CY22+DB22+DE22+DH22+DK22+DN22+DQ22+DT22+DW22+DZ22+EC22+EF22+EI22+EL22+EO22+ER22+EU22+EX22+FA22+FD22+FG22+FJ22+FM22+FP22+FS22+FV22+FY22+GB22+GE22+GH22+GK22+GN22+GQ22+GT22+GW22+GZ22+HC22+HF22+HI22+HL22+HO22+HR22+HU22+HX22+IA22+ID22+IG22+IJ22+IM22+IP22+IS22+IV22 -> 0 | E22: =Repasse | F22: =Contrapartida | H22: =Repasse | I22: =Contrapartida | K22: =Repasse | L22: =Contrapartida | N22: =Repasse | O22: =Contrapartida | Q22: =Repasse | R22: =Contrapartida | T22: =Repasse | U22: =Contrapartida | W22: =Repasse | X22: =Contrapartida | Z22: =Repasse | AA22: =Contrapartida | AC22: =Repasse | AD22: =Contrapartida | AF22: =Repasse | AG22: =Contrapartida | AI22: =Repasse | AJ22: =Contrapartida | AL22: =Repasse | AM22: =Contrapartida | AO22: =Repasse | AP22: =Contrapartida | AR22: =Repasse | AS22: =Contrapartida | AU22: =Repasse | AV22: =Contrapartida | AX22: =Repasse | AY22: =Contrapartida | BA22: =Repasse | BB22: =Contrapartida | BD22: =Repasse | BE22: =Contrapartida | BG22: =Repasse | BH22: =Contrapartida | BJ22: =Repasse | BK22: =Contrapartida | BM22: =Repasse | BN22: =Contrapartida | BP22: =Repasse | BQ22: =Contrapartida | BS22: =Repasse | BT22: =Contrapartida | BV22: =Repasse | BW22: =Contrapartida | BY22: =Repasse | BZ22: =Contrapartida | CB22: =Repasse | CC22: =Contrapartida | CE22: =Repasse | CF22: =Contrapartida | CH22: =Repasse | CI22: =Contrapartida | CK22: =Repasse | CL22: =Contrapartida | CN22: =Repasse | CO22: =Contrapartida | CQ22: =Repasse | CR22: =Contrapartida | CT22: =Repasse | CU22: =Contrapartida | CW22: =Repasse | CX22: =Contrapartida | CZ22: =Repasse | DA22: =Contrapartida | DC22: =Repasse | DD22: =Contrapartida | DF22: =Repasse | DG22: =Contrapartida | DI22: =Repasse | DJ22: =Contrapartida | DL22: =Repasse | DM22: =Contrapartida | DO22: =Repasse | DP22: =Contrapartida | DR22: =Repasse | DS22: =Contrapartida | DU22: =Repasse | DV22: =Contrapartida | DX22: =Repasse | DY22: =Contrapartida | EA22: =Repasse | EB22: =Contrapartida | ED22: =Repasse | EE22: =Contrapartida | EG22: =Repasse | EH22: =Contrapartida | EJ22: =Repasse | EK22: =Contrapartida | EM22: =Repasse | EN22: =Contrapartida | EP22: =Repasse | EQ22: =Contrapartida | ES22: =Repasse | ET22: =Contrapartida | EV22: =Repasse | EW22: =Contrapartida | EY22: =Repasse | EZ22: =Contrapartida | FB22: =Repasse | FC22: =Contrapartida | FE22: =Repasse | FF22: =Contrapartida | FH22: =Repasse | FI22: =Contrapartida | FK22: =Repasse | FL22: =Contrapartida | FN22: =Repasse | FO22: =Contrapartida | FQ22: =Repasse | FR22: =Contrapartida | FT22: =Repasse | FU22: =Contrapartida | FW22: =Repasse | FX22: =Contrapartida | FZ22: =Repasse | GA22: =Contrapartida | GC22: =Repasse | GD22: =Contrapartida | GF22: =Repasse | GG22: =Contrapartida | GI22: =Repasse | GJ22: =Contrapartida | GL22: =Repasse | GM22: =Contrapartida | GO22: =Repasse | GP22: =Contrapartida | GR22: =Repasse | GS22: =Contrapartida | GU22: =Repasse | GV22: =Contrapartida | GX22: =Repasse | GY22: =Contrapartida | HA22: =Repasse | HB22: =Contrapartida | HD22: =Repasse | HE22: =Contrapartida | HG22: =Repasse | HH22: =Contrapartida | HJ22: =Repasse | HK22: =Contrapartida | HM22: =Repasse | HN22: =Contrapartida | HP22: =Repasse | HQ22: =Contrapartida | HS22: =Repasse | HT22: =Contrapartida | HV22: =Repasse | HW22: =Contrapartida | HY22: =Repasse | HZ22: =Contrapartida | IB22: =Repasse | IC22: =Contrapartida | IE22: =Repasse | IF22: =Contrapartida | IH22: =Repasse | II22: =Contrapartida | IK22: =Repasse | IL22: =Contrapartida | IN22: =Repasse | IO22: =Contrapartida | IQ22: =Repasse | IR22: =Contrapartida | IT22: =Repasse | IU22: =Contrapartida
A23: =QCI!$B23 -> 0 | B23: =QCI!$M23 -> 0 | C23: =IF($B23=0,"",$B23/$B$53*100) | D23: =G23+J23+M23+P23+S23+V23+Y23+AB23+AE23+AH23+AK23+AN23+AQ23+AT23+AW23+AZ23+BC23+BF23+BI23+BL23+BO23+BR23+BU23+BX23+CA23+CD23+CG23+CJ23+CM23+CP23+CS23+CV23+CY23+DB23+DE23+DH23+DK23+DN23+DQ23+DT23+DW23+DZ23+EC23+EF23+EI23+EL23+EO23+ER23+EU23+EX23+FA23+FD23+FG23+FJ23+FM23+FP23+FS23+FV23+FY23+GB23+GE23+GH23+GK23+GN23+GQ23+GT23+GW23+GZ23+HC23+HF23+HI23+HL23+HO23+HR23+HU23+HX23+IA23+ID23+IG23+IJ23+IM23+IP23+IS23+IV23 -> 0 | E23: =Repasse | F23: =Contrapartida | H23: =Repasse | I23: =Contrapartida | K23: =Repasse | L23: =Contrapartida | N23: =Repasse | O23: =Contrapartida | Q23: =Repasse | R23: =Contrapartida | T23: =Repasse | U23: =Contrapartida | W23: =Repasse | X23: =Contrapartida | Z23: =Repasse | AA23: =Contrapartida | AC23: =Repasse | AD23: =Contrapartida | AF23: =Repasse | AG23: =Contrapartida | AI23: =Repasse | AJ23: =Contrapartida | AL23: =Repasse | AM23: =Contrapartida | AO23: =Repasse | AP23: =Contrapartida | AR23: =Repasse | AS23: =Contrapartida | AU23: =Repasse | AV23: =Contrapartida | AX23: =Repasse | AY23: =Contrapartida | BA23: =Repasse | BB23: =Contrapartida | BD23: =Repasse | BE23: =Contrapartida | BG23: =Repasse | BH23: =Contrapartida | BJ23: =Repasse | BK23: =Contrapartida | BM23: =Repasse | BN23: =Contrapartida | BP23: =Repasse | BQ23: =Contrapartida | BS23: =Repasse | BT23: =Contrapartida | BV23: =Repasse | BW23: =Contrapartida | BY23: =Repasse | BZ23: =Contrapartida | CB23: =Repasse | CC23: =Contrapartida | CE23: =Repasse | CF23: =Contrapartida | CH23: =Repasse | CI23: =Contrapartida | CK23: =Repasse | CL23: =Contrapartida | CN23: =Repasse | CO23: =Contrapartida | CQ23: =Repasse | CR23: =Contrapartida | CT23: =Repasse | CU23: =Contrapartida | CW23: =Repasse | CX23: =Contrapartida | CZ23: =Repasse | DA23: =Contrapartida | DC23: =Repasse | DD23: =Contrapartida | DF23: =Repasse | DG23: =Contrapartida | DI23: =Repasse | DJ23: =Contrapartida | DL23: =Repasse | DM23: =Contrapartida | DO23: =Repasse | DP23: =Contrapartida | DR23: =Repasse | DS23: =Contrapartida | DU23: =Repasse | DV23: =Contrapartida | DX23: =Repasse | DY23: =Contrapartida | EA23: =Repasse | EB23: =Contrapartida | ED23: =Repasse | EE23: =Contrapartida | EG23: =Repasse | EH23: =Contrapartida | EJ23: =Repasse | EK23: =Contrapartida | EM23: =Repasse | EN23: =Contrapartida | EP23: =Repasse | EQ23: =Contrapartida | ES23: =Repasse | ET23: =Contrapartida | EV23: =Repasse | EW23: =Contrapartida | EY23: =Repasse | EZ23: =Contrapartida | FB23: =Repasse | FC23: =Contrapartida | FE23: =Repasse | FF23: =Contrapartida | FH23: =Repasse | FI23: =Contrapartida | FK23: =Repasse | FL23: =Contrapartida | FN23: =Repasse | FO23: =Contrapartida | FQ23: =Repasse | FR23: =Contrapartida | FT23: =Repasse | FU23: =Contrapartida | FW23: =Repasse | FX23: =Contrapartida | FZ23: =Repasse | GA23: =Contrapartida | GC23: =Repasse | GD23: =Contrapartida | GF23: =Repasse | GG23: =Contrapartida | GI23: =Repasse | GJ23: =Contrapartida | GL23: =Repasse | GM23: =Contrapartida | GO23: =Repasse | GP23: =Contrapartida | GR23: =Repasse | GS23: =Contrapartida | GU23: =Repasse | GV23: =Contrapartida | GX23: =Repasse | GY23: =Contrapartida | HA23: =Repasse | HB23: =Contrapartida | HD23: =Repasse | HE23: =Contrapartida | HG23: =Repasse | HH23: =Contrapartida | HJ23: =Repasse | HK23: =Contrapartida | HM23: =Repasse | HN23: =Contrapartida | HP23: =Repasse | HQ23: =Contrapartida | HS23: =Repasse | HT23: =Contrapartida | HV23: =Repasse | HW23: =Contrapartida | HY23: =Repasse | HZ23: =Contrapartida | IB23: =Repasse | IC23: =Contrapartida | IE23: =Repasse | IF23: =Contrapartida | IH23: =Repasse | II23: =Contrapartida | IK23: =Repasse | IL23: =Contrapartida | IN23: =Repasse | IO23: =Contrapartida | IQ23: =Repasse | IR23: =Contrapartida | IT23: =Repasse | IU23: =Contrapartida
A24: =QCI!$B24 -> 0 | B24: =QCI!$M24 -> 0 | C24: =IF($B24=0,"",$B24/$B$53*100) | D24: =G24+J24+M24+P24+S24+V24+Y24+AB24+AE24+AH24+AK24+AN24+AQ24+AT24+AW24+AZ24+BC24+BF24+BI24+BL24+BO24+BR24+BU24+BX24+CA24+CD24+CG24+CJ24+CM24+CP24+CS24+CV24+CY24+DB24+DE24+DH24+DK24+DN24+DQ24+DT24+DW24+DZ24+EC24+EF24+EI24+EL24+EO24+ER24+EU24+EX24+FA24+FD24+FG24+FJ24+FM24+FP24+FS24+FV24+FY24+GB24+GE24+GH24+GK24+GN24+GQ24+GT24+GW24+GZ24+HC24+HF24+HI24+HL24+HO24+HR24+HU24+HX24+IA24+ID24+IG24+IJ24+IM24+IP24+IS24+IV24 -> 0 | E24: =Repasse | F24: =Contrapartida | H24: =Repasse | I24: =Contrapartida | K24: =Repasse | L24: =Contrapartida | N24: =Repasse | O24: =Contrapartida | Q24: =Repasse | R24: =Contrapartida | T24: =Repasse | U24: =Contrapartida | W24: =Repasse | X24: =Contrapartida | Z24: =Repasse | AA24: =Contrapartida | AC24: =Repasse | AD24: =Contrapartida | AF24: =Repasse | AG24: =Contrapartida | AI24: =Repasse | AJ24: =Contrapartida | AL24: =Repasse | AM24: =Contrapartida | AO24: =Repasse | AP24: =Contrapartida | AR24: =Repasse | AS24: =Contrapartida | AU24: =Repasse | AV24: =Contrapartida | AX24: =Repasse | AY24: =Contrapartida | BA24: =Repasse | BB24: =Contrapartida | BD24: =Repasse | BE24: =Contrapartida | BG24: =Repasse | BH24: =Contrapartida | BJ24: =Repasse | BK24: =Contrapartida | BM24: =Repasse | BN24: =Contrapartida | BP24: =Repasse | BQ24: =Contrapartida | BS24: =Repasse | BT24: =Contrapartida | BV24: =Repasse | BW24: =Contrapartida | BY24: =Repasse | BZ24: =Contrapartida | CB24: =Repasse | CC24: =Contrapartida | CE24: =Repasse | CF24: =Contrapartida | CH24: =Repasse | CI24: =Contrapartida | CK24: =Repasse | CL24: =Contrapartida | CN24: =Repasse | CO24: =Contrapartida | CQ24: =Repasse | CR24: =Contrapartida | CT24: =Repasse | CU24: =Contrapartida | CW24: =Repasse | CX24: =Contrapartida | CZ24: =Repasse | DA24: =Contrapartida | DC24: =Repasse | DD24: =Contrapartida | DF24: =Repasse | DG24: =Contrapartida | DI24: =Repasse | DJ24: =Contrapartida | DL24: =Repasse | DM24: =Contrapartida | DO24: =Repasse | DP24: =Contrapartida | DR24: =Repasse | DS24: =Contrapartida | DU24: =Repasse | DV24: =Contrapartida | DX24: =Repasse | DY24: =Contrapartida | EA24: =Repasse | EB24: =Contrapartida | ED24: =Repasse | EE24: =Contrapartida | EG24: =Repasse | EH24: =Contrapartida | EJ24: =Repasse | EK24: =Contrapartida | EM24: =Repasse | EN24: =Contrapartida | EP24: =Repasse | EQ24: =Contrapartida | ES24: =Repasse | ET24: =Contrapartida | EV24: =Repasse | EW24: =Contrapartida | EY24: =Repasse | EZ24: =Contrapartida | FB24: =Repasse | FC24: =Contrapartida | FE24: =Repasse | FF24: =Contrapartida | FH24: =Repasse | FI24: =Contrapartida | FK24: =Repasse | FL24: =Contrapartida | FN24: =Repasse | FO24: =Contrapartida | FQ24: =Repasse | FR24: =Contrapartida | FT24: =Repasse | FU24: =Contrapartida | FW24: =Repasse | FX24: =Contrapartida | FZ24: =Repasse | GA24: =Contrapartida | GC24: =Repasse | GD24: =Contrapartida | GF24: =Repasse | GG24: =Contrapartida | GI24: =Repasse | GJ24: =Contrapartida | GL24: =Repasse | GM24: =Contrapartida | GO24: =Repasse | GP24: =Contrapartida | GR24: =Repasse | GS24: =Contrapartida | GU24: =Repasse | GV24: =Contrapartida | GX24: =Repasse | GY24: =Contrapartida | HA24: =Repasse | HB24: =Contrapartida | HD24: =Repasse | HE24: =Contrapartida | HG24: =Repasse | HH24: =Contrapartida | HJ24: =Repasse | HK24: =Contrapartida | HM24: =Repasse | HN24: =Contrapartida | HP24: =Repasse | HQ24: =Contrapartida | HS24: =Repasse | HT24: =Contrapartida | HV24: =Repasse | HW24: =Contrapartida | HY24: =Repasse | HZ24: =Contrapartida | IB24: =Repasse | IC24: =Contrapartida | IE24: =Repasse | IF24: =Contrapartida | IH24: =Repasse | II24: =Contrapartida | IK24: =Repasse | IL24: =Contrapartida | IN24: =Repasse | IO24: =Contrapartida | IQ24: =Repasse | IR24: =Contrapartida | IT24: =Repasse | IU24: =Contrapartida
A25: =QCI!$B25 -> 0 | B25: =QCI!$M25 -> 0 | C25: =IF($B25=0,"",$B25/$B$53*100) | D25: =G25+J25+M25+P25+S25+V25+Y25+AB25+AE25+AH25+AK25+AN25+AQ25+AT25+AW25+AZ25+BC25+BF25+BI25+BL25+BO25+BR25+BU25+BX25+CA25+CD25+CG25+CJ25+CM25+CP25+CS25+CV25+CY25+DB25+DE25+DH25+DK25+DN25+DQ25+DT25+DW25+DZ25+EC25+EF25+EI25+EL25+EO25+ER25+EU25+EX25+FA25+FD25+FG25+FJ25+FM25+FP25+FS25+FV25+FY25+GB25+GE25+GH25+GK25+GN25+GQ25+GT25+GW25+GZ25+HC25+HF25+HI25+HL25+HO25+HR25+HU25+HX25+IA25+ID25+IG25+IJ25+IM25+IP25+IS25+IV25 -> 0 | E25: =Repasse | F25: =Contrapartida | H25: =Repasse | I25: =Contrapartida | K25: =Repasse | L25: =Contrapartida | N25: =Repasse | O25: =Contrapartida | Q25: =Repasse | R25: =Contrapartida | T25: =Repasse | U25: =Contrapartida | W25: =Repasse | X25: =Contrapartida | Z25: =Repasse | AA25: =Contrapartida | AC25: =Repasse | AD25: =Contrapartida | AF25: =Repasse | AG25: =Contrapartida | AI25: =Repasse | AJ25: =Contrapartida | AL25: =Repasse | AM25: =Contrapartida | AO25: =Repasse | AP25: =Contrapartida | AR25: =Repasse | AS25: =Contrapartida | AU25: =Repasse | AV25: =Contrapartida | AX25: =Repasse | AY25: =Contrapartida | BA25: =Repasse | BB25: =Contrapartida | BD25: =Repasse | BE25: =Contrapartida | BG25: =Repasse | BH25: =Contrapartida | BJ25: =Repasse | BK25: =Contrapartida | BM25: =Repasse | BN25: =Contrapartida | BP25: =Repasse | BQ25: =Contrapartida | BS25: =Repasse | BT25: =Contrapartida | BV25: =Repasse | BW25: =Contrapartida | BY25: =Repasse | BZ25: =Contrapartida | CB25: =Repasse | CC25: =Contrapartida | CE25: =Repasse | CF25: =Contrapartida | CH25: =Repasse | CI25: =Contrapartida | CK25: =Repasse | CL25: =Contrapartida | CN25: =Repasse | CO25: =Contrapartida | CQ25: =Repasse | CR25: =Contrapartida | CT25: =Repasse | CU25: =Contrapartida | CW25: =Repasse | CX25: =Contrapartida | CZ25: =Repasse | DA25: =Contrapartida | DC25: =Repasse | DD25: =Contrapartida | DF25: =Repasse | DG25: =Contrapartida | DI25: =Repasse | DJ25: =Contrapartida | DL25: =Repasse | DM25: =Contrapartida | DO25: =Repasse | DP25: =Contrapartida | DR25: =Repasse | DS25: =Contrapartida | DU25: =Repasse | DV25: =Contrapartida | DX25: =Repasse | DY25: =Contrapartida | EA25: =Repasse | EB25: =Contrapartida | ED25: =Repasse | EE25: =Contrapartida | EG25: =Repasse | EH25: =Contrapartida | EJ25: =Repasse | EK25: =Contrapartida | EM25: =Repasse | EN25: =Contrapartida | EP25: =Repasse | EQ25: =Contrapartida | ES25: =Repasse | ET25: =Contrapartida | EV25: =Repasse | EW25: =Contrapartida | EY25: =Repasse | EZ25: =Contrapartida | FB25: =Repasse | FC25: =Contrapartida | FE25: =Repasse | FF25: =Contrapartida | FH25: =Repasse | FI25: =Contrapartida | FK25: =Repasse | FL25: =Contrapartida | FN25: =Repasse | FO25: =Contrapartida | FQ25: =Repasse | FR25: =Contrapartida | FT25: =Repasse | FU25: =Contrapartida | FW25: =Repasse | FX25: =Contrapartida | FZ25: =Repasse | GA25: =Contrapartida | GC25: =Repasse | GD25: =Contrapartida | GF25: =Repasse | GG25: =Contrapartida | GI25: =Repasse | GJ25: =Contrapartida | GL25: =Repasse | GM25: =Contrapartida | GO25: =Repasse | GP25: =Contrapartida | GR25: =Repasse | GS25: =Contrapartida | GU25: =Repasse | GV25: =Contrapartida | GX25: =Repasse | GY25: =Contrapartida | HA25: =Repasse | HB25: =Contrapartida | HD25: =Repasse | HE25: =Contrapartida | HG25: =Repasse | HH25: =Contrapartida | HJ25: =Repasse | HK25: =Contrapartida | HM25: =Repasse | HN25: =Contrapartida | HP25: =Repasse | HQ25: =Contrapartida | HS25: =Repasse | HT25: =Contrapartida | HV25: =Repasse | HW25: =Contrapartida | HY25: =Repasse | HZ25: =Contrapartida | IB25: =Repasse | IC25: =Contrapartida | IE25: =Repasse | IF25: =Contrapartida | IH25: =Repasse | II25: =Contrapartida | IK25: =Repasse | IL25: =Contrapartida | IN25: =Repasse | IO25: =Contrapartida | IQ25: =Repasse | IR25: =Contrapartida | IT25: =Repasse | IU25: =Contrapartida
A26: =QCI!$B26 -> 0 | B26: =QCI!$M26 -> 0 | C26: =IF($B26=0,"",$B26/$B$53*100) | D26: =G26+J26+M26+P26+S26+V26+Y26+AB26+AE26+AH26+AK26+AN26+AQ26+AT26+AW26+AZ26+BC26+BF26+BI26+BL26+BO26+BR26+BU26+BX26+CA26+CD26+CG26+CJ26+CM26+CP26+CS26+CV26+CY26+DB26+DE26+DH26+DK26+DN26+DQ26+DT26+DW26+DZ26+EC26+EF26+EI26+EL26+EO26+ER26+EU26+EX26+FA26+FD26+FG26+FJ26+FM26+FP26+FS26+FV26+FY26+GB26+GE26+GH26+GK26+GN26+GQ26+GT26+GW26+GZ26+HC26+HF26+HI26+HL26+HO26+HR26+HU26+HX26+IA26+ID26+IG26+IJ26+IM26+IP26+IS26+IV26 -> 0 | E26: =Repasse | F26: =Contrapartida | H26: =Repasse | I26: =Contrapartida | K26: =Repasse | L26: =Contrapartida | N26: =Repasse | O26: =Contrapartida | Q26: =Repasse | R26: =Contrapartida | T26: =Repasse | U26: =Contrapartida | W26: =Repasse | X26: =Contrapartida | Z26: =Repasse | AA26: =Contrapartida | AC26: =Repasse | AD26: =Contrapartida | AF26: =Repasse | AG26: =Contrapartida | AI26: =Repasse | AJ26: =Contrapartida | AL26: =Repasse | AM26: =Contrapartida | AO26: =Repasse | AP26: =Contrapartida | AR26: =Repasse | AS26: =Contrapartida | AU26: =Repasse | AV26: =Contrapartida | AX26: =Repasse | AY26: =Contrapartida | BA26: =Repasse | BB26: =Contrapartida | BD26: =Repasse | BE26: =Contrapartida | BG26: =Repasse | BH26: =Contrapartida | BJ26: =Repasse | BK26: =Contrapartida | BM26: =Repasse | BN26: =Contrapartida | BP26: =Repasse | BQ26: =Contrapartida | BS26: =Repasse | BT26: =Contrapartida | BV26: =Repasse | BW26: =Contrapartida | BY26: =Repasse | BZ26: =Contrapartida | CB26: =Repasse | CC26: =Contrapartida | CE26: =Repasse | CF26: =Contrapartida | CH26: =Repasse | CI26: =Contrapartida | CK26: =Repasse | CL26: =Contrapartida | CN26: =Repasse | CO26: =Contrapartida | CQ26: =Repasse | CR26: =Contrapartida | CT26: =Repasse | CU26: =Contrapartida | CW26: =Repasse | CX26: =Contrapartida | CZ26: =Repasse | DA26: =Contrapartida | DC26: =Repasse | DD26: =Contrapartida | DF26: =Repasse | DG26: =Contrapartida | DI26: =Repasse | DJ26: =Contrapartida | DL26: =Repasse | DM26: =Contrapartida | DO26: =Repasse | DP26: =Contrapartida | DR26: =Repasse | DS26: =Contrapartida | DU26: =Repasse | DV26: =Contrapartida | DX26: =Repasse | DY26: =Contrapartida | EA26: =Repasse | EB26: =Contrapartida | ED26: =Repasse | EE26: =Contrapartida | EG26: =Repasse | EH26: =Contrapartida | EJ26: =Repasse | EK26: =Contrapartida | EM26: =Repasse | EN26: =Contrapartida | EP26: =Repasse | EQ26: =Contrapartida | ES26: =Repasse | ET26: =Contrapartida | EV26: =Repasse | EW26: =Contrapartida | EY26: =Repasse | EZ26: =Contrapartida | FB26: =Repasse | FC26: =Contrapartida | FE26: =Repasse | FF26: =Contrapartida | FH26: =Repasse | FI26: =Contrapartida | FK26: =Repasse | FL26: =Contrapartida | FN26: =Repasse | FO26: =Contrapartida | FQ26: =Repasse | FR26: =Contrapartida | FT26: =Repasse | FU26: =Contrapartida | FW26: =Repasse | FX26: =Contrapartida | FZ26: =Repasse | GA26: =Contrapartida | GC26: =Repasse | GD26: =Contrapartida | GF26: =Repasse | GG26: =Contrapartida | GI26: =Repasse | GJ26: =Contrapartida | GL26: =Repasse | GM26: =Contrapartida | GO26: =Repasse | GP26: =Contrapartida | GR26: =Repasse | GS26: =Contrapartida | GU26: =Repasse | GV26: =Contrapartida | GX26: =Repasse | GY26: =Contrapartida | HA26: =Repasse | HB26: =Contrapartida | HD26: =Repasse | HE26: =Contrapartida | HG26: =Repasse | HH26: =Contrapartida | HJ26: =Repasse | HK26: =Contrapartida | HM26: =Repasse | HN26: =Contrapartida | HP26: =Repasse | HQ26: =Contrapartida | HS26: =Repasse | HT26: =Contrapartida | HV26: =Repasse | HW26: =Contrapartida | HY26: =Repasse | HZ26: =Contrapartida | IB26: =Repasse | IC26: =Contrapartida | IE26: =Repasse | IF26: =Contrapartida | IH26: =Repasse | II26: =Contrapartida | IK26: =Repasse | IL26: =Contrapartida | IN26: =Repasse | IO26: =Contrapartida | IQ26: =Repasse | IR26: =Contrapartida | IT26: =Repasse | IU26: =Contrapartida
A27: =QCI!$B27 -> 0 | B27: =QCI!$M27 -> 0 | C27: =IF($B27=0,"",$B27/$B$53*100) | D27: =G27+J27+M27+P27+S27+V27+Y27+AB27+AE27+AH27+AK27+AN27+AQ27+AT27+AW27+AZ27+BC27+BF27+BI27+BL27+BO27+BR27+BU27+BX27+CA27+CD27+CG27+CJ27+CM27+CP27+CS27+CV27+CY27+DB27+DE27+DH27+DK27+DN27+DQ27+DT27+DW27+DZ27+EC27+EF27+EI27+EL27+EO27+ER27+EU27+EX27+FA27+FD27+FG27+FJ27+FM27+FP27+FS27+FV27+FY27+GB27+GE27+GH27+GK27+GN27+GQ27+GT27+GW27+GZ27+HC27+HF27+HI27+HL27+HO27+HR27+HU27+HX27+IA27+ID27+IG27+IJ27+IM27+IP27+IS27+IV27 -> 0 | E27: =Repasse | F27: =Contrapartida | H27: =Repasse | I27: =Contrapartida | K27: =Repasse | L27: =Contrapartida | N27: =Repasse | O27: =Contrapartida | Q27: =Repasse | R27: =Contrapartida | T27: =Repasse | U27: =Contrapartida | W27: =Repasse | X27: =Contrapartida | Z27: =Repasse | AA27: =Contrapartida | AC27: =Repasse | AD27: =Contrapartida | AF27: =Repasse | AG27: =Contrapartida | AI27: =Repasse | AJ27: =Contrapartida | AL27: =Repasse | AM27: =Contrapartida | AO27: =Repasse | AP27: =Contrapartida | AR27: =Repasse | AS27: =Contrapartida | AU27: =Repasse | AV27: =Contrapartida | AX27: =Repasse | AY27: =Contrapartida | BA27: =Repasse | BB27: =Contrapartida | BD27: =Repasse | BE27: =Contrapartida | BG27: =Repasse | BH27: =Contrapartida | BJ27: =Repasse | BK27: =Contrapartida | BM27: =Repasse | BN27: =Contrapartida | BP27: =Repasse | BQ27: =Contrapartida | BS27: =Repasse | BT27: =Contrapartida | BV27: =Repasse | BW27: =Contrapartida | BY27: =Repasse | BZ27: =Contrapartida | CB27: =Repasse | CC27: =Contrapartida | CE27: =Repasse | CF27: =Contrapartida | CH27: =Repasse | CI27: =Contrapartida | CK27: =Repasse | CL27: =Contrapartida | CN27: =Repasse | CO27: =Contrapartida | CQ27: =Repasse | CR27: =Contrapartida | CT27: =Repasse | CU27: =Contrapartida | CW27: =Repasse | CX27: =Contrapartida | CZ27: =Repasse | DA27: =Contrapartida | DC27: =Repasse | DD27: =Contrapartida | DF27: =Repasse | DG27: =Contrapartida | DI27: =Repasse | DJ27: =Contrapartida | DL27: =Repasse | DM27: =Contrapartida | DO27: =Repasse | DP27: =Contrapartida | DR27: =Repasse | DS27: =Contrapartida | DU27: =Repasse | DV27: =Contrapartida | DX27: =Repasse | DY27: =Contrapartida | EA27: =Repasse | EB27: =Contrapartida | ED27: =Repasse | EE27: =Contrapartida | EG27: =Repasse | EH27: =Contrapartida | EJ27: =Repasse | EK27: =Contrapartida | EM27: =Repasse | EN27: =Contrapartida | EP27: =Repasse | EQ27: =Contrapartida | ES27: =Repasse | ET27: =Contrapartida | EV27: =Repasse | EW27: =Contrapartida | EY27: =Repasse | EZ27: =Contrapartida | FB27: =Repasse | FC27: =Contrapartida | FE27: =Repasse | FF27: =Contrapartida | FH27: =Repasse | FI27: =Contrapartida | FK27: =Repasse | FL27: =Contrapartida | FN27: =Repasse | FO27: =Contrapartida | FQ27: =Repasse | FR27: =Contrapartida | FT27: =Repasse | FU27: =Contrapartida | FW27: =Repasse | FX27: =Contrapartida | FZ27: =Repasse | GA27: =Contrapartida | GC27: =Repasse | GD27: =Contrapartida | GF27: =Repasse | GG27: =Contrapartida | GI27: =Repasse | GJ27: =Contrapartida | GL27: =Repasse | GM27: =Contrapartida | GO27: =Repasse | GP27: =Contrapartida | GR27: =Repasse | GS27: =Contrapartida | GU27: =Repasse | GV27: =Contrapartida | GX27: =Repasse | GY27: =Contrapartida | HA27: =Repasse | HB27: =Contrapartida | HD27: =Repasse | HE27: =Contrapartida | HG27: =Repasse | HH27: =Contrapartida | HJ27: =Repasse | HK27: =Contrapartida | HM27: =Repasse | HN27: =Contrapartida | HP27: =Repasse | HQ27: =Contrapartida | HS27: =Repasse | HT27: =Contrapartida | HV27: =Repasse | HW27: =Contrapartida | HY27: =Repasse | HZ27: =Contrapartida | IB27: =Repasse | IC27: =Contrapartida | IE27: =Repasse | IF27: =Contrapartida | IH27: =Repasse | II27: =Contrapartida | IK27: =Repasse | IL27: =Contrapartida | IN27: =Repasse | IO27: =Contrapartida | IQ27: =Repasse | IR27: =Contrapartida | IT27: =Repasse | IU27: =Contrapartida
A28: =QCI!$B28 -> 0 | B28: =QCI!$M28 -> 0 | C28: =IF($B28=0,"",$B28/$B$53*100) | D28: =G28+J28+M28+P28+S28+V28+Y28+AB28+AE28+AH28+AK28+AN28+AQ28+AT28+AW28+AZ28+BC28+BF28+BI28+BL28+BO28+BR28+BU28+BX28+CA28+CD28+CG28+CJ28+CM28+CP28+CS28+CV28+CY28+DB28+DE28+DH28+DK28+DN28+DQ28+DT28+DW28+DZ28+EC28+EF28+EI28+EL28+EO28+ER28+EU28+EX28+FA28+FD28+FG28+FJ28+FM28+FP28+FS28+FV28+FY28+GB28+GE28+GH28+GK28+GN28+GQ28+GT28+GW28+GZ28+HC28+HF28+HI28+HL28+HO28+HR28+HU28+HX28+IA28+ID28+IG28+IJ28+IM28+IP28+IS28+IV28 -> 0 | E28: =Repasse | F28: =Contrapartida | H28: =Repasse | I28: =Contrapartida | K28: =Repasse | L28: =Contrapartida | N28: =Repasse | O28: =Contrapartida | Q28: =Repasse | R28: =Contrapartida | T28: =Repasse | U28: =Contrapartida | W28: =Repasse | X28: =Contrapartida | Z28: =Repasse | AA28: =Contrapartida | AC28: =Repasse | AD28: =Contrapartida | AF28: =Repasse | AG28: =Contrapartida | AI28: =Repasse | AJ28: =Contrapartida | AL28: =Repasse | AM28: =Contrapartida | AO28: =Repasse | AP28: =Contrapartida | AR28: =Repasse | AS28: =Contrapartida | AU28: =Repasse | AV28: =Contrapartida | AX28: =Repasse | AY28: =Contrapartida | BA28: =Repasse | BB28: =Contrapartida | BD28: =Repasse | BE28: =Contrapartida | BG28: =Repasse | BH28: =Contrapartida | BJ28: =Repasse | BK28: =Contrapartida | BM28: =Repasse | BN28: =Contrapartida | BP28: =Repasse | BQ28: =Contrapartida | BS28: =Repasse | BT28: =Contrapartida | BV28: =Repasse | BW28: =Contrapartida | BY28: =Repasse | BZ28: =Contrapartida | CB28: =Repasse | CC28: =Contrapartida | CE28: =Repasse | CF28: =Contrapartida | CH28: =Repasse | CI28: =Contrapartida | CK28: =Repasse | CL28: =Contrapartida | CN28: =Repasse | CO28: =Contrapartida | CQ28: =Repasse | CR28: =Contrapartida | CT28: =Repasse | CU28: =Contrapartida | CW28: =Repasse | CX28: =Contrapartida | CZ28: =Repasse | DA28: =Contrapartida | DC28: =Repasse | DD28: =Contrapartida | DF28: =Repasse | DG28: =Contrapartida | DI28: =Repasse | DJ28: =Contrapartida | DL28: =Repasse | DM28: =Contrapartida | DO28: =Repasse | DP28: =Contrapartida | DR28: =Repasse | DS28: =Contrapartida | DU28: =Repasse | DV28: =Contrapartida | DX28: =Repasse | DY28: =Contrapartida | EA28: =Repasse | EB28: =Contrapartida | ED28: =Repasse | EE28: =Contrapartida | EG28: =Repasse | EH28: =Contrapartida | EJ28: =Repasse | EK28: =Contrapartida | EM28: =Repasse | EN28: =Contrapartida | EP28: =Repasse | EQ28: =Contrapartida | ES28: =Repasse | ET28: =Contrapartida | EV28: =Repasse | EW28: =Contrapartida | EY28: =Repasse | EZ28: =Contrapartida | FB28: =Repasse | FC28: =Contrapartida | FE28: =Repasse | FF28: =Contrapartida | FH28: =Repasse | FI28: =Contrapartida | FK28: =Repasse | FL28: =Contrapartida | FN28: =Repasse | FO28: =Contrapartida | FQ28: =Repasse | FR28: =Contrapartida | FT28: =Repasse | FU28: =Contrapartida | FW28: =Repasse | FX28: =Contrapartida | FZ28: =Repasse | GA28: =Contrapartida | GC28: =Repasse | GD28: =Contrapartida | GF28: =Repasse | GG28: =Contrapartida | GI28: =Repasse | GJ28: =Contrapartida | GL28: =Repasse | GM28: =Contrapartida | GO28: =Repasse | GP28: =Contrapartida | GR28: =Repasse | GS28: =Contrapartida | GU28: =Repasse | GV28: =Contrapartida | GX28: =Repasse | GY28: =Contrapartida | HA28: =Repasse | HB28: =Contrapartida | HD28: =Repasse | HE28: =Contrapartida | HG28: =Repasse | HH28: =Contrapartida | HJ28: =Repasse | HK28: =Contrapartida | HM28: =Repasse | HN28: =Contrapartida | HP28: =Repasse | HQ28: =Contrapartida | HS28: =Repasse | HT28: =Contrapartida | HV28: =Repasse | HW28: =Contrapartida | HY28: =Repasse | HZ28: =Contrapartida | IB28: =Repasse | IC28: =Contrapartida | IE28: =Repasse | IF28: =Contrapartida | IH28: =Repasse | II28: =Contrapartida | IK28: =Repasse | IL28: =Contrapartida | IN28: =Repasse | IO28: =Contrapartida | IQ28: =Repasse | IR28: =Contrapartida | IT28: =Repasse | IU28: =Contrapartida
A29: =QCI!$B29 -> 0 | B29: =QCI!$M29 -> 0 | C29: =IF($B29=0,"",$B29/$B$53*100) | D29: =G29+J29+M29+P29+S29+V29+Y29+AB29+AE29+AH29+AK29+AN29+AQ29+AT29+AW29+AZ29+BC29+BF29+BI29+BL29+BO29+BR29+BU29+BX29+CA29+CD29+CG29+CJ29+CM29+CP29+CS29+CV29+CY29+DB29+DE29+DH29+DK29+DN29+DQ29+DT29+DW29+DZ29+EC29+EF29+EI29+EL29+EO29+ER29+EU29+EX29+FA29+FD29+FG29+FJ29+FM29+FP29+FS29+FV29+FY29+GB29+GE29+GH29+GK29+GN29+GQ29+GT29+GW29+GZ29+HC29+HF29+HI29+HL29+HO29+HR29+HU29+HX29+IA29+ID29+IG29+IJ29+IM29+IP29+IS29+IV29 -> 0 | E29: =Repasse | F29: =Contrapartida | H29: =Repasse | I29: =Contrapartida | K29: =Repasse | L29: =Contrapartida | N29: =Repasse | O29: =Contrapartida | Q29: =Repasse | R29: =Contrapartida | T29: =Repasse | U29: =Contrapartida | W29: =Repasse | X29: =Contrapartida | Z29: =Repasse | AA29: =Contrapartida | AC29: =Repasse | AD29: =Contrapartida | AF29: =Repasse | AG29: =Contrapartida | AI29: =Repasse | AJ29: =Contrapartida | AL29: =Repasse | AM29: =Contrapartida | AO29: =Repasse | AP29: =Contrapartida | AR29: =Repasse | AS29: =Contrapartida | AU29: =Repasse | AV29: =Contrapartida | AX29: =Repasse | AY29: =Contrapartida | BA29: =Repasse | BB29: =Contrapartida | BD29: =Repasse | BE29: =Contrapartida | BG29: =Repasse | BH29: =Contrapartida | BJ29: =Repasse | BK29: =Contrapartida | BM29: =Repasse | BN29: =Contrapartida | BP29: =Repasse | BQ29: =Contrapartida | BS29: =Repasse | BT29: =Contrapartida | BV29: =Repasse | BW29: =Contrapartida | BY29: =Repasse | BZ29: =Contrapartida | CB29: =Repasse | CC29: =Contrapartida | CE29: =Repasse | CF29: =Contrapartida | CH29: =Repasse | CI29: =Contrapartida | CK29: =Repasse | CL29: =Contrapartida | CN29: =Repasse | CO29: =Contrapartida | CQ29: =Repasse | CR29: =Contrapartida | CT29: =Repasse | CU29: =Contrapartida | CW29: =Repasse | CX29: =Contrapartida | CZ29: =Repasse | DA29: =Contrapartida | DC29: =Repasse | DD29: =Contrapartida | DF29: =Repasse | DG29: =Contrapartida | DI29: =Repasse | DJ29: =Contrapartida | DL29: =Repasse | DM29: =Contrapartida | DO29: =Repasse | DP29: =Contrapartida | DR29: =Repasse | DS29: =Contrapartida | DU29: =Repasse | DV29: =Contrapartida | DX29: =Repasse | DY29: =Contrapartida | EA29: =Repasse | EB29: =Contrapartida | ED29: =Repasse | EE29: =Contrapartida | EG29: =Repasse | EH29: =Contrapartida | EJ29: =Repasse | EK29: =Contrapartida | EM29: =Repasse | EN29: =Contrapartida | EP29: =Repasse | EQ29: =Contrapartida | ES29: =Repasse | ET29: =Contrapartida | EV29: =Repasse | EW29: =Contrapartida | EY29: =Repasse | EZ29: =Contrapartida | FB29: =Repasse | FC29: =Contrapartida | FE29: =Repasse | FF29: =Contrapartida | FH29: =Repasse | FI29: =Contrapartida | FK29: =Repasse | FL29: =Contrapartida | FN29: =Repasse | FO29: =Contrapartida | FQ29: =Repasse | FR29: =Contrapartida | FT29: =Repasse | FU29: =Contrapartida | FW29: =Repasse | FX29: =Contrapartida | FZ29: =Repasse | GA29: =Contrapartida | GC29: =Repasse | GD29: =Contrapartida | GF29: =Repasse | GG29: =Contrapartida | GI29: =Repasse | GJ29: =Contrapartida | GL29: =Repasse | GM29: =Contrapartida | GO29: =Repasse | GP29: =Contrapartida | GR29: =Repasse | GS29: =Contrapartida | GU29: =Repasse | GV29: =Contrapartida | GX29: =Repasse | GY29: =Contrapartida | HA29: =Repasse | HB29: =Contrapartida | HD29: =Repasse | HE29: =Contrapartida | HG29: =Repasse | HH29: =Contrapartida | HJ29: =Repasse | HK29: =Contrapartida | HM29: =Repasse | HN29: =Contrapartida | HP29: =Repasse | HQ29: =Contrapartida | HS29: =Repasse | HT29: =Contrapartida | HV29: =Repasse | HW29: =Contrapartida | HY29: =Repasse | HZ29: =Contrapartida | IB29: =Repasse | IC29: =Contrapartida | IE29: =Repasse | IF29: =Contrapartida | IH29: =Repasse | II29: =Contrapartida | IK29: =Repasse | IL29: =Contrapartida | IN29: =Repasse | IO29: =Contrapartida | IQ29: =Repasse | IR29: =Contrapartida | IT29: =Repasse | IU29: =Contrapartida
A30: =QCI!$B30 -> 0 | B30: =QCI!$M30 -> 0 | C30: =IF($B30=0,"",$B30/$B$53*100) | D30: =G30+J30+M30+P30+S30+V30+Y30+AB30+AE30+AH30+AK30+AN30+AQ30+AT30+AW30+AZ30+BC30+BF30+BI30+BL30+BO30+BR30+BU30+BX30+CA30+CD30+CG30+CJ30+CM30+CP30+CS30+CV30+CY30+DB30+DE30+DH30+DK30+DN30+DQ30+DT30+DW30+DZ30+EC30+EF30+EI30+EL30+EO30+ER30+EU30+EX30+FA30+FD30+FG30+FJ30+FM30+FP30+FS30+FV30+FY30+GB30+GE30+GH30+GK30+GN30+GQ30+GT30+GW30+GZ30+HC30+HF30+HI30+HL30+HO30+HR30+HU30+HX30+IA30+ID30+IG30+IJ30+IM30+IP30+IS30+IV30 -> 0 | E30: =Repasse | F30: =Contrapartida | H30: =Repasse | I30: =Contrapartida | K30: =Repasse | L30: =Contrapartida | N30: =Repasse | O30: =Contrapartida | Q30: =Repasse | R30: =Contrapartida | T30: =Repasse | U30: =Contrapartida | W30: =Repasse | X30: =Contrapartida | Z30: =Repasse | AA30: =Contrapartida | AC30: =Repasse | AD30: =Contrapartida | AF30: =Repasse | AG30: =Contrapartida | AI30: =Repasse | AJ30: =Contrapartida | AL30: =Repasse | AM30: =Contrapartida | AO30: =Repasse | AP30: =Contrapartida | AR30: =Repasse | AS30: =Contrapartida | AU30: =Repasse | AV30: =Contrapartida | AX30: =Repasse | AY30: =Contrapartida | BA30: =Repasse | BB30: =Contrapartida | BD30: =Repasse | BE30: =Contrapartida | BG30: =Repasse | BH30: =Contrapartida | BJ30: =Repasse | BK30: =Contrapartida | BM30: =Repasse | BN30: =Contrapartida | BP30: =Repasse | BQ30: =Contrapartida | BS30: =Repasse | BT30: =Contrapartida | BV30: =Repasse | BW30: =Contrapartida | BY30: =Repasse | BZ30: =Contrapartida | CB30: =Repasse | CC30: =Contrapartida | CE30: =Repasse | CF30: =Contrapartida | CH30: =Repasse | CI30: =Contrapartida | CK30: =Repasse | CL30: =Contrapartida | CN30: =Repasse | CO30: =Contrapartida | CQ30: =Repasse | CR30: =Contrapartida | CT30: =Repasse | CU30: =Contrapartida | CW30: =Repasse | CX30: =Contrapartida | CZ30: =Repasse | DA30: =Contrapartida | DC30: =Repasse | DD30: =Contrapartida | DF30: =Repasse | DG30: =Contrapartida | DI30: =Repasse | DJ30: =Contrapartida | DL30: =Repasse | DM30: =Contrapartida | DO30: =Repasse | DP30: =Contrapartida | DR30: =Repasse | DS30: =Contrapartida | DU30: =Repasse | DV30: =Contrapartida | DX30: =Repasse | DY30: =Contrapartida | EA30: =Repasse | EB30: =Contrapartida | ED30: =Repasse | EE30: =Contrapartida | EG30: =Repasse | EH30: =Contrapartida | EJ30: =Repasse | EK30: =Contrapartida | EM30: =Repasse | EN30: =Contrapartida | EP30: =Repasse | EQ30: =Contrapartida | ES30: =Repasse | ET30: =Contrapartida | EV30: =Repasse | EW30: =Contrapartida | EY30: =Repasse | EZ30: =Contrapartida | FB30: =Repasse | FC30: =Contrapartida | FE30: =Repasse | FF30: =Contrapartida | FH30: =Repasse | FI30: =Contrapartida | FK30: =Repasse | FL30: =Contrapartida | FN30: =Repasse | FO30: =Contrapartida | FQ30: =Repasse | FR30: =Contrapartida | FT30: =Repasse | FU30: =Contrapartida | FW30: =Repasse | FX30: =Contrapartida | FZ30: =Repasse | GA30: =Contrapartida | GC30: =Repasse | GD30: =Contrapartida | GF30: =Repasse | GG30: =Contrapartida | GI30: =Repasse | GJ30: =Contrapartida | GL30: =Repasse | GM30: =Contrapartida | GO30: =Repasse | GP30: =Contrapartida | GR30: =Repasse | GS30: =Contrapartida | GU30: =Repasse | GV30: =Contrapartida | GX30: =Repasse | GY30: =Contrapartida | HA30: =Repasse | HB30: =Contrapartida | HD30: =Repasse | HE30: =Contrapartida | HG30: =Repasse | HH30: =Contrapartida | HJ30: =Repasse | HK30: =Contrapartida | HM30: =Repasse | HN30: =Contrapartida | HP30: =Repasse | HQ30: =Contrapartida | HS30: =Repasse | HT30: =Contrapartida | HV30: =Repasse | HW30: =Contrapartida | HY30: =Repasse | HZ30: =Contrapartida | IB30: =Repasse | IC30: =Contrapartida | IE30: =Repasse | IF30: =Contrapartida | IH30: =Repasse | II30: =Contrapartida | IK30: =Repasse | IL30: =Contrapartida | IN30: =Repasse | IO30: =Contrapartida | IQ30: =Repasse | IR30: =Contrapartida | IT30: =Repasse | IU30: =Contrapartida
... A52: =QCI!$B52 -> 0 | B52: =QCI!$M52 -> 0 | C52: =IF($B52=0,"",$B52/$B$53*100) | D52: =G52+J52+M52+P52+S52+V52+Y52+AB52+AE52+AH52+AK52+AN52+AQ52+AT52+AW52+AZ52+BC52+BF52+BI52+BL52+BO52+BR52+BU52+BX52+CA52+CD52+CG52+CJ52+CM52+CP52+CS52+CV52+CY52+DB52+DE52+DH52+DK52+DN52+DQ52+DT52+DW52+DZ52+EC52+EF52+EI52+EL52+EO52+ER52+EU52+EX52+FA52+FD52+FG52+FJ52+FM52+FP52+FS52+FV52+FY52+GB52+GE52+GH52+GK52+GN52+GQ52+GT52+GW52+GZ52+HC52+HF52+HI52+HL52+HO52+HR52+HU52+HX52+IA52+ID52+IG52+IJ52+IM52+IP52+IS52+IV52 -> 0 | E52: =Repasse | F52: =Contrapartida | H52: =Repasse | I52: =Contrapartida | K52: =Repasse | L52: =Contrapartida | N52: =Repasse | O52: =Contrapartida | Q52: =Repasse | R52: =Contrapartida | T52: =Repasse | U52: =Contrapartida | W52: =Repasse | X52: =Contrapartida | Z52: =Repasse | AA52: =Contrapartida | AC52: =Repasse | AD52: =Contrapartida | AF52: =Repasse | AG52: =Contrapartida | AI52: =Repasse | AJ52: =Contrapartida | AL52: =Repasse | AM52: =Contrapartida | AO52: =Repasse | AP52: =Contrapartida | AR52: =Repasse | AS52: =Contrapartida | AU52: =Repasse | AV52: =Contrapartida | AX52: =Repasse | AY52: =Contrapartida | BA52: =Repasse | BB52: =Contrapartida | BD52: =Repasse | BE52: =Contrapartida | BG52: =Repasse | BH52: =Contrapartida | BJ52: =Repasse | BK52: =Contrapartida | BM52: =Repasse | BN52: =Contrapartida | BP52: =Repasse | BQ52: =Contrapartida | BS52: =Repasse | BT52: =Contrapartida | BV52: =Repasse | BW52: =Contrapartida | BY52: =Repasse | BZ52: =Contrapartida | CB52: =Repasse | CC52: =Contrapartida | CE52: =Repasse | CF52: =Contrapartida | CH52: =Repasse | CI52: =Contrapartida | CK52: =Repasse | CL52: =Contrapartida | CN52: =Repasse | CO52: =Contrapartida | CQ52: =Repasse | CR52: =Contrapartida | CT52: =Repasse | CU52: =Contrapartida | CW52: =Repasse | CX52: =Contrapartida | CZ52: =Repasse | DA52: =Contrapartida | DC52: =Repasse | DD52: =Contrapartida | DF52: =Repasse | DG52: =Contrapartida | DI52: =Repasse | DJ52: =Contrapartida | DL52: =Repasse | DM52: =Contrapartida | DO52: =Repasse | DP52: =Contrapartida | DR52: =Repasse | DS52: =Contrapartida | DU52: =Repasse | DV52: =Contrapartida | DX52: =Repasse | DY52: =Contrapartida | EA52: =Repasse | EB52: =Contrapartida | ED52: =Repasse | EE52: =Contrapartida | EG52: =Repasse | EH52: =Contrapartida | EJ52: =Repasse | EK52: =Contrapartida | EM52: =Repasse | EN52: =Contrapartida | EP52: =Repasse | EQ52: =Contrapartida | ES52: =Repasse | ET52: =Contrapartida | EV52: =Repasse | EW52: =Contrapartida | EY52: =Repasse | EZ52: =Contrapartida | FB52: =Repasse | FC52: =Contrapartida | FE52: =Repasse | FF52: =Contrapartida | FH52: =Repasse | FI52: =Contrapartida | FK52: =Repasse | FL52: =Contrapartida | FN52: =Repasse | FO52: =Contrapartida | FQ52: =Repasse | FR52: =Contrapartida | FT52: =Repasse | FU52: =Contrapartida | FW52: =Repasse | FX52: =Contrapartida | FZ52: =Repasse | GA52: =Contrapartida | GC52: =Repasse | GD52: =Contrapartida | GF52: =Repasse | GG52: =Contrapartida | GI52: =Repasse | GJ52: =Contrapartida | GL52: =Repasse | GM52: =Contrapartida | GO52: =Repasse | GP52: =Contrapartida | GR52: =Repasse | GS52: =Contrapartida | GU52: =Repasse | GV52: =Contrapartida | GX52: =Repasse | GY52: =Contrapartida | HA52: =Repasse | HB52: =Contrapartida | HD52: =Repasse | HE52: =Contrapartida | HG52: =Repasse | HH52: =Contrapartida | HJ52: =Repasse | HK52: =Contrapartida | HM52: =Repasse | HN52: =Contrapartida | HP52: =Repasse | HQ52: =Contrapartida | HS52: =Repasse | HT52: =Contrapartida | HV52: =Repasse | HW52: =Contrapartida | HY52: =Repasse | HZ52: =Contrapartida | IB52: =Repasse | IC52: =Contrapartida | IE52: =Repasse | IF52: =Contrapartida | IH52: =Repasse | II52: =Contrapartida | IK52: =Repasse | IL52: =Contrapartida | IN52: =Repasse | IO52: =Contrapartida | IQ52: =Repasse | IR52: =Contrapartida | IT52: =Repasse | IU52: =Contrapartida
B53: =IF(SUM($B$13:$B$52)=0,0,SUM($B$13:$B$52)) -> 354825.53 | E53: =IF(SUM(E$13:E$52)=0,0,SUM(E$13:E$52)) -> 0 | F53: =IF(SUM(F$13:F$52)=0,0,SUM(F$13:F$52)) -> 82778.904 | G53: =IF(SUM(G$13:G$52)=0,0,(E$53+F$53)/$B$53*100) -> 23.329467 | H53: =IF(SUM(H$13:H$52)=0,0,SUM(H$13:H$52)) -> 0 | I53: =IF(SUM(I$13:I$52)=0,0,SUM(I$13:I$52)) -> 103862.74 | J53: =IF(SUM(J$13:J$52)=0,0,(H$53+I$53)/$B$53*100) -> 29.271497 | K53: =IF(SUM(K$13:K$52)=0,0,SUM(K$13:K$52)) -> 0 | L53: =IF(SUM(L$13:L$52)=0,0,SUM(L$13:L$52)) -> 103862.74 | M53: =IF(SUM(M$13:M$52)=0,0,(K$53+L$53)/$B$53*100) -> 29.271497 | N53: =IF(SUM(N$13:N$52)=0,0,SUM(N$13:N$52)) -> 0 | O53: =IF(SUM(O$13:O$52)=0,0,SUM(O$13:O$52)) -> 64321.141 | P53: =IF(SUM(P$13:P$52)=0,0,(N$53+O$53)/$B$53*100) -> 18.12754 | Q53: =IF(SUM(Q$13:Q$52)=0,0,SUM(Q$13:Q$52)) -> 0 | R53: =IF(SUM(R$13:R$52)=0,0,SUM(R$13:R$52)) -> 0 | S53: =IF(SUM(S$13:S$52)=0,0,(Q$53+R$53)/$B$53*100) -> 0 | T53: =IF(SUM(T$13:T$52)=0,0,SUM(T$13:T$52)) -> 0 | U53: =IF(SUM(U$13:U$52)=0,0,SUM(U$13:U$52)) -> 0 | V53: =IF(SUM(V$13:V$52)=0,0,(T$53+U$53)/$B$53*100) -> 0 | W53: =IF(SUM(W$13:W$52)=0,0,SUM(W$13:W$52)) -> 0 | X53: =IF(SUM(X$13:X$52)=0,0,SUM(X$13:X$52)) -> 0 | Y53: =IF(SUM(Y$13:Y$52)=0,0,(W$53+X$53)/$B$53*100) -> 0 | Z53: =IF(SUM(Z$13:Z$52)=0,0,SUM(Z$13:Z$52)) -> 0 | AA53: =IF(SUM(AA$13:AA$52)=0,0,SUM(AA$13:AA$52)) -> 0 | AB53: =IF(SUM(AB$13:AB$52)=0,0,(Z$53+AA$53)/$B$53*100) -> 0 | AC53: =IF(SUM(AC$13:AC$52)=0,0,SUM(AC$13:AC$52)) -> 0 | AD53: =IF(SUM(AD$13:AD$52)=0,0,SUM(AD$13:AD$52)) -> 0 | AE53: =IF(SUM(AE$13:AE$52)=0,0,(AC$53+AD$53)/$B$53*100) -> 0 | AF53: =IF(SUM(AF$13:AF$52)=0,0,SUM(AF$13:AF$52)) -> 0 | AG53: =IF(SUM(AG$13:AG$52)=0,0,SUM(AG$13:AG$52)) -> 0 | AH53: =IF(SUM(AH$13:AH$52)=0,0,(AF$53+AG$53)/$B$53*100) -> 0 | AI53: =IF(SUM(AI$13:AI$52)=0,0,SUM(AI$13:AI$52)) -> 0 | AJ53: =IF(SUM(AJ$13:AJ$52)=0,0,SUM(AJ$13:AJ$52)) -> 0 | AK53: =IF(SUM(AK$13:AK$52)=0,0,(AI$53+AJ$53)/$B$53*100) -> 0 | AL53: =IF(SUM(AL$13:AL$52)=0,0,SUM(AL$13:AL$52)) -> 0 | AM53: =IF(SUM(AM$13:AM$52)=0,0,SUM(AM$13:AM$52)) -> 0 | AN53: =IF(SUM(AN$13:AN$52)=0,0,(AL$53+AM$53)/$B$53*100) -> 0 | AO53: =IF(SUM(AO$13:AO$52)=0,0,SUM(AO$13:AO$52)) -> 0 | AP53: =IF(SUM(AP$13:AP$52)=0,0,SUM(AP$13:AP$52)) -> 0 | AQ53: =IF(SUM(AQ$13:AQ$52)=0,0,(AO$53+AP$53)/$B$53*100) -> 0 | AR53: =IF(SUM(AR$13:AR$52)=0,0,SUM(AR$13:AR$52)) -> 0 | AS53: =IF(SUM(AS$13:AS$52)=0,0,SUM(AS$13:AS$52)) -> 0 | AT53: =IF(SUM(AT$13:AT$52)=0,0,(AR$53+AS$53)/$B$53*100) -> 0 | AU53: =IF(SUM(AU$13:AU$52)=0,0,SUM(AU$13:AU$52)) -> 0 | AV53: =IF(SUM(AV$13:AV$52)=0,0,SUM(AV$13:AV$52)) -> 0 | AW53: =IF(SUM(AW$13:AW$52)=0,0,(AU$53+AV$53)/$B$53*100) -> 0 | AX53: =IF(SUM(AX$13:AX$52)=0,0,SUM(AX$13:AX$52)) -> 0 | AY53: =IF(SUM(AY$13:AY$52)=0,0,SUM(AY$13:AY$52)) -> 0 | AZ53: =IF(SUM(AZ$13:AZ$52)=0,0,(AX$53+AY$53)/$B$53*100) -> 0 | BA53: =IF(SUM(BA$13:BA$52)=0,0,SUM(BA$13:BA$52)) -> 0 | BB53: =IF(SUM(BB$13:BB$52)=0,0,SUM(BB$13:BB$52)) -> 0 | BC53: =IF(SUM(BC$13:BC$52)=0,0,(BA$53+BB$53)/$B$53*100) -> 0 | BD53: =IF(SUM(BD$13:BD$52)=0,0,SUM(BD$13:BD$52)) -> 0 | BE53: =IF(SUM(BE$13:BE$52)=0,0,SUM(BE$13:BE$52)) -> 0 | BF53: =IF(SUM(BF$13:BF$52)=0,0,(BD$53+BE$53)/$B$53*100) -> 0 | BG53: =IF(SUM(BG$13:BG$52)=0,0,SUM(BG$13:BG$52)) -> 0 | BH53: =IF(SUM(BH$13:BH$52)=0,0,SUM(BH$13:BH$52)) -> 0 | BI53: =IF(SUM(BI$13:BI$52)=0,0,(BG$53+BH$53)/$B$53*100) -> 0 | BJ53: =IF(SUM(BJ$13:BJ$52)=0,0,SUM(BJ$13:BJ$52)) -> 0 | BK53: =IF(SUM(BK$13:BK$52)=0,0,SUM(BK$13:BK$52)) -> 0 | BL53: =IF(SUM(BL$13:BL$52)=0,0,(BJ$53+BK$53)/$B$53*100) -> 0 | BM53: =IF(SUM(BM$13:BM$52)=0,0,SUM(BM$13:BM$52)) -> 0 | BN53: =IF(SUM(BN$13:BN$52)=0,0,SUM(BN$13:BN$52)) -> 0 | BO53: =IF(SUM(BO$13:BO$52)=0,0,(BM$53+BN$53)/$B$53*100) -> 0 | BP53: =IF(SUM(BP$13:BP$52)=0,0,SUM(BP$13:BP$52)) -> 0 | BQ53: =IF(SUM(BQ$13:BQ$52)=0,0,SUM(BQ$13:BQ$52)) -> 0 | BR53: =IF(SUM(BR$13:BR$52)=0,0,(BP$53+BQ$53)/$B$53*100) -> 0 | BS53: =IF(SUM(BS$13:BS$52)=0,0,SUM(BS$13:BS$52)) -> 0 | BT53: =IF(SUM(BT$13:BT$52)=0,0,SUM(BT$13:BT$52)) -> 0 | BU53: =IF(SUM(BU$13:BU$52)=0,0,(BS$53+BT$53)/$B$53*100) -> 0 | BV53: =IF(SUM(BV$13:BV$52)=0,0,SUM(BV$13:BV$52)) -> 0 | BW53: =IF(SUM(BW$13:BW$52)=0,0,SUM(BW$13:BW$52)) -> 0 | BX53: =IF(SUM(BX$13:BX$52)=0,0,(BV$53+BW$53)/$B$53*100) -> 0 | BY53: =IF(SUM(BY$13:BY$52)=0,0,SUM(BY$13:BY$52)) -> 0 | BZ53: =IF(SUM(BZ$13:BZ$52)=0,0,SUM(BZ$13:BZ$52)) -> 0 | CA53: =IF(SUM(CA$13:CA$52)=0,0,(BY$53+BZ$53)/$B$53*100) -> 0 | CB53: =IF(SUM(CB$13:CB$52)=0,0,SUM(CB$13:CB$52)) -> 0 | CC53: =IF(SUM(CC$13:CC$52)=0,0,SUM(CC$13:CC$52)) -> 0 | CD53: =IF(SUM(CD$13:CD$52)=0,0,(CB$53+CC$53)/$B$53*100) -> 0 | CE53: =IF(SUM(CE$13:CE$52)=0,0,SUM(CE$13:CE$52)) -> 0 | CF53: =IF(SUM(CF$13:CF$52)=0,0,SUM(CF$13:CF$52)) -> 0 | CG53: =IF(SUM(CG$13:CG$52)=0,0,(CE$53+CF$53)/$B$53*100) -> 0 | CH53: =IF(SUM(CH$13:CH$52)=0,0,SUM(CH$13:CH$52)) -> 0 | CI53: =IF(SUM(CI$13:CI$52)=0,0,SUM(CI$13:CI$52)) -> 0 | CJ53: =IF(SUM(CJ$13:CJ$52)=0,0,(CH$53+CI$53)/$B$53*100) -> 0 | CK53: =IF(SUM(CK$13:CK$52)=0,0,SUM(CK$13:CK$52)) -> 0 | CL53: =IF(SUM(CL$13:CL$52)=0,0,SUM(CL$13:CL$52)) -> 0 | CM53: =IF(SUM(CM$13:CM$52)=0,0,(CK$53+CL$53)/$B$53*100) -> 0 | CN53: =IF(SUM(CN$13:CN$52)=0,0,SUM(CN$13:CN$52)) -> 0 | CO53: =IF(SUM(CO$13:CO$52)=0,0,SUM(CO$13:CO$52)) -> 0 | CP53: =IF(SUM(CP$13:CP$52)=0,0,(CN$53+CO$53)/$B$53*100) -> 0 | CQ53: =IF(SUM(CQ$13:CQ$52)=0,0,SUM(CQ$13:CQ$52)) -> 0 | CR53: =IF(SUM(CR$13:CR$52)=0,0,SUM(CR$13:CR$52)) -> 0 | CS53: =IF(SUM(CS$13:CS$52)=0,0,(CQ$53+CR$53)/$B$53*100) -> 0 | CT53: =IF(SUM(CT$13:CT$52)=0,0,SUM(CT$13:CT$52)) -> 0 | CU53: =IF(SUM(CU$13:CU$52)=0,0,SUM(CU$13:CU$52)) -> 0 | CV53: =IF(SUM(CV$13:CV$52)=0,0,(CT$53+CU$53)/$B$53*100) -> 0 | CW53: =IF(SUM(CW$13:CW$52)=0,0,SUM(CW$13:CW$52)) -> 0 | CX53: =IF(SUM(CX$13:CX$52)=0,0,SUM(CX$13:CX$52)) -> 0 | CY53: =IF(SUM(CY$13:CY$52)=0,0,(CW$53+CX$53)/$B$53*100) -> 0 | CZ53: =IF(SUM(CZ$13:CZ$52)=0,0,SUM(CZ$13:CZ$52)) -> 0 | DA53: =IF(SUM(DA$13:DA$52)=0,0,SUM(DA$13:DA$52)) -> 0 | DB53: =IF(SUM(DB$13:DB$52)=0,0,(CZ$53+DA$53)/$B$53*100) -> 0 | DC53: =IF(SUM(DC$13:DC$52)=0,0,SUM(DC$13:DC$52)) -> 0 | DD53: =IF(SUM(DD$13:DD$52)=0,0,SUM(DD$13:DD$52)) -> 0 | DE53: =IF(SUM(DE$13:DE$52)=0,0,(DC$53+DD$53)/$B$53*100) -> 0 | DF53: =IF(SUM(DF$13:DF$52)=0,0,SUM(DF$13:DF$52)) -> 0 | DG53: =IF(SUM(DG$13:DG$52)=0,0,SUM(DG$13:DG$52)) -> 0 | DH53: =IF(SUM(DH$13:DH$52)=0,0,(DF$53+DG$53)/$B$53*100) -> 0 | DI53: =IF(SUM(DI$13:DI$52)=0,0,SUM(DI$13:DI$52)) -> 0 | DJ53: =IF(SUM(DJ$13:DJ$52)=0,0,SUM(DJ$13:DJ$52)) -> 0 | DK53: =IF(SUM(DK$13:DK$52)=0,0,(DI$53+DJ$53)/$B$53*100) -> 0 | DL53: =IF(SUM(DL$13:DL$52)=0,0,SUM(DL$13:DL$52)) -> 0 | DM53: =IF(SUM(DM$13:DM$52)=0,0,SUM(DM$13:DM$52)) -> 0 | DN53: =IF(SUM(DN$13:DN$52)=0,0,(DL$53+DM$53)/$B$53*100) -> 0 | DO53: =IF(SUM(DO$13:DO$52)=0,0,SUM(DO$13:DO$52)) -> 0 | DP53: =IF(SUM(DP$13:DP$52)=0,0,SUM(DP$13:DP$52)) -> 0 | DQ53: =IF(SUM(DQ$13:DQ$52)=0,0,(DO$53+DP$53)/$B$53*100) -> 0 | DR53: =IF(SUM(DR$13:DR$52)=0,0,SUM(DR$13:DR$52)) -> 0 | DS53: =IF(SUM(DS$13:DS$52)=0,0,SUM(DS$13:DS$52)) -> 0 | DT53: =IF(SUM(DT$13:DT$52)=0,0,(DR$53+DS$53)/$B$53*100) -> 0 | DU53: =IF(SUM(DU$13:DU$52)=0,0,SUM(DU$13:DU$52)) -> 0 | DV53: =IF(SUM(DV$13:DV$52)=0,0,SUM(DV$13:DV$52)) -> 0 | DW53: =IF(SUM(DW$13:DW$52)=0,0,(DU$53+DV$53)/$B$53*100) -> 0 | DX53: =IF(SUM(DX$13:DX$52)=0,0,SUM(DX$13:DX$52)) -> 0 | DY53: =IF(SUM(DY$13:DY$52)=0,0,SUM(DY$13:DY$52)) -> 0 | DZ53: =IF(SUM(DZ$13:DZ$52)=0,0,(DX$53+DY$53)/$B$53*100) -> 0 | EA53: =IF(SUM(EA$13:EA$52)=0,0,SUM(EA$13:EA$52)) -> 0 | EB53: =IF(SUM(EB$13:EB$52)=0,0,SUM(EB$13:EB$52)) -> 0 | EC53: =IF(SUM(EC$13:EC$52)=0,0,(EA$53+EB$53)/$B$53*100) -> 0 | ED53: =IF(SUM(ED$13:ED$52)=0,0,SUM(ED$13:ED$52)) -> 0 | EE53: =IF(SUM(EE$13:EE$52)=0,0,SUM(EE$13:EE$52)) -> 0 | EF53: =IF(SUM(EF$13:EF$52)=0,0,(ED$53+EE$53)/$B$53*100) -> 0 | EG53: =IF(SUM(EG$13:EG$52)=0,0,SUM(EG$13:EG$52)) -> 0 | EH53: =IF(SUM(EH$13:EH$52)=0,0,SUM(EH$13:EH$52)) -> 0 | EI53: =IF(SUM(EI$13:EI$52)=0,0,(EG$53+EH$53)/$B$53*100) -> 0 | EJ53: =IF(SUM(EJ$13:EJ$52)=0,0,SUM(EJ$13:EJ$52)) -> 0 | EK53: =IF(SUM(EK$13:EK$52)=0,0,SUM(EK$13:EK$52)) -> 0 | EL53: =IF(SUM(EL$13:EL$52)=0,0,(EJ$53+EK$53)/$B$53*100) -> 0 | EM53: =IF(SUM(EM$13:EM$52)=0,0,SUM(EM$13:EM$52)) -> 0 | EN53: =IF(SUM(EN$13:EN$52)=0,0,SUM(EN$13:EN$52)) -> 0 | EO53: =IF(SUM(EO$13:EO$52)=0,0,(EM$53+EN$53)/$B$53*100) -> 0 | EP53: =IF(SUM(EP$13:EP$52)=0,0,SUM(EP$13:EP$52)) -> 0 | EQ53: =IF(SUM(EQ$13:EQ$52)=0,0,SUM(EQ$13:EQ$52)) -> 0 | ER53: =IF(SUM(ER$13:ER$52)=0,0,(EP$53+EQ$53)/$B$53*100) -> 0 | ES53: =IF(SUM(ES$13:ES$52)=0,0,SUM(ES$13:ES$52)) -> 0 | ET53: =IF(SUM(ET$13:ET$52)=0,0,SUM(ET$13:ET$52)) -> 0 | EU53: =IF(SUM(EU$13:EU$52)=0,0,(ES$53+ET$53)/$B$53*100) -> 0 | EV53: =IF(SUM(EV$13:EV$52)=0,0,SUM(EV$13:EV$52)) -> 0 | EW53: =IF(SUM(EW$13:EW$52)=0,0,SUM(EW$13:EW$52)) -> 0 | EX53: =IF(SUM(EX$13:EX$52)=0,0,(EV$53+EW$53)/$B$53*100) -> 0 | EY53: =IF(SUM(EY$13:EY$52)=0,0,SUM(EY$13:EY$52)) -> 0 | EZ53: =IF(SUM(EZ$13:EZ$52)=0,0,SUM(EZ$13:EZ$52)) -> 0 | FA53: =IF(SUM(FA$13:FA$52)=0,0,(EY$53+EZ$53)/$B$53*100) -> 0 | FB53: =IF(SUM(FB$13:FB$52)=0,0,SUM(FB$13:FB$52)) -> 0 | FC53: =IF(SUM(FC$13:FC$52)=0,0,SUM(FC$13:FC$52)) -> 0 | FD53: =IF(SUM(FD$13:FD$52)=0,0,(FB$53+FC$53)/$B$53*100) -> 0 | FE53: =IF(SUM(FE$13:FE$52)=0,0,SUM(FE$13:FE$52)) -> 0 | FF53: =IF(SUM(FF$13:FF$52)=0,0,SUM(FF$13:FF$52)) -> 0 | FG53: =IF(SUM(FG$13:FG$52)=0,0,(FE$53+FF$53)/$B$53*100) -> 0 | FH53: =IF(SUM(FH$13:FH$52)=0,0,SUM(FH$13:FH$52)) -> 0 | FI53: =IF(SUM(FI$13:FI$52)=0,0,SUM(FI$13:FI$52)) -> 0 | FJ53: =IF(SUM(FJ$13:FJ$52)=0,0,(FH$53+FI$53)/$B$53*100) -> 0 | FK53: =IF(SUM(FK$13:FK$52)=0,0,SUM(FK$13:FK$52)) -> 0 | FL53: =IF(SUM(FL$13:FL$52)=0,0,SUM(FL$13:FL$52)) -> 0 | FM53: =IF(SUM(FM$13:FM$52)=0,0,(FK$53+FL$53)/$B$53*100) -> 0 | FN53: =IF(SUM(FN$13:FN$52)=0,0,SUM(FN$13:FN$52)) -> 0 | FO53: =IF(SUM(FO$13:FO$52)=0,0,SUM(FO$13:FO$52)) -> 0 | FP53: =IF(SUM(FP$13:FP$52)=0,0,(FN$53+FO$53)/$B$53*100) -> 0 | FQ53: =IF(SUM(FQ$13:FQ$52)=0,0,SUM(FQ$13:FQ$52)) -> 0 | FR53: =IF(SUM(FR$13:FR$52)=0,0,SUM(FR$13:FR$52)) -> 0 | FS53: =IF(SUM(FS$13:FS$52)=0,0,(FQ$53+FR$53)/$B$53*100) -> 0 | FT53: =IF(SUM(FT$13:FT$52)=0,0,SUM(FT$13:FT$52)) -> 0 | FU53: =IF(SUM(FU$13:FU$52)=0,0,SUM(FU$13:FU$52)) -> 0 | FV53: =IF(SUM(FV$13:FV$52)=0,0,(FT$53+FU$53)/$B$53*100) -> 0 | FW53: =IF(SUM(FW$13:FW$52)=0,0,SUM(FW$13:FW$52)) -> 0 | FX53: =IF(SUM(FX$13:FX$52)=0,0,SUM(FX$13:FX$52)) -> 0 | FY53: =IF(SUM(FY$13:FY$52)=0,0,(FW$53+FX$53)/$B$53*100) -> 0 | FZ53: =IF(SUM(FZ$13:FZ$52)=0,0,SUM(FZ$13:FZ$52)) -> 0 | GA53: =IF(SUM(GA$13:GA$52)=0,0,SUM(GA$13:GA$52)) -> 0 | GB53: =IF(SUM(GB$13:GB$52)=0,0,(FZ$53+GA$53)/$B$53*100) -> 0 | GC53: =IF(SUM(GC$13:GC$52)=0,0,SUM(GC$13:GC$52)) -> 0 | GD53: =IF(SUM(GD$13:GD$52)=0,0,SUM(GD$13:GD$52)) -> 0 | GE53: =IF(SUM(GE$13:GE$52)=0,0,(GC$53+GD$53)/$B$53*100) -> 0 | GF53: =IF(SUM(GF$13:GF$52)=0,0,SUM(GF$13:GF$52)) -> 0 | GG53: =IF(SUM(GG$13:GG$52)=0,0,SUM(GG$13:GG$52)) -> 0 | GH53: =IF(SUM(GH$13:GH$52)=0,0,(GF$53+GG$53)/$B$53*100) -> 0 | GI53: =IF(SUM(GI$13:GI$52)=0,0,SUM(GI$13:GI$52)) -> 0 | GJ53: =IF(SUM(GJ$13:GJ$52)=0,0,SUM(GJ$13:GJ$52)) -> 0 | GK53: =IF(SUM(GK$13:GK$52)=0,0,(GI$53+GJ$53)/$B$53*100) -> 0 | GL53: =IF(SUM(GL$13:GL$52)=0,0,SUM(GL$13:GL$52)) -> 0 | GM53: =IF(SUM(GM$13:GM$52)=0,0,SUM(GM$13:GM$52)) -> 0 | GN53: =IF(SUM(GN$13:GN$52)=0,0,(GL$53+GM$53)/$B$53*100) -> 0 | GO53: =IF(SUM(GO$13:GO$52)=0,0,SUM(GO$13:GO$52)) -> 0 | GP53: =IF(SUM(GP$13:GP$52)=0,0,SUM(GP$13:GP$52)) -> 0 | GQ53: =IF(SUM(GQ$13:GQ$52)=0,0,(GO$53+GP$53)/$B$53*100) -> 0 | GR53: =IF(SUM(GR$13:GR$52)=0,0,SUM(GR$13:GR$52)) -> 0 | GS53: =IF(SUM(GS$13:GS$52)=0,0,SUM(GS$13:GS$52)) -> 0 | GT53: =IF(SUM(GT$13:GT$52)=0,0,(GR$53+GS$53)/$B$53*100) -> 0 | GU53: =IF(SUM(GU$13:GU$52)=0,0,SUM(GU$13:GU$52)) -> 0 | GV53: =IF(SUM(GV$13:GV$52)=0,0,SUM(GV$13:GV$52)) -> 0 | GW53: =IF(SUM(GW$13:GW$52)=0,0,(GU$53+GV$53)/$B$53*100) -> 0 | GX53: =IF(SUM(GX$13:GX$52)=0,0,SUM(GX$13:GX$52)) -> 0 | GY53: =IF(SUM(GY$13:GY$52)=0,0,SUM(GY$13:GY$52)) -> 0 | GZ53: =IF(SUM(GZ$13:GZ$52)=0,0,(GX$53+GY$53)/$B$53*100) -> 0 | HA53: =IF(SUM(HA$13:HA$52)=0,0,SUM(HA$13:HA$52)) -> 0 | HB53: =IF(SUM(HB$13:HB$52)=0,0,SUM(HB$13:HB$52)) -> 0 | HC53: =IF(SUM(HC$13:HC$52)=0,0,(HA$53+HB$53)/$B$53*100) -> 0 | HD53: =IF(SUM(HD$13:HD$52)=0,0,SUM(HD$13:HD$52)) -> 0 | HE53: =IF(SUM(HE$13:HE$52)=0,0,SUM(HE$13:HE$52)) -> 0 | HF53: =IF(SUM(HF$13:HF$52)=0,0,(HD$53+HE$53)/$B$53*100) -> 0 | HG53: =IF(SUM(HG$13:HG$52)=0,0,SUM(HG$13:HG$52)) -> 0 | HH53: =IF(SUM(HH$13:HH$52)=0,0,SUM(HH$13:HH$52)) -> 0 | HI53: =IF(SUM(HI$13:HI$52)=0,0,(HG$53+HH$53)/$B$53*100) -> 0 | HJ53: =IF(SUM(HJ$13:HJ$52)=0,0,SUM(HJ$13:HJ$52)) -> 0 | HK53: =IF(SUM(HK$13:HK$52)=0,0,SUM(HK$13:HK$52)) -> 0 | HL53: =IF(SUM(HL$13:HL$52)=0,0,(HJ$53+HK$53)/$B$53*100) -> 0 | HM53: =IF(SUM(HM$13:HM$52)=0,0,SUM(HM$13:HM$52)) -> 0 | HN53: =IF(SUM(HN$13:HN$52)=0,0,SUM(HN$13:HN$52)) -> 0 | HO53: =IF(SUM(HO$13:HO$52)=0,0,(HM$53+HN$53)/$B$53*100) -> 0 | HP53: =IF(SUM(HP$13:HP$52)=0,0,SUM(HP$13:HP$52)) -> 0 | HQ53: =IF(SUM(HQ$13:HQ$52)=0,0,SUM(HQ$13:HQ$52)) -> 0 | HR53: =IF(SUM(HR$13:HR$52)=0,0,(HP$53+HQ$53)/$B$53*100) -> 0 | HS53: =IF(SUM(HS$13:HS$52)=0,0,SUM(HS$13:HS$52)) -> 0 | HT53: =IF(SUM(HT$13:HT$52)=0,0,SUM(HT$13:HT$52)) -> 0 | HU53: =IF(SUM(HU$13:HU$52)=0,0,(HS$53+HT$53)/$B$53*100) -> 0 | HV53: =IF(SUM(HV$13:HV$52)=0,0,SUM(HV$13:HV$52)) -> 0 | HW53: =IF(SUM(HW$13:HW$52)=0,0,SUM(HW$13:HW$52)) -> 0 | HX53: =IF(SUM(HX$13:HX$52)=0,0,(HV$53+HW$53)/$B$53*100) -> 0 | HY53: =IF(SUM(HY$13:HY$52)=0,0,SUM(HY$13:HY$52)) -> 0 | HZ53: =IF(SUM(HZ$13:HZ$52)=0,0,SUM(HZ$13:HZ$52)) -> 0 | IA53: =IF(SUM(IA$13:IA$52)=0,0,(HY$53+HZ$53)/$B$53*100) -> 0 | IB53: =IF(SUM(IB$13:IB$52)=0,0,SUM(IB$13:IB$52)) -> 0 | IC53: =IF(SUM(IC$13:IC$52)=0,0,SUM(IC$13:IC$52)) -> 0 | ID53: =IF(SUM(ID$13:ID$52)=0,0,(IB$53+IC$53)/$B$53*100) -> 0 | IE53: =IF(SUM(IE$13:IE$52)=0,0,SUM(IE$13:IE$52)) -> 0 | IF53: =IF(SUM(IF$13:IF$52)=0,0,SUM(IF$13:IF$52)) -> 0 | IG53: =IF(SUM(IG$13:IG$52)=0,0,(IE$53+IF$53)/$B$53*100) -> 0 | IH53: =IF(SUM(IH$13:IH$52)=0,0,SUM(IH$13:IH$52)) -> 0 | II53: =IF(SUM(II$13:II$52)=0,0,SUM(II$13:II$52)) -> 0 | IJ53: =IF(SUM(IJ$13:IJ$52)=0,0,(IH$53+II$53)/$B$53*100) -> 0 | IK53: =IF(SUM(IK$13:IK$52)=0,0,SUM(IK$13:IK$52)) -> 0 | IL53: =IF(SUM(IL$13:IL$52)=0,0,SUM(IL$13:IL$52)) -> 0 | IM53: =IF(SUM(IM$13:IM$52)=0,0,(IK$53+IL$53)/$B$53*100) -> 0 | IN53: =IF(SUM(IN$13:IN$52)=0,0,SUM(IN$13:IN$52)) -> 0 | IO53: =IF(SUM(IO$13:IO$52)=0,0,SUM(IO$13:IO$52)) -> 0 | IP53: =IF(SUM(IP$13:IP$52)=0,0,(IN$53+IO$53)/$B$53*100) -> 0 | IQ53: =IF(SUM(IQ$13:IQ$52)=0,0,SUM(IQ$13:IQ$52)) -> 0 | IR53: =IF(SUM(IR$13:IR$52)=0,0,SUM(IR$13:IR$52)) -> 0 | IS53: =IF(SUM(IS$13:IS$52)=0,0,(IQ$53+IR$53)/$B$53*100) -> 0 | IT53: =IF(SUM(IT$13:IT$52)=0,0,SUM(IT$13:IT$52)) -> 0 | IU53: =IF(SUM(IU$13:IU$52)=0,0,SUM(IU$13:IU$52)) -> 0 | IV53: =IF(SUM(IV$13:IV$52)=0,0,(IT$53+IU$53)/$B$53*100) -> 0
B54: Financeira | C54: =SUM($E$54:$IV$54) -> 354825.53 | F54: =SUMPRODUCT(G$13:G$52,QCI!$H$13:$H$52)/100 -> 82778.904 | I54: =SUMPRODUCT(J$13:J$52,QCI!$H$13:$H$52)/100 -> 103862.74 | L54: =SUMPRODUCT(M$13:M$52,QCI!$H$13:$H$52)/100 -> 103862.74 | O54: =SUMPRODUCT(P$13:P$52,QCI!$H$13:$H$52)/100 -> 64321.141 | R54: =SUMPRODUCT(S$13:S$52,QCI!$H$13:$H$52)/100 -> 0 | U54: =SUMPRODUCT(V$13:V$52,QCI!$H$13:$H$52)/100 -> 0 | X54: =SUMPRODUCT(Y$13:Y$52,QCI!$H$13:$H$52)/100 -> 0 | AA54: =SUMPRODUCT(AB$13:AB$52,QCI!$H$13:$H$52)/100 -> 0 | AD54: =SUMPRODUCT(AE$13:AE$52,QCI!$H$13:$H$52)/100 -> 0 | AG54: =SUMPRODUCT(AH$13:AH$52,QCI!$H$13:$H$52)/100 -> 0 | AJ54: =SUMPRODUCT(AK$13:AK$52,QCI!$H$13:$H$52)/100 -> 0 | AM54: =SUMPRODUCT(AN$13:AN$52,QCI!$H$13:$H$52)/100 -> 0 | AP54: =SUMPRODUCT(AQ$13:AQ$52,QCI!$H$13:$H$52)/100 -> 0 | AS54: =SUMPRODUCT(AT$13:AT$52,QCI!$H$13:$H$52)/100 -> 0 | AV54: =SUMPRODUCT(AW$13:AW$52,QCI!$H$13:$H$52)/100 -> 0 | AY54: =SUMPRODUCT(AZ$13:AZ$52,QCI!$H$13:$H$52)/100 -> 0 | BB54: =SUMPRODUCT(BC$13:BC$52,QCI!$H$13:$H$52)/100 -> 0 | BE54: =SUMPRODUCT(BF$13:BF$52,QCI!$H$13:$H$52)/100 -> 0 | BH54: =SUMPRODUCT(BI$13:BI$52,QCI!$H$13:$H$52)/100 -> 0 | BK54: =SUMPRODUCT(BL$13:BL$52,QCI!$H$13:$H$52)/100 -> 0 | BN54: =SUMPRODUCT(BO$13:BO$52,QCI!$H$13:$H$52)/100 -> 0 | BQ54: =SUMPRODUCT(BR$13:BR$52,QCI!$H$13:$H$52)/100 -> 0 | BT54: =SUMPRODUCT(BU$13:BU$52,QCI!$H$13:$H$52)/100 -> 0 | BW54: =SUMPRODUCT(BX$13:BX$52,QCI!$H$13:$H$52)/100 -> 0 | BZ54: =SUMPRODUCT(CA$13:CA$52,QCI!$H$13:$H$52)/100 -> 0 | CC54: =SUMPRODUCT(CD$13:CD$52,QCI!$H$13:$H$52)/100 -> 0 | CF54: =SUMPRODUCT(CG$13:CG$52,QCI!$H$13:$H$52)/100 -> 0 | CI54: =SUMPRODUCT(CJ$13:CJ$52,QCI!$H$13:$H$52)/100 -> 0 | CL54: =SUMPRODUCT(CM$13:CM$52,QCI!$H$13:$H$52)/100 -> 0 | CO54: =SUMPRODUCT(CP$13:CP$52,QCI!$H$13:$H$52)/100 -> 0 | CR54: =SUMPRODUCT(CS$13:CS$52,QCI!$H$13:$H$52)/100 -> 0 | CU54: =SUMPRODUCT(CV$13:CV$52,QCI!$H$13:$H$52)/100 -> 0 | CX54: =SUMPRODUCT(CY$13:CY$52,QCI!$H$13:$H$52)/100 -> 0 | DA54: =SUMPRODUCT(DB$13:DB$52,QCI!$H$13:$H$52)/100 -> 0 | DD54: =SUMPRODUCT(DE$13:DE$52,QCI!$H$13:$H$52)/100 -> 0 | DG54: =SUMPRODUCT(DH$13:DH$52,QCI!$H$13:$H$52)/100 -> 0 | DJ54: =SUMPRODUCT(DK$13:DK$52,QCI!$H$13:$H$52)/100 -> 0 | DM54: =SUMPRODUCT(DN$13:DN$52,QCI!$H$13:$H$52)/100 -> 0 | DP54: =SUMPRODUCT(DQ$13:DQ$52,QCI!$H$13:$H$52)/100 -> 0 | DS54: =SUMPRODUCT(DT$13:DT$52,QCI!$H$13:$H$52)/100 -> 0 | DV54: =SUMPRODUCT(DW$13:DW$52,QCI!$H$13:$H$52)/100 -> 0 | DY54: =SUMPRODUCT(DZ$13:DZ$52,QCI!$H$13:$H$52)/100 -> 0 | EB54: =SUMPRODUCT(EC$13:EC$52,QCI!$H$13:$H$52)/100 -> 0 | EE54: =SUMPRODUCT(EF$13:EF$52,QCI!$H$13:$H$52)/100 -> 0 | EH54: =SUMPRODUCT(EI$13:EI$52,QCI!$H$13:$H$52)/100 -> 0 | EK54: =SUMPRODUCT(EL$13:EL$52,QCI!$H$13:$H$52)/100 -> 0 | EN54: =SUMPRODUCT(EO$13:EO$52,QCI!$H$13:$H$52)/100 -> 0 | EQ54: =SUMPRODUCT(ER$13:ER$52,QCI!$H$13:$H$52)/100 -> 0 | ET54: =SUMPRODUCT(EU$13:EU$52,QCI!$H$13:$H$52)/100 -> 0 | EW54: =SUMPRODUCT(EX$13:EX$52,QCI!$H$13:$H$52)/100 -> 0 | EZ54: =SUMPRODUCT(FA$13:FA$52,QCI!$H$13:$H$52)/100 -> 0 | FC54: =SUMPRODUCT(FD$13:FD$52,QCI!$H$13:$H$52)/100 -> 0 | FF54: =SUMPRODUCT(FG$13:FG$52,QCI!$H$13:$H$52)/100 -> 0 | FI54: =SUMPRODUCT(FJ$13:FJ$52,QCI!$H$13:$H$52)/100 -> 0 | FL54: =SUMPRODUCT(FM$13:FM$52,QCI!$H$13:$H$52)/100 -> 0 | FO54: =SUMPRODUCT(FP$13:FP$52,QCI!$H$13:$H$52)/100 -> 0 | FR54: =SUMPRODUCT(FS$13:FS$52,QCI!$H$13:$H$52)/100 -> 0 | FU54: =SUMPRODUCT(FV$13:FV$52,QCI!$H$13:$H$52)/100 -> 0 | FX54: =SUMPRODUCT(FY$13:FY$52,QCI!$H$13:$H$52)/100 -> 0 | GA54: =SUMPRODUCT(GB$13:GB$52,QCI!$H$13:$H$52)/100 -> 0 | GD54: =SUMPRODUCT(GE$13:GE$52,QCI!$H$13:$H$52)/100 -> 0 | GG54: =SUMPRODUCT(GH$13:GH$52,QCI!$H$13:$H$52)/100 -> 0 | GJ54: =SUMPRODUCT(GK$13:GK$52,QCI!$H$13:$H$52)/100 -> 0 | GM54: =SUMPRODUCT(GN$13:GN$52,QCI!$H$13:$H$52)/100 -> 0 | GP54: =SUMPRODUCT(GQ$13:GQ$52,QCI!$H$13:$H$52)/100 -> 0 | GS54: =SUMPRODUCT(GT$13:GT$52,QCI!$H$13:$H$52)/100 -> 0 | GV54: =SUMPRODUCT(GW$13:GW$52,QCI!$H$13:$H$52)/100 -> 0 | GY54: =SUMPRODUCT(GZ$13:GZ$52,QCI!$H$13:$H$52)/100 -> 0 | HB54: =SUMPRODUCT(HC$13:HC$52,QCI!$H$13:$H$52)/100 -> 0 | HE54: =SUMPRODUCT(HF$13:HF$52,QCI!$H$13:$H$52)/100 -> 0 | HH54: =SUMPRODUCT(HI$13:HI$52,QCI!$H$13:$H$52)/100 -> 0 | HK54: =SUMPRODUCT(HL$13:HL$52,QCI!$H$13:$H$52)/100 -> 0 | HN54: =SUMPRODUCT(HO$13:HO$52,QCI!$H$13:$H$52)/100 -> 0 | HQ54: =SUMPRODUCT(HR$13:HR$52,QCI!$H$13:$H$52)/100 -> 0 | HT54: =SUMPRODUCT(HU$13:HU$52,QCI!$H$13:$H$52)/100 -> 0 | HW54: =SUMPRODUCT(HX$13:HX$52,QCI!$H$13:$H$52)/100 -> 0 | HZ54: =SUMPRODUCT(IA$13:IA$52,QCI!$H$13:$H$52)/100 -> 0 | IC54: =SUMPRODUCT(ID$13:ID$52,QCI!$H$13:$H$52)/100 -> 0 | IF54: =SUMPRODUCT(IG$13:IG$52,QCI!$H$13:$H$52)/100 -> 0 | II54: =SUMPRODUCT(IJ$13:IJ$52,QCI!$H$13:$H$52)/100 -> 0 | IL54: =SUMPRODUCT(IM$13:IM$52,QCI!$H$13:$H$52)/100 -> 0 | IO54: =SUMPRODUCT(IP$13:IP$52,QCI!$H$13:$H$52)/100 -> 0 | IR54: =SUMPRODUCT(IS$13:IS$52,QCI!$H$13:$H$52)/100 -> 0 | IU54: =SUMPRODUCT(IV$13:IV$52,QCI!$H$13:$H$52)/100 -> 0
B55: Física | C55: =SUM($E$55:$IV$55) -> 0 | F55: =SUMPRODUCT(G$13:G$52,QCI!$K$13:$K$52)/100 -> 0 | I55: =SUMPRODUCT(J$13:J$52,QCI!$K$13:$K$52)/100 -> 0 | L55: =SUMPRODUCT(M$13:M$52,QCI!$K$13:$K$52)/100 -> 0 | O55: =SUMPRODUCT(P$13:P$52,QCI!$K$13:$K$52)/100 -> 0 | R55: =SUMPRODUCT(S$13:S$52,QCI!$K$13:$K$52)/100 -> 0 | U55: =SUMPRODUCT(V$13:V$52,QCI!$K$13:$K$52)/100 -> 0 | X55: =SUMPRODUCT(Y$13:Y$52,QCI!$K$13:$K$52)/100 -> 0 | AA55: =SUMPRODUCT(AB$13:AB$52,QCI!$K$13:$K$52)/100 -> 0 | AD55: =SUMPRODUCT(AE$13:AE$52,QCI!$K$13:$K$52)/100 -> 0 | AG55: =SUMPRODUCT(AH$13:AH$52,QCI!$K$13:$K$52)/100 -> 0 | AJ55: =SUMPRODUCT(AK$13:AK$52,QCI!$K$13:$K$52)/100 -> 0 | AM55: =SUMPRODUCT(AN$13:AN$52,QCI!$K$13:$K$52)/100 -> 0 | AP55: =SUMPRODUCT(AQ$13:AQ$52,QCI!$K$13:$K$52)/100 -> 0 | AS55: =SUMPRODUCT(AT$13:AT$52,QCI!$K$13:$K$52)/100 -> 0 | AV55: =SUMPRODUCT(AW$13:AW$52,QCI!$K$13:$K$52)/100 -> 0 | AY55: =SUMPRODUCT(AZ$13:AZ$52,QCI!$K$13:$K$52)/100 -> 0 | BB55: =SUMPRODUCT(BC$13:BC$52,QCI!$K$13:$K$52)/100 -> 0 | BE55: =SUMPRODUCT(BF$13:BF$52,QCI!$K$13:$K$52)/100 -> 0 | BH55: =SUMPRODUCT(BI$13:BI$52,QCI!$K$13:$K$52)/100 -> 0 | BK55: =SUMPRODUCT(BL$13:BL$52,QCI!$K$13:$K$52)/100 -> 0 | BN55: =SUMPRODUCT(BO$13:BO$52,QCI!$K$13:$K$52)/100 -> 0 | BQ55: =SUMPRODUCT(BR$13:BR$52,QCI!$K$13:$K$52)/100 -> 0 | BT55: =SUMPRODUCT(BU$13:BU$52,QCI!$K$13:$K$52)/100 -> 0 | BW55: =SUMPRODUCT(BX$13:BX$52,QCI!$K$13:$K$52)/100 -> 0 | BZ55: =SUMPRODUCT(CA$13:CA$52,QCI!$K$13:$K$52)/100 -> 0 | CC55: =SUMPRODUCT(CD$13:CD$52,QCI!$K$13:$K$52)/100 -> 0 | CF55: =SUMPRODUCT(CG$13:CG$52,QCI!$K$13:$K$52)/100 -> 0 | CI55: =SUMPRODUCT(CJ$13:CJ$52,QCI!$K$13:$K$52)/100 -> 0 | CL55: =SUMPRODUCT(CM$13:CM$52,QCI!$K$13:$K$52)/100 -> 0 | CO55: =SUMPRODUCT(CP$13:CP$52,QCI!$K$13:$K$52)/100 -> 0 | CR55: =SUMPRODUCT(CS$13:CS$52,QCI!$K$13:$K$52)/100 -> 0 | CU55: =SUMPRODUCT(CV$13:CV$52,QCI!$K$13:$K$52)/100 -> 0 | CX55: =SUMPRODUCT(CY$13:CY$52,QCI!$K$13:$K$52)/100 -> 0 | DA55: =SUMPRODUCT(DB$13:DB$52,QCI!$K$13:$K$52)/100 -> 0 | DD55: =SUMPRODUCT(DE$13:DE$52,QCI!$K$13:$K$52)/100 -> 0 | DG55: =SUMPRODUCT(DH$13:DH$52,QCI!$K$13:$K$52)/100 -> 0 | DJ55: =SUMPRODUCT(DK$13:DK$52,QCI!$K$13:$K$52)/100 -> 0 | DM55: =SUMPRODUCT(DN$13:DN$52,QCI!$K$13:$K$52)/100 -> 0 | DP55: =SUMPRODUCT(DQ$13:DQ$52,QCI!$K$13:$K$52)/100 -> 0 | DS55: =SUMPRODUCT(DT$13:DT$52,QCI!$K$13:$K$52)/100 -> 0 | DV55: =SUMPRODUCT(DW$13:DW$52,QCI!$K$13:$K$52)/100 -> 0 | DY55: =SUMPRODUCT(DZ$13:DZ$52,QCI!$K$13:$K$52)/100 -> 0 | EB55: =SUMPRODUCT(EC$13:EC$52,QCI!$K$13:$K$52)/100 -> 0 | EE55: =SUMPRODUCT(EF$13:EF$52,QCI!$K$13:$K$52)/100 -> 0 | EH55: =SUMPRODUCT(EI$13:EI$52,QCI!$K$13:$K$52)/100 -> 0 | EK55: =SUMPRODUCT(EL$13:EL$52,QCI!$K$13:$K$52)/100 -> 0 | EN55: =SUMPRODUCT(EO$13:EO$52,QCI!$K$13:$K$52)/100 -> 0 | EQ55: =SUMPRODUCT(ER$13:ER$52,QCI!$K$13:$K$52)/100 -> 0 | ET55: =SUMPRODUCT(EU$13:EU$52,QCI!$K$13:$K$52)/100 -> 0 | EW55: =SUMPRODUCT(EX$13:EX$52,QCI!$K$13:$K$52)/100 -> 0 | EZ55: =SUMPRODUCT(FA$13:FA$52,QCI!$K$13:$K$52)/100 -> 0 | FC55: =SUMPRODUCT(FD$13:FD$52,QCI!$K$13:$K$52)/100 -> 0 | FF55: =SUMPRODUCT(FG$13:FG$52,QCI!$K$13:$K$52)/100 -> 0 | FI55: =SUMPRODUCT(FJ$13:FJ$52,QCI!$K$13:$K$52)/100 -> 0 | FL55: =SUMPRODUCT(FM$13:FM$52,QCI!$K$13:$K$52)/100 -> 0 | FO55: =SUMPRODUCT(FP$13:FP$52,QCI!$K$13:$K$52)/100 -> 0 | FR55: =SUMPRODUCT(FS$13:FS$52,QCI!$K$13:$K$52)/100 -> 0 | FU55: =SUMPRODUCT(FV$13:FV$52,QCI!$K$13:$K$52)/100 -> 0 | FX55: =SUMPRODUCT(FY$13:FY$52,QCI!$K$13:$K$52)/100 -> 0 | GA55: =SUMPRODUCT(GB$13:GB$52,QCI!$K$13:$K$52)/100 -> 0 | GD55: =SUMPRODUCT(GE$13:GE$52,QCI!$K$13:$K$52)/100 -> 0 | GG55: =SUMPRODUCT(GH$13:GH$52,QCI!$K$13:$K$52)/100 -> 0 | GJ55: =SUMPRODUCT(GK$13:GK$52,QCI!$K$13:$K$52)/100 -> 0 | GM55: =SUMPRODUCT(GN$13:GN$52,QCI!$K$13:$K$52)/100 -> 0 | GP55: =SUMPRODUCT(GQ$13:GQ$52,QCI!$K$13:$K$52)/100 -> 0 | GS55: =SUMPRODUCT(GT$13:GT$52,QCI!$K$13:$K$52)/100 -> 0 | GV55: =SUMPRODUCT(GW$13:GW$52,QCI!$K$13:$K$52)/100 -> 0 | GY55: =SUMPRODUCT(GZ$13:GZ$52,QCI!$K$13:$K$52)/100 -> 0 | HB55: =SUMPRODUCT(HC$13:HC$52,QCI!$K$13:$K$52)/100 -> 0 | HE55: =SUMPRODUCT(HF$13:HF$52,QCI!$K$13:$K$52)/100 -> 0 | HH55: =SUMPRODUCT(HI$13:HI$52,QCI!$K$13:$K$52)/100 -> 0 | HK55: =SUMPRODUCT(HL$13:HL$52,QCI!$K$13:$K$52)/100 -> 0 | HN55: =SUMPRODUCT(HO$13:HO$52,QCI!$K$13:$K$52)/100 -> 0 | HQ55: =SUMPRODUCT(HR$13:HR$52,QCI!$K$13:$K$52)/100 -> 0 | HT55: =SUMPRODUCT(HU$13:HU$52,QCI!$K$13:$K$52)/100 -> 0 | HW55: =SUMPRODUCT(HX$13:HX$52,QCI!$K$13:$K$52)/100 -> 0 | HZ55: =SUMPRODUCT(IA$13:IA$52,QCI!$K$13:$K$52)/100 -> 0 | IC55: =SUMPRODUCT(ID$13:ID$52,QCI!$K$13:$K$52)/100 -> 0 | IF55: =SUMPRODUCT(IG$13:IG$52,QCI!$K$13:$K$52)/100 -> 0 | II55: =SUMPRODUCT(IJ$13:IJ$52,QCI!$K$13:$K$52)/100 -> 0 | IL55: =SUMPRODUCT(IM$13:IM$52,QCI!$K$13:$K$52)/100 -> 0 | IO55: =SUMPRODUCT(IP$13:IP$52,QCI!$K$13:$K$52)/100 -> 0 | IR55: =SUMPRODUCT(IS$13:IS$52,QCI!$K$13:$K$52)/100 -> 0 | IU55: =SUMPRODUCT(IV$13:IV$52,QCI!$K$13:$K$52)/100 -> 0
B56: Outras Fontes | C56: =SUM($E$56:$IV$56) -> 0 | F56: =SUMPRODUCT(G$13:G$52,QCI!$L$13:$L$52)/100 -> 0 | I56: =SUMPRODUCT(J$13:J$52,QCI!$L$13:$L$52)/100 -> 0 | L56: =SUMPRODUCT(M$13:M$52,QCI!$L$13:$L$52)/100 -> 0 | O56: =SUMPRODUCT(P$13:P$52,QCI!$L$13:$L$52)/100 -> 0 | R56: =SUMPRODUCT(S$13:S$52,QCI!$L$13:$L$52)/100 -> 0 | U56: =SUMPRODUCT(V$13:V$52,QCI!$L$13:$L$52)/100 -> 0 | X56: =SUMPRODUCT(Y$13:Y$52,QCI!$L$13:$L$52)/100 -> 0 | AA56: =SUMPRODUCT(AB$13:AB$52,QCI!$L$13:$L$52)/100 -> 0 | AD56: =SUMPRODUCT(AE$13:AE$52,QCI!$L$13:$L$52)/100 -> 0 | AG56: =SUMPRODUCT(AH$13:AH$52,QCI!$L$13:$L$52)/100 -> 0 | AJ56: =SUMPRODUCT(AK$13:AK$52,QCI!$L$13:$L$52)/100 -> 0 | AM56: =SUMPRODUCT(AN$13:AN$52,QCI!$L$13:$L$52)/100 -> 0 | AP56: =SUMPRODUCT(AQ$13:AQ$52,QCI!$L$13:$L$52)/100 -> 0 | AS56: =SUMPRODUCT(AT$13:AT$52,QCI!$L$13:$L$52)/100 -> 0 | AV56: =SUMPRODUCT(AW$13:AW$52,QCI!$L$13:$L$52)/100 -> 0 | AY56: =SUMPRODUCT(AZ$13:AZ$52,QCI!$L$13:$L$52)/100 -> 0 | BB56: =SUMPRODUCT(BC$13:BC$52,QCI!$L$13:$L$52)/100 -> 0 | BE56: =SUMPRODUCT(BF$13:BF$52,QCI!$L$13:$L$52)/100 -> 0 | BH56: =SUMPRODUCT(BI$13:BI$52,QCI!$L$13:$L$52)/100 -> 0 | BK56: =SUMPRODUCT(BL$13:BL$52,QCI!$L$13:$L$52)/100 -> 0 | BN56: =SUMPRODUCT(BO$13:BO$52,QCI!$L$13:$L$52)/100 -> 0 | BQ56: =SUMPRODUCT(BR$13:BR$52,QCI!$L$13:$L$52)/100 -> 0 | BT56: =SUMPRODUCT(BU$13:BU$52,QCI!$L$13:$L$52)/100 -> 0 | BW56: =SUMPRODUCT(BX$13:BX$52,QCI!$L$13:$L$52)/100 -> 0 | BZ56: =SUMPRODUCT(CA$13:CA$52,QCI!$L$13:$L$52)/100 -> 0 | CC56: =SUMPRODUCT(CD$13:CD$52,QCI!$L$13:$L$52)/100 -> 0 | CF56: =SUMPRODUCT(CG$13:CG$52,QCI!$L$13:$L$52)/100 -> 0 | CI56: =SUMPRODUCT(CJ$13:CJ$52,QCI!$L$13:$L$52)/100 -> 0 | CL56: =SUMPRODUCT(CM$13:CM$52,QCI!$L$13:$L$52)/100 -> 0 | CO56: =SUMPRODUCT(CP$13:CP$52,QCI!$L$13:$L$52)/100 -> 0 | CR56: =SUMPRODUCT(CS$13:CS$52,QCI!$L$13:$L$52)/100 -> 0 | CU56: =SUMPRODUCT(CV$13:CV$52,QCI!$L$13:$L$52)/100 -> 0 | CX56: =SUMPRODUCT(CY$13:CY$52,QCI!$L$13:$L$52)/100 -> 0 | DA56: =SUMPRODUCT(DB$13:DB$52,QCI!$L$13:$L$52)/100 -> 0 | DD56: =SUMPRODUCT(DE$13:DE$52,QCI!$L$13:$L$52)/100 -> 0 | DG56: =SUMPRODUCT(DH$13:DH$52,QCI!$L$13:$L$52)/100 -> 0 | DJ56: =SUMPRODUCT(DK$13:DK$52,QCI!$L$13:$L$52)/100 -> 0 | DM56: =SUMPRODUCT(DN$13:DN$52,QCI!$L$13:$L$52)/100 -> 0 | DP56: =SUMPRODUCT(DQ$13:DQ$52,QCI!$L$13:$L$52)/100 -> 0 | DS56: =SUMPRODUCT(DT$13:DT$52,QCI!$L$13:$L$52)/100 -> 0 | DV56: =SUMPRODUCT(DW$13:DW$52,QCI!$L$13:$L$52)/100 -> 0 | DY56: =SUMPRODUCT(DZ$13:DZ$52,QCI!$L$13:$L$52)/100 -> 0 | EB56: =SUMPRODUCT(EC$13:EC$52,QCI!$L$13:$L$52)/100 -> 0 | EE56: =SUMPRODUCT(EF$13:EF$52,QCI!$L$13:$L$52)/100 -> 0 | EH56: =SUMPRODUCT(EI$13:EI$52,QCI!$L$13:$L$52)/100 -> 0 | EK56: =SUMPRODUCT(EL$13:EL$52,QCI!$L$13:$L$52)/100 -> 0 | EN56: =SUMPRODUCT(EO$13:EO$52,QCI!$L$13:$L$52)/100 -> 0 | EQ56: =SUMPRODUCT(ER$13:ER$52,QCI!$L$13:$L$52)/100 -> 0 | ET56: =SUMPRODUCT(EU$13:EU$52,QCI!$L$13:$L$52)/100 -> 0 | EW56: =SUMPRODUCT(EX$13:EX$52,QCI!$L$13:$L$52)/100 -> 0 | EZ56: =SUMPRODUCT(FA$13:FA$52,QCI!$L$13:$L$52)/100 -> 0 | FC56: =SUMPRODUCT(FD$13:FD$52,QCI!$L$13:$L$52)/100 -> 0 | FF56: =SUMPRODUCT(FG$13:FG$52,QCI!$L$13:$L$52)/100 -> 0 | FI56: =SUMPRODUCT(FJ$13:FJ$52,QCI!$L$13:$L$52)/100 -> 0 | FL56: =SUMPRODUCT(FM$13:FM$52,QCI!$L$13:$L$52)/100 -> 0 | FO56: =SUMPRODUCT(FP$13:FP$52,QCI!$L$13:$L$52)/100 -> 0 | FR56: =SUMPRODUCT(FS$13:FS$52,QCI!$L$13:$L$52)/100 -> 0 | FU56: =SUMPRODUCT(FV$13:FV$52,QCI!$L$13:$L$52)/100 -> 0 | FX56: =SUMPRODUCT(FY$13:FY$52,QCI!$L$13:$L$52)/100 -> 0 | GA56: =SUMPRODUCT(GB$13:GB$52,QCI!$L$13:$L$52)/100 -> 0 | GD56: =SUMPRODUCT(GE$13:GE$52,QCI!$L$13:$L$52)/100 -> 0 | GG56: =SUMPRODUCT(GH$13:GH$52,QCI!$L$13:$L$52)/100 -> 0 | GJ56: =SUMPRODUCT(GK$13:GK$52,QCI!$L$13:$L$52)/100 -> 0 | GM56: =SUMPRODUCT(GN$13:GN$52,QCI!$L$13:$L$52)/100 -> 0 | GP56: =SUMPRODUCT(GQ$13:GQ$52,QCI!$L$13:$L$52)/100 -> 0 | GS56: =SUMPRODUCT(GT$13:GT$52,QCI!$L$13:$L$52)/100 -> 0 | GV56: =SUMPRODUCT(GW$13:GW$52,QCI!$L$13:$L$52)/100 -> 0 | GY56: =SUMPRODUCT(GZ$13:GZ$52,QCI!$L$13:$L$52)/100 -> 0 | HB56: =SUMPRODUCT(HC$13:HC$52,QCI!$L$13:$L$52)/100 -> 0 | HE56: =SUMPRODUCT(HF$13:HF$52,QCI!$L$13:$L$52)/100 -> 0 | HH56: =SUMPRODUCT(HI$13:HI$52,QCI!$L$13:$L$52)/100 -> 0 | HK56: =SUMPRODUCT(HL$13:HL$52,QCI!$L$13:$L$52)/100 -> 0 | HN56: =SUMPRODUCT(HO$13:HO$52,QCI!$L$13:$L$52)/100 -> 0 | HQ56: =SUMPRODUCT(HR$13:HR$52,QCI!$L$13:$L$52)/100 -> 0 | HT56: =SUMPRODUCT(HU$13:HU$52,QCI!$L$13:$L$52)/100 -> 0 | HW56: =SUMPRODUCT(HX$13:HX$52,QCI!$L$13:$L$52)/100 -> 0 | HZ56: =SUMPRODUCT(IA$13:IA$52,QCI!$L$13:$L$52)/100 -> 0 | IC56: =SUMPRODUCT(ID$13:ID$52,QCI!$L$13:$L$52)/100 -> 0 | IF56: =SUMPRODUCT(IG$13:IG$52,QCI!$L$13:$L$52)/100 -> 0 | II56: =SUMPRODUCT(IJ$13:IJ$52,QCI!$L$13:$L$52)/100 -> 0 | IL56: =SUMPRODUCT(IM$13:IM$52,QCI!$L$13:$L$52)/100 -> 0 | IO56: =SUMPRODUCT(IP$13:IP$52,QCI!$L$13:$L$52)/100 -> 0 | IR56: =SUMPRODUCT(IS$13:IS$52,QCI!$L$13:$L$52)/100 -> 0 | IU56: =SUMPRODUCT(IV$13:IV$52,QCI!$L$13:$L$52)/100 -> 0
B57: Repasse | C57: =SUM($E$57:$IV$57) -> 0 | E57: =E$53 -> 0 | H57: =H$53 -> 0 | K57: =K$53 -> 0 | N57: =N$53 -> 0 | Q57: =Q$53 -> 0 | T57: =T$53 -> 0 | W57: =W$53 -> 0 | Z57: =Z$53 -> 0 | AC57: =AC$53 -> 0 | AF57: =AF$53 -> 0 | AI57: =AI$53 -> 0 | AL57: =AL$53 -> 0 | AO57: =AO$53 -> 0 | AR57: =AR$53 -> 0 | AU57: =AU$53 -> 0 | AX57: =AX$53 -> 0 | BA57: =BA$53 -> 0 | BD57: =BD$53 -> 0 | BG57: =BG$53 -> 0 | BJ57: =BJ$53 -> 0 | BM57: =BM$53 -> 0 | BP57: =BP$53 -> 0 | BS57: =BS$53 -> 0 | BV57: =BV$53 -> 0 | BY57: =BY$53 -> 0 | CB57: =CB$53 -> 0 | CE57: =CE$53 -> 0 | CH57: =CH$53 -> 0 | CK57: =CK$53 -> 0 | CN57: =CN$53 -> 0 | CQ57: =CQ$53 -> 0 | CT57: =CT$53 -> 0 | CW57: =CW$53 -> 0 | CZ57: =CZ$53 -> 0 | DC57: =DC$53 -> 0 | DF57: =DF$53 -> 0 | DI57: =DI$53 -> 0 | DL57: =DL$53 -> 0 | DO57: =DO$53 -> 0 | DR57: =DR$53 -> 0 | DU57: =DU$53 -> 0 | DX57: =DX$53 -> 0 | EA57: =EA$53 -> 0 | ED57: =ED$53 -> 0 | EG57: =EG$53 -> 0 | EJ57: =EJ$53 -> 0 | EM57: =EM$53 -> 0 | EP57: =EP$53 -> 0 | ES57: =ES$53 -> 0 | EV57: =EV$53 -> 0 | EY57: =EY$53 -> 0 | FB57: =FB$53 -> 0 | FE57: =FE$53 -> 0 | FH57: =FH$53 -> 0 | FK57: =FK$53 -> 0 | FN57: =FN$53 -> 0 | FQ57: =FQ$53 -> 0 | FT57: =FT$53 -> 0 | FW57: =FW$53 -> 0 | FZ57: =FZ$53 -> 0 | GC57: =GC$53 -> 0 | GF57: =GF$53 -> 0 | GI57: =GI$53 -> 0 | GL57: =GL$53 -> 0 | GO57: =GO$53 -> 0 | GR57: =GR$53 -> 0 | GU57: =GU$53 -> 0 | GX57: =GX$53 -> 0 | HA57: =HA$53 -> 0 | HD57: =HD$53 -> 0 | HG57: =HG$53 -> 0 | HJ57: =HJ$53 -> 0 | HM57: =HM$53 -> 0 | HP57: =HP$53 -> 0 | HS57: =HS$53 -> 0 | HV57: =HV$53 -> 0 | HY57: =HY$53 -> 0 | IB57: =IB$53 -> 0 | IE57: =IE$53 -> 0 | IH57: =IH$53 -> 0 | IK57: =IK$53 -> 0 | IN57: =IN$53 -> 0 | IQ57: =IQ$53 -> 0 | IT57: =IT$53 -> 0
B58: Total | C58: =SUM($E$58:$IV$58) -> 354825.53 | E58: =SUM(E$53:F$53) -> 82778.904 | H58: =SUM(H$53:I$53) -> 103862.74 | K58: =SUM(K$53:L$53) -> 103862.74 | N58: =SUM(N$53:O$53) -> 64321.141 | Q58: =SUM(Q$53:R$53) -> 0 | T58: =SUM(T$53:U$53) -> 0 | W58: =SUM(W$53:X$53) -> 0 | Z58: =SUM(Z$53:AA$53) -> 0 | AC58: =SUM(AC$53:AD$53) -> 0 | AF58: =SUM(AF$53:AG$53) -> 0 | AI58: =SUM(AI$53:AJ$53) -> 0 | AL58: =SUM(AL$53:AM$53) -> 0 | AO58: =SUM(AO$53:AP$53) -> 0 | AR58: =SUM(AR$53:AS$53) -> 0 | AU58: =SUM(AU$53:AV$53) -> 0 | AX58: =SUM(AX$53:AY$53) -> 0 | BA58: =SUM(BA$53:BB$53) -> 0 | BD58: =SUM(BD$53:BE$53) -> 0 | BG58: =SUM(BG$53:BH$53) -> 0 | BJ58: =SUM(BJ$53:BK$53) -> 0 | BM58: =SUM(BM$53:BN$53) -> 0 | BP58: =SUM(BP$53:BQ$53) -> 0 | BS58: =SUM(BS$53:BT$53) -> 0 | BV58: =SUM(BV$53:BW$53) -> 0 | BY58: =SUM(BY$53:BZ$53) -> 0 | CB58: =SUM(CB$53:CC$53) -> 0 | CE58: =SUM(CE$53:CF$53) -> 0 | CH58: =SUM(CH$53:CI$53) -> 0 | CK58: =SUM(CK$53:CL$53) -> 0 | CN58: =SUM(CN$53:CO$53) -> 0 | CQ58: =SUM(CQ$53:CR$53) -> 0 | CT58: =SUM(CT$53:CU$53) -> 0 | CW58: =SUM(CW$53:CX$53) -> 0 | CZ58: =SUM(CZ$53:DA$53) -> 0 | DC58: =SUM(DC$53:DD$53) -> 0 | DF58: =SUM(DF$53:DG$53) -> 0 | DI58: =SUM(DI$53:DJ$53) -> 0 | DL58: =SUM(DL$53:DM$53) -> 0 | DO58: =SUM(DO$53:DP$53) -> 0 | DR58: =SUM(DR$53:DS$53) -> 0 | DU58: =SUM(DU$53:DV$53) -> 0 | DX58: =SUM(DX$53:DY$53) -> 0 | EA58: =SUM(EA$53:EB$53) -> 0 | ED58: =SUM(ED$53:EE$53) -> 0 | EG58: =SUM(EG$53:EH$53) -> 0 | EJ58: =SUM(EJ$53:EK$53) -> 0 | EM58: =SUM(EM$53:EN$53) -> 0 | EP58: =SUM(EP$53:EQ$53) -> 0 | ES58: =SUM(ES$53:ET$53) -> 0 | EV58: =SUM(EV$53:EW$53) -> 0 | EY58: =SUM(EY$53:EZ$53) -> 0 | FB58: =SUM(FB$53:FC$53) -> 0 | FE58: =SUM(FE$53:FF$53) -> 0 | FH58: =SUM(FH$53:FI$53) -> 0 | FK58: =SUM(FK$53:FL$53) -> 0 | FN58: =SUM(FN$53:FO$53) -> 0 | FQ58: =SUM(FQ$53:FR$53) -> 0 | FT58: =SUM(FT$53:FU$53) -> 0 | FW58: =SUM(FW$53:FX$53) -> 0 | FZ58: =SUM(FZ$53:GA$53) -> 0 | GC58: =SUM(GC$53:GD$53) -> 0 | GF58: =SUM(GF$53:GG$53) -> 0 | GI58: =SUM(GI$53:GJ$53) -> 0 | GL58: =SUM(GL$53:GM$53) -> 0 | GO58: =SUM(GO$53:GP$53) -> 0 | GR58: =SUM(GR$53:GS$53) -> 0 | GU58: =SUM(GU$53:GV$53) -> 0 | GX58: =SUM(GX$53:GY$53) -> 0 | HA58: =SUM(HA$53:HB$53) -> 0 | HD58: =SUM(HD$53:HE$53) -> 0 | HG58: =SUM(HG$53:HH$53) -> 0 | HJ58: =SUM(HJ$53:HK$53) -> 0 | HM58: =SUM(HM$53:HN$53) -> 0 | HP58: =SUM(HP$53:HQ$53) -> 0 | HS58: =SUM(HS$53:HT$53) -> 0 | HV58: =SUM(HV$53:HW$53) -> 0 | HY58: =SUM(HY$53:HZ$53) -> 0 | IB58: =SUM(IB$53:IC$53) -> 0 | IE58: =SUM(IE$53:IF$53) -> 0 | IH58: =SUM(IH$53:II$53) -> 0 | IK58: =SUM(IK$53:IL$53) -> 0 | IN58: =SUM(IN$53:IO$53) -> 0 | IQ58: =SUM(IQ$53:IR$53) -> 0 | IT58: =SUM(IT$53:IU$53) -> 0
B59: =$C$58 -> 354825.53 | H59: =H$53+E$53 -> 0 | I59: =I$53+F$53 -> 186641.65 | J59: =J$53+G$53 -> 52.600963 | K59: =K$53+H$59 -> 0 | L59: =L$53+I$59 -> 290504.39 | M59: =M$53+J$59 -> 81.87246 | N59: =N$53+K$59 -> 0 | O59: =O$53+L$59 -> 354825.53 | P59: =P$53+M$59 -> 100 | Q59: =Q$53+N$59 -> 0 | R59: =R$53+O$59 -> 354825.53 | ... IV59: =IV$53+IS$59 -> 100
A69: Prefeito | H69: Responsável Técnico | N69: Responsável Técnico | R69: 43535 | W69: Responsável Técnico | AC69: Responsável Técnico | AL69: Responsável Técnico | AR69: Responsável Técnico | BA69: Responsável Técnico | BG69: Responsável Técnico | BP69: Responsável Técnico | BV69: Responsável Técnico | CE69: Responsável Técnico | CK69: Responsável Técnico | CT69: Responsável Técnico | CZ69: Responsável Técnico | DI69: Responsável Técnico | DO69: Responsável Técnico | DX69: Responsável Técnico | ED69: Responsável Técnico | EM69: Responsável Técnico | ES69: Responsável Técnico | FB69: Responsável Técnico | FH69: Responsável Técnico | FQ69: Responsável Técnico | FW69: Responsável Técnico | GF69: Responsável Técnico | GL69: Responsável Técnico | GU69: Responsável Técnico | HA69: Responsável Técnico | HJ69: Responsável Técnico | HP69: Responsável Técnico | HY69: Responsável Técnico | IE69: Responsável Técnico
A70: Nome: | B70: =QCI!$C$61 -> 0 | H70: Nome: | N70: Nome: | R70: Data | W70: Nome: | X70: =$I$70 -> 0 | AC70: Nome: | AD70: =$O$70 -> 0 | AL70: Nome: | AM70: =$I$70 -> 0 | AR70: Nome: | AS70: =$O$70 -> 0 | BA70: Nome: | BB70: =$I$70 -> 0 | BG70: Nome: | BH70: =$O$70 -> 0 | BP70: Nome: | BQ70: =$I$70 -> 0 | BV70: Nome: | BW70: =$O$70 -> 0 | CE70: Nome: | CF70: =$I$70 -> 0 | CK70: Nome: | CL70: =$O$70 -> 0 | CT70: Nome: | CU70: =$I$70 -> 0 | CZ70: Nome: | DA70: =$O$70 -> 0 | DI70: Nome: | DJ70: =$I$70 -> 0 | DO70: Nome: | DP70: =$O$70 -> 0 | DX70: Nome: | DY70: =$I$70 -> 0 | ED70: Nome: | EE70: =$O$70 -> 0 | EM70: Nome: | EN70: =$I$70 -> 0 | ES70: Nome: | ET70: =$O$70 -> 0 | FB70: Nome: | FC70: =$I$70 -> 0 | FH70: Nome: | FI70: =$O$70 -> 0 | FQ70: Nome: | FR70: =$I$70 -> 0 | FW70: Nome: | FX70: =$O$70 -> 0 | GF70: Nome: | GG70: =$I$70 -> 0 | GL70: Nome: | GM70: =$O$70 -> 0 | GU70: Nome: | GV70: =$I$70 -> 0 | HA70: Nome: | HB70: =$O$70 -> 0 | HJ70: Nome: | HK70: =$I$70 -> 0 | HP70: Nome: | HQ70: =$O$70 -> 0 | HY70: Nome: | HZ70: =$I$70 -> 0 | IE70: Nome: | IF70: =$O$70 -> 0
A71: CPF | B71: =QCI!$C$62 -> 0 | H71: Registro: | N71: Registro: | W71: Registro: | X71: =$I$71 -> 0 | AC71: Registro: | AD71: =$O$71 -> 0 | AL71: Registro: | AM71: =$I$71 -> 0 | AR71: Registro: | AS71: =$O$71 -> 0 | BA71: Registro: | BB71: =$I$71 -> 0 | BG71: Registro: | BH71: =$O$71 -> 0 | BP71: Registro: | BQ71: =$I$71 -> 0 | BV71: Registro: | BW71: =$O$71 -> 0 | CE71: Registro: | CF71: =$I$71 -> 0 | CK71: Registro: | CL71: =$O$71 -> 0 | CT71: Registro: | CU71: =$I$71 -> 0 | CZ71: Registro: | DA71: =$O$71 -> 0 | DI71: Registro: | DJ71: =$I$71 -> 0 | DO71: Registro: | DP71: =$O$71 -> 0 | DX71: Registro: | DY71: =$I$71 -> 0 | ED71: Registro: | EE71: =$O$71 -> 0 | EM71: Registro: | EN71: =$I$71 -> 0 | ES71: Registro: | ET71: =$O$71 -> 0 | FB71: Registro: | FC71: =$I$71 -> 0 | FH71: Registro: | FI71: =$O$71 -> 0 | FQ71: Registro: | FR71: =$I$71 -> 0 | FW71: Registro: | FX71: =$O$71 -> 0 | GF71: Registro: | GG71: =$I$71 -> 0 | GL71: Registro: | GM71: =$O$71 -> 0 | GU71: Registro: | GV71: =$I$71 -> 0 | HA71: Registro: | HB71: =$O$71 -> 0 | HJ71: Registro: | HK71: =$I$71 -> 0 | HP71: Registro: | HQ71: =$O$71 -> 0 | HY71: Registro: | HZ71: =$I$71 -> 0 | IE71: Registro: | IF71: =$O$71 -> 0
